Workbook
Name Data_eBldr_OpenPO: 'e.Builder Open PO Amts 08.28'!$H$6:$O$291
Name Data_PO_List: 'PurchaseOrders.List-OCT'!$A$8:$E$260

Sheet Summary
B3: Balance
A4: FY25 New Construction Commitments - FYTD | B4: ='PO New and CO Review'!Q3 -> 966109.88 | C4: PO New and CO Review'!A1
A6: Timing:
A7: Reviewed 07/01/25 - 10/17/2025 BVSD Board meetings for outstanding items approved but not reflected in the system, none identified
A9: Adjusted FY25 New Construction Commitments FYTD | B9: =SUM(B4:B8) -> 966109.88

Sheet PO New and CO Review
L1: take out retention
B2: Copy and paste from Pivot Table - Vlookup for PO Date - Sort PO Date Newest - Oldest | H2: =H3='PurchaseOrders.List-JUL'!E6 -> TRUE | L2: =L3='PO TOTALS'!H3 -> TRUE | Q2: New FY 26 YTD construction commitments | T2: Filter Out: "Addtnl Line / CO"
H3: =SUBTOTAL(9,H8:H252) -> 1.8458423e+08 | I3: =SUBTOTAL(9,I8:I213) -> 0 | J3: =SUBTOTAL(9,J8:J252) -> 1.8458423e+08 | L3: =SUBTOTAL(9,L8:L252) -> 1.8555034e+08 | M3: =SUBTOTAL(9,M8:M252) -> 966109.88 | O3: =SUBTOTAL(9,O8:O252) -> 0 | P3: =SUBTOTAL(9,P8:P252) -> 966109.88 | Q3: =SUM(O3:P3) -> 966109.88 | T3: Pivot Table for as of 08/28 Data
M5: Evaluated changes from Pos dated before 07/01 over $5k
B7: Purchase Order | C7: DistributionAccount. FinanceDimension1 | D7: DistributionAccount. Project | E7: Vendor | F7: (Vendor.VendorName translation) | G7: Purchase Order Date | H7: PO Total 07/01/25 | I7: Timing Adj to 6/30/25 | J7: Adjusted PO Total | K7: PO Date Match? | L7: PO Total 10/17/2025 | M7: Diff | N7: Notes | O7: Confirmed as Change Order | P7: New PO - Dt >= 07/01
B8: 465170 | C8: 41 | D8: 505-2201 | E8: 10320 | F8: GROUND Engineering Consultants, Inc. | G8: 45947 | H8: N/A | J8: =SUM(H8:I8) -> 0 | K8: =G8=VLOOKUP(B8,'PO TOTALS'!$B$5:$I$257,4,FALSE) -> TRUE | L8: 0 | M8: =L8-J8 -> 0 | P8: =IF(G8>=DATE(2025,7,1),L8,"PO Date < 07/01") -> 0 | U8: Row Labels | V8: DistributionAccount.X | W8: DistributionAccount. | X8: Vendor | Y8: (Vendor.VendorName translation) | Z8: Sum of PO Total 07.01.25 | AA8: Sum of PO Total at 10.17.25
B9: 465141 | C9: 41 | D9: 360-2201 | E9: 24829 | F9: Career And Technical Training, LLC | G9: 45938 | H9: N/A | J9: =SUM(H9:I9) -> 0 | K9: =G9=VLOOKUP(B9,'PO TOTALS'!$B$5:$I$257,4,FALSE) -> TRUE | L9: 4350 | M9: =L9-J9 -> 4350 | P9: =IF(G9>=DATE(2025,7,1),L9,"PO Date < 07/01") -> 4350 | U9: 460529 | V9: 41 | W9: 3.1412.153 | X9: 10309 | Y9: FCI Constructors, Inc. | Z9: 249513.25 | AA9: 249513.25
B10: 465134 | C10: 41 | D10: 340-2201 | E10: 24761 | F10: SynDaver EDU Inc. | G10: 45937 | H10: N/A | J10: =SUM(H10:I10) -> 0 | K10: =G10=VLOOKUP(B10,'PO TOTALS'!$B$5:$I$257,4,FALSE) -> TRUE | L10: 9955.85 | M10: =L10-J10 -> 9955.85 | P10: =IF(G10>=DATE(2025,7,1),L10,"PO Date < 07/01") -> 9955.85 | U10: 461650 | V10: 41 | W10: 196-2201 | X10: 16779 | Y10: Albireo Energy | Z10: 29617 | AA10: 29617
B11: 465108 | C11: 41 | D11: 270-2201 | E11: 22952 | F11: Ninyo & Moore Geotechnical & Environmental Sciences Consultants | G11: 45929 | H11: N/A | J11: =SUM(H11:I11) -> 0 | K11: =G11=VLOOKUP(B11,'PO TOTALS'!$B$5:$I$257,4,FALSE) -> TRUE | L11: 10205 | M11: =L11-J11 -> 10205 | P11: =IF(G11>=DATE(2025,7,1),L11,"PO Date < 07/01") -> 10205 | U11: 461652 | V11: 41 | W11: 925-2201 | X11: 16779 | Y11: Albireo Energy | Z11: 30060 | AA11: 30060
B12: 465091 | C12: 41 | D12: 506-2201 | E12: 29264 | F12: AJI Fence Ltd. | G12: 45926 | H12: N/A | J12: =SUM(H12:I12) -> 0 | K12: =G12=VLOOKUP(B12,'PO TOTALS'!$B$5:$I$257,4,FALSE) -> TRUE | L12: 1435 | M12: =L12-J12 -> 1435 | P12: =IF(G12>=DATE(2025,7,1),L12,"PO Date < 07/01") -> 1435 | U12: 461653 | V12: 41 | W12: 185-2201 | X12: 16779 | Y12: Albireo Energy | Z12: 24901 | AA12: 24901
B13: 465041 | C13: 41 | D13: 230-2201 | E13: 10419 | F13: GEORGE T SANDERS COMPANY | G13: 45917 | H13: N/A | J13: =SUM(H13:I13) -> 0 | K13: =G13=VLOOKUP(B13,'PO TOTALS'!$B$5:$I$257,4,FALSE) -> TRUE | L13: 18889.88 | M13: =L13-J13 -> 18889.88 | P13: =IF(G13>=DATE(2025,7,1),L13,"PO Date < 07/01") -> 18889.88 | U13: 461654 | V13: 41 | W13: 270-2201 | X13: 16779 | Y13: Albireo Energy | Z13: 37447 | AA13: 37447
B14: 465048 | C14: 41 | D14: 315-2201 | E14: 29215 | F14: Encore Electric, Inc. | G14: 45917 | H14: N/A | J14: =SUM(H14:I14) -> 0 | K14: =G14=VLOOKUP(B14,'PO TOTALS'!$B$5:$I$257,4,FALSE) -> TRUE | L14: 3604.96 | M14: =L14-J14 -> 3604.96 | P14: =IF(G14>=DATE(2025,7,1),L14,"PO Date < 07/01") -> 3604.96 | U14: 461655 | V14: 41 | W14: 131-2201 | X14: 16779 | Y14: Albireo Energy | Z14: 33595 | AA14: 33595
B15: 465049 | C15: 41 | D15: 502-2201 | E15: 29215 | F15: Encore Electric, Inc. | G15: 45917 | H15: N/A | J15: =SUM(H15:I15) -> 0 | K15: =G15=VLOOKUP(B15,'PO TOTALS'!$B$5:$I$257,4,FALSE) -> TRUE | L15: 6304.96 | M15: =L15-J15 -> 6304.96 | P15: =IF(G15>=DATE(2025,7,1),L15,"PO Date < 07/01") -> 6304.96 | U15: 461656 | V15: 41 | W15: 180-2201 | X15: 16779 | Y15: Albireo Energy | Z15: 37465 | AA15: 37465
B16: 465050 | C16: 41 | D16: 360-2201 | E16: 29215 | F16: Encore Electric, Inc. | G16: 45917 | H16: N/A | J16: =SUM(H16:I16) -> 0 | K16: =G16=VLOOKUP(B16,'PO TOTALS'!$B$5:$I$257,4,FALSE) -> TRUE | L16: 6304.96 | M16: =L16-J16 -> 6304.96 | P16: =IF(G16>=DATE(2025,7,1),L16,"PO Date < 07/01") -> 6304.96 | U16: 461657 | V16: 41 | W16: 252-2201 | X16: 16779 | Y16: Albireo Energy | Z16: 6546 | AA16: 6546
B17: 465033 | C17: 41 | D17: 971-2201 | E17: 29207 | F17: Equalized Productions LLC | G17: 45912 | H17: N/A | J17: =SUM(H17:I17) -> 0 | K17: =G17=VLOOKUP(B17,'PO TOTALS'!$B$5:$I$257,4,FALSE) -> TRUE | L17: 159256 | M17: =L17-J17 -> 159256 | P17: =IF(G17>=DATE(2025,7,1),L17,"PO Date < 07/01") -> 159256 | U17: 461658 | V17: 41 | W17: 340-2201 | X17: 16779 | Y17: Albireo Energy | Z17: 6572 | AA17: 6572
B18: 464985 | C18: 41 | D18: 310-2201 | E18: 28269 | F18: Pavion Corp. | G18: 45904 | H18: N/A | J18: =SUM(H18:I18) -> 0 | K18: =G18=VLOOKUP(B18,'PO TOTALS'!$B$5:$I$257,4,FALSE) -> TRUE | L18: 498.2 | M18: =L18-J18 -> 498.2 | P18: =IF(G18>=DATE(2025,7,1),L18,"PO Date < 07/01") -> 498.2 | U18: 461659 | V18: 41 | W18: 505-2201 | X18: 16779 | Y18: Albireo Energy | Z18: 47144 | AA18: 47144
B19: 464974 | C19: 41 | D19: 350-2201 | E19: 10243 | F19: McKinstry Essention, LLC | G19: 45898 | H19: N/A | J19: =SUM(H19:I19) -> 0 | K19: =G19=VLOOKUP(B19,'PO TOTALS'!$B$5:$I$257,4,FALSE) -> TRUE | L19: 225090 | M19: =L19-J19 -> 225090 | P19: =IF(G19>=DATE(2025,7,1),L19,"PO Date < 07/01") -> 225090 | U19: 461660 | V19: 41 | W19: 120-2201 | X19: 16779 | Y19: Albireo Energy | Z19: 32623 | AA19: 32623
B20: 464969 | C20: 41 | D20: 360-2201 | E20: 10244 | F20: Sport Tech Flooring LLC | G20: 45897 | H20: N/A | J20: =SUM(H20:I20) -> 0 | K20: =G20=VLOOKUP(B20,'PO TOTALS'!$B$5:$I$257,4,FALSE) -> TRUE | L20: 4200 | M20: =L20-J20 -> 4200 | P20: =IF(G20>=DATE(2025,7,1),L20,"PO Date < 07/01") -> 4200 | U20: 461661 | V20: 41 | W20: 979-2201 | X20: 16779 | Y20: Albireo Energy | Z20: 54801 | AA20: 54801
... B29: 464721 | C29: 41 | D29: 503-2201 | E29: 10300 | F29: Pioneer Athletics | G29: 45848 | H29: N/A | J29: =SUM(H29:I29) -> 0 | K29: =G29=VLOOKUP(B29,'PO TOTALS'!$B$5:$I$257,4,FALSE) -> TRUE | L29: 2193.24 | M29: =L29-J29 -> 2193.24 | P29: =IF(G29>=DATE(2025,7,1),L29,"PO Date < 07/01") -> 2193.24 | U29: 461670 | V29: 41 | W29: 164-2201 | X29: 16779 | Y29: Albireo Energy | Z29: 36010 | AA29: 36010
B30: 464672 | C30: 41 | D30: 741-2201 | E30: 10438 | F30: BC Interiors, Inc | G30: 45838 | H30: 12206.44 | J30: =SUM(H30:I30) -> 12206.44 | K30: =G30=VLOOKUP(B30,'PO TOTALS'!$B$5:$I$257,4,FALSE) -> TRUE | L30: 12206.44 | M30: =L30-J30 -> 0 | P30: =IF(G30>=DATE(2025,7,1),L30,"PO Date < 07/01") -> PO Date < 07/01 | U30: 461671 | V30: 41 | W30: 330-2201 | X30: 16779 | Y30: Albireo Energy | Z30: 101790 | AA30: 101790
B31: 464673 | C31: 41 | D31: 360-2201 | E31: 10247 | F31: CDW Government LLC | G31: 45838 | H31: 18565 | J31: =SUM(H31:I31) -> 18565 | K31: =G31=VLOOKUP(B31,'PO TOTALS'!$B$5:$I$257,4,FALSE) -> TRUE | L31: 18565 | M31: =L31-J31 -> 0 | P31: =IF(G31>=DATE(2025,7,1),L31,"PO Date < 07/01") -> PO Date < 07/01 | U31: 461672 | V31: 41 | W31: 130-2201 | X31: 16779 | Y31: Albireo Energy | Z31: 23367 | AA31: 23367
B32: 464643 | C32: 41 | D32: 270-2201 | E32: 27018 | F32: Jensen Hughes, Inc. | G32: 45824 | H32: 10300 | J32: =SUM(H32:I32) -> 10300 | K32: =G32=VLOOKUP(B32,'PO TOTALS'!$B$5:$I$257,4,FALSE) -> TRUE | L32: 10300 | M32: =L32-J32 -> 0 | P32: =IF(G32>=DATE(2025,7,1),L32,"PO Date < 07/01") -> PO Date < 07/01 | U32: 461673 | V32: 41 | W32: 132-2201 | X32: 16779 | Y32: Albireo Energy | Z32: 20830 | AA32: 20830
B33: 464576 | C33: 41 | D33: 360-2201 | E33: 10448 | F33: HSS Inc | G33: 45810 | H33: 36547 | J33: =SUM(H33:I33) -> 36547 | K33: =G33=VLOOKUP(B33,'PO TOTALS'!$B$5:$I$257,4,FALSE) -> TRUE | L33: 36547 | M33: =L33-J33 -> 0 | P33: =IF(G33>=DATE(2025,7,1),L33,"PO Date < 07/01") -> PO Date < 07/01 | U33: 461674 | V33: 41 | W33: 134-2201 | X33: 16779 | Y33: Albireo Energy | Z33: 21931 | AA33: 21931
B34: 464542 | C34: 41 | D34: 360-2201 | E34: 23665 | F34: OS Schools | G34: 45799 | H34: 204938.16 | J34: =SUM(H34:I34) -> 204938.16 | K34: =G34=VLOOKUP(B34,'PO TOTALS'!$B$5:$I$257,4,FALSE) -> TRUE | L34: 204938.16 | M34: =L34-J34 -> 0 | P34: =IF(G34>=DATE(2025,7,1),L34,"PO Date < 07/01") -> PO Date < 07/01 | U34: 461675 | V34: 41 | W34: 141-2201 | X34: 16779 | Y34: Albireo Energy | Z34: 13882 | AA34: 13882
B35: 464523 | C35: 41 | D35: 180-2201 | E35: 10280 | F35: Buehler Companies | G35: 45798 | H35: 12350 | J35: =SUM(H35:I35) -> 12350 | K35: =G35=VLOOKUP(B35,'PO TOTALS'!$B$5:$I$257,4,FALSE) -> TRUE | L35: 12350 | M35: =L35-J35 -> 0 | P35: =IF(G35>=DATE(2025,7,1),L35,"PO Date < 07/01") -> PO Date < 07/01 | U35: 461676 | V35: 41 | W35: 147-2201 | X35: 16779 | Y35: Albireo Energy | Z35: 13882 | AA35: 13882
B36: 464524 | C36: 41 | D36: 340-2201 | E36: 10438 | F36: BC Interiors, Inc | G36: 45798 | H36: 439724.38 | J36: =SUM(H36:I36) -> 439724.38 | K36: =G36=VLOOKUP(B36,'PO TOTALS'!$B$5:$I$257,4,FALSE) -> TRUE | L36: 439724.38 | M36: =L36-J36 -> 0 | P36: =IF(G36>=DATE(2025,7,1),L36,"PO Date < 07/01") -> PO Date < 07/01 | U36: 461677 | V36: 41 | W36: 150-2201 | X36: 16779 | Y36: Albireo Energy | Z36: 22985 | AA36: 22985
B37: 464529 | C37: 41 | D37: 315-2201 | E37: 10247 | F37: CDW Government LLC | G37: 45798 | H37: 17970.25 | J37: =SUM(H37:I37) -> 17970.25 | K37: =G37=VLOOKUP(B37,'PO TOTALS'!$B$5:$I$257,4,FALSE) -> TRUE | L37: 17970.25 | M37: =L37-J37 -> 0 | P37: =IF(G37>=DATE(2025,7,1),L37,"PO Date < 07/01") -> PO Date < 07/01 | U37: 461678 | V37: 41 | W37: 153-2201 | X37: 16779 | Y37: Albireo Energy | Z37: 5198 | AA37: 5198
B38: 464536 | C38: 41 | D38: 230-2201 | E38: 24769 | F38: Accenture Infrastructure and Capital Projects LLC | G38: 45798 | H38: 20691 | J38: =SUM(H38:I38) -> 20691 | K38: =G38=VLOOKUP(B38,'PO TOTALS'!$B$5:$I$257,4,FALSE) -> TRUE | L38: 20691 | M38: =L38-J38 -> 0 | P38: =IF(G38>=DATE(2025,7,1),L38,"PO Date < 07/01") -> PO Date < 07/01 | U38: 461679 | V38: 41 | W38: 502-2201 | X38: 16779 | Y38: Albireo Energy | Z38: 48698 | AA38: 48698
B39: 464537 | C39: 41 | D39: 120-2201 | E39: 24769 | F39: Accenture Infrastructure and Capital Projects LLC | G39: 45798 | H39: 12463 | J39: =SUM(H39:I39) -> 12463 | K39: =G39=VLOOKUP(B39,'PO TOTALS'!$B$5:$I$257,4,FALSE) -> TRUE | L39: 12463 | M39: =L39-J39 -> 0 | P39: =IF(G39>=DATE(2025,7,1),L39,"PO Date < 07/01") -> PO Date < 07/01 | U39: 461680 | V39: 41 | W39: 360-2201 | X39: 16779 | Y39: Albireo Energy | Z39: 82309 | AA39: 82309
B40: 464538 | C40: 41 | D40: 154-2201 | E40: 10274 | F40: United Restaurant Supply, LLC. | G40: 45798 | H40: 24657 | J40: =SUM(H40:I40) -> 24657 | K40: =G40=VLOOKUP(B40,'PO TOTALS'!$B$5:$I$257,4,FALSE) -> TRUE | L40: 24657 | M40: =L40-J40 -> 0 | P40: =IF(G40>=DATE(2025,7,1),L40,"PO Date < 07/01") -> PO Date < 07/01 | U40: 461681 | V40: 41 | W40: 166-2201 | X40: 16779 | Y40: Albireo Energy | Z40: 29180 | AA40: 29180
B41: 464503 | C41: 41 | D41: 147-2201 | E41: 10320 | F41: GROUND Engineering Consultants, Inc. | G41: 45790 | H41: 2295 | J41: =SUM(H41:I41) -> 2295 | K41: =G41=VLOOKUP(B41,'PO TOTALS'!$B$5:$I$257,4,FALSE) -> TRUE | L41: 2295 | M41: =L41-J41 -> 0 | P41: =IF(G41>=DATE(2025,7,1),L41,"PO Date < 07/01") -> PO Date < 07/01 | U41: 461682 | V41: 41 | W41: 509-2201 | X41: 16779 | Y41: Albireo Energy | Z41: 51255 | AA41: 51255
... B88: 464054 | C88: 41 | D88: 330-2201 | E88: 24769 | F88: Accenture Infrastructure and Capital Projects LLC | G88: 45644 | H88: 27838 | J88: =SUM(H88:I88) -> 27838 | K88: =G88=VLOOKUP(B88,'PO TOTALS'!$B$5:$I$257,4,FALSE) -> TRUE | L88: 27838 | M88: =L88-J88 -> 0 | P88: =IF(G88>=DATE(2025,7,1),L88,"PO Date < 07/01") -> PO Date < 07/01 | U88: 462626 | V88: 41 | W88: 506-2201 | X88: 24907 | Y88: Iconergy | Z88: 6850 | AA88: 6850
B89: 464063 | C89: 41 | D89: 979-2201 | E89: 25614 | F89: Eidos Architects PC | G89: 45644 | H89: 94626 | J89: =SUM(H89:I89) -> 94626 | K89: =G89=VLOOKUP(B89,'PO TOTALS'!$B$5:$I$257,4,FALSE) -> TRUE | L89: =189252-94626 -> 94626 | M89: =L89-J89 -> 0 | P89: =IF(G89>=DATE(2025,7,1),L89,"PO Date < 07/01") -> PO Date < 07/01 | U89: 462627 | V89: 41 | W89: 141-2201 | X89: 24907 | Y89: Iconergy | Z89: 2551 | AA89: 2551
B90: 464043 | C90: 41 | D90: 330-2201 | E90: 10320 | F90: GROUND Engineering Consultants, Inc. | G90: 45639 | H90: 25395 | J90: =SUM(H90:I90) -> 25395 | K90: =G90=VLOOKUP(B90,'PO TOTALS'!$B$5:$I$257,4,FALSE) -> TRUE | L90: 25395 | M90: =L90-J90 -> 0 | P90: =IF(G90>=DATE(2025,7,1),L90,"PO Date < 07/01") -> PO Date < 07/01 | U90: 462628 | V90: 41 | W90: 147-2201 | X90: 24907 | Y90: Iconergy | Z90: 2551 | AA90: 2551
B91: 464046 | C91: 41 | D91: 260-2201 | E91: 25614 | F91: Eidos Architects PC | G91: 45639 | H91: 270295 | J91: =SUM(H91:I91) -> 270295 | K91: =G91=VLOOKUP(B91,'PO TOTALS'!$B$5:$I$257,4,FALSE) -> TRUE | L91: 270295 | M91: =L91-J91 -> 0 | P91: =IF(G91>=DATE(2025,7,1),L91,"PO Date < 07/01") -> PO Date < 07/01 | U91: 462631 | V91: 41 | W91: 505-2201 | X91: 24907 | Y91: Iconergy | Z91: 12450 | AA91: 12450
B92: 464047 | C92: 41 | D92: 230-2201 | E92: 25614 | F92: Eidos Architects PC | G92: 45639 | H92: 210209 | J92: =SUM(H92:I92) -> 210209 | K92: =G92=VLOOKUP(B92,'PO TOTALS'!$B$5:$I$257,4,FALSE) -> TRUE | L92: 210209 | M92: =L92-J92 -> 0 | P92: =IF(G92>=DATE(2025,7,1),L92,"PO Date < 07/01") -> PO Date < 07/01 | U92: 462632 | V92: 41 | W92: 315-2201 | X92: 24907 | Y92: Iconergy | Z92: 17920 | AA92: 17920
B93: 464038 | C93: 41 | D93: 330-2201 | E93: 10260 | F93: Flatirons Inc. | G93: 45638 | H93: 14900 | J93: =SUM(H93:I93) -> 14900 | K93: =G93=VLOOKUP(B93,'PO TOTALS'!$B$5:$I$257,4,FALSE) -> TRUE | L93: 14900 | M93: =L93-J93 -> 0 | P93: =IF(G93>=DATE(2025,7,1),L93,"PO Date < 07/01") -> PO Date < 07/01 | U93: 462635 | V93: 41 | W93: 360-2201 | X93: 24907 | Y93: Iconergy | Z93: 33239.57 | AA93: 33239.57
B94: 464028 | C94: 41 | D94: 230-2201 | E94: 27992 | F94: Swinerton Builders | G94: 45637 | H94: 164505 | J94: =SUM(H94:I94) -> 164505 | K94: =G94=VLOOKUP(B94,'PO TOTALS'!$B$5:$I$257,4,FALSE) -> TRUE | L94: 164505 | M94: =L94-J94 -> 0 | P94: =IF(G94>=DATE(2025,7,1),L94,"PO Date < 07/01") -> PO Date < 07/01 | U94: 462636 | V94: 41 | W94: 502-2201 | X94: 24907 | Y94: Iconergy | Z94: 11487 | AA94: 11487
B95: 464029 | C95: 41 | D95: 120-2201 | E95: 25657 | F95: Alliance Construction Solutions, LLC | G95: 45637 | H95: 3000 | J95: =SUM(H95:I95) -> 3000 | K95: =G95=VLOOKUP(B95,'PO TOTALS'!$B$5:$I$257,4,FALSE) -> TRUE | L95: 3000 | M95: =L95-J95 -> 0 | P95: =IF(G95>=DATE(2025,7,1),L95,"PO Date < 07/01") -> PO Date < 07/01 | U95: 462637 | V95: 41 | W95: 120-2201 | X95: 24907 | Y95: Iconergy | Z95: 5994 | AA95: 5994
B96: 464007 | C96: 41 | D96: 154-2201 | E96: 10320 | F96: GROUND Engineering Consultants, Inc. | G96: 45628 | H96: 5390 | J96: =SUM(H96:I96) -> 5390 | K96: =G96=VLOOKUP(B96,'PO TOTALS'!$B$5:$I$257,4,FALSE) -> TRUE | L96: 5390 | M96: =L96-J96 -> 0 | P96: =IF(G96>=DATE(2025,7,1),L96,"PO Date < 07/01") -> PO Date < 07/01 | U96: 462679 | V96: 41 | W96: 315-2201 | X96: 10448 | Y96: HSS Inc | Z96: 9245 | AA96: 9245
B97: 464008 | C97: 41 | D97: 180-2201 | E97: 10320 | F97: GROUND Engineering Consultants, Inc. | G97: 45628 | H97: 9190 | J97: =SUM(H97:I97) -> 9190 | K97: =G97=VLOOKUP(B97,'PO TOTALS'!$B$5:$I$257,4,FALSE) -> TRUE | L97: 9190 | M97: =L97-J97 -> 0 | P97: =IF(G97>=DATE(2025,7,1),L97,"PO Date < 07/01") -> PO Date < 07/01 | U97: 462685 | V97: 41 | W97: 340-2201 | X97: 25157 | Y97: Landmark Environmental Inc | Z97: 47910 | AA97: 47910
B98: 463986 | C98: 41 | D98: 250-2201 | E98: 23484 | F98: Palace Construction Co., Inc. | G98: 45621 | H98: 23239.6 | J98: =SUM(H98:I98) -> 23239.6 | K98: =G98=VLOOKUP(B98,'PO TOTALS'!$B$5:$I$257,4,FALSE) -> TRUE | L98: 23239.6 | M98: =L98-J98 -> 0 | P98: =IF(G98>=DATE(2025,7,1),L98,"PO Date < 07/01") -> PO Date < 07/01 | U98: 462690 | V98: 41 | W98: PLAYGROUNDS-22 | X98: 10368 | Y98: Design Concepts | Z98: 740998 | AA98: 740998
B99: 463987 | C99: 41 | D99: 127-2201 | E99: 23484 | F99: Palace Construction Co., Inc. | G99: 45621 | H99: 5000 | J99: =SUM(H99:I99) -> 5000 | K99: =G99=VLOOKUP(B99,'PO TOTALS'!$B$5:$I$257,4,FALSE) -> TRUE | L99: 5000 | M99: =L99-J99 -> 0 | P99: =IF(G99>=DATE(2025,7,1),L99,"PO Date < 07/01") -> PO Date < 07/01 | U99: 462705 | V99: 41 | W99: 310-2201 | X99: 24769 | Y99: Accenture Infrastructure and Capital Projects LLC | Z99: 243991.3 | AA99: 243991.3
B100: 463988 | C100: 41 | D100: 250-2201 | E100: 25614 | F100: Eidos Architects PC | G100: 45621 | H100: 260890 | J100: =SUM(H100:I100) -> 260890 | K100: =G100=VLOOKUP(B100,'PO TOTALS'!$B$5:$I$257,4,FALSE) -> TRUE | L100: 260890 | M100: =L100-J100 -> 0 | P100: =IF(G100>=DATE(2025,7,1),L100,"PO Date < 07/01") -> PO Date < 07/01 | U100: 462741 | V100: 41 | W100: 340-2201 | X100: 10309 | Y100: FCI Constructors, Inc. | Z100: 21916023 | AA100: 21916023
B101: 463989 | C101: 41 | D101: 127-2201 | E101: 25614 | F101: Eidos Architects PC | G101: 45621 | H101: 145929 | J101: =SUM(H101:I101) -> 145929 | K101: =G101=VLOOKUP(B101,'PO TOTALS'!$B$5:$I$257,4,FALSE) -> TRUE | L101: 145929 | M101: =L101-J101 -> 0 | P101: =IF(G101>=DATE(2025,7,1),L101,"PO Date < 07/01") -> PO Date < 07/01 | U101: 462753 | V101: 41 | W101: 956-2201 | X101: 25101 | Y101: Treanor Inc | Z101: 836932 | AA101: 836932
... B252: 460529 | C252: 41 | D252: 3.1412.153 | E252: 10309 | F252: FCI Constructors, Inc. | G252: 44665 | H252: 249513.25 | J252: =SUM(H252:I252) -> 249513.25 | K252: =G252=VLOOKUP(B252,'PO TOTALS'!$B$5:$I$257,4,FALSE) -> TRUE | L252: 249513.25 | M252: =L252-J252 -> 0 | P252: =IF(G252>=DATE(2025,7,1),L252,"PO Date < 07/01") -> PO Date < 07/01 | U252: 465141 | V252: 41 | W252: 360-2201 | X252: 24829 | Y252: Career And Technical Training, LLC | Z252: 0 | AA252: 4350
U253: 465170 | V253: 41 | W253: 505-2201 | X253: 10320 | Y253: GROUND Engineering Consultants, Inc. | Z253: 0 | AA253: 0
U254: Grand Total | Z254: 1.8458423e+08 | AA254: 1.8564496e+08
Z259: =GETPIVOTDATA("Sum of PO Total 07.01.25",$U$8)='PO TOTALS'!I3 -> TRUE | AA259: =GETPIVOTDATA("Sum of PO Total at 10.17.25",$U$8)='PO TOTALS'!H3 -> FALSE

Sheet PO TOTALS
B1: Copy / Paste both PurchaseOrders.List together - Use 10.17.25 | I1: =I3-'PurchaseOrders.List-JUL'!E6 -> 0
H2: =H3='PurchaseOrders.List-OCT'!E6 -> TRUE | I2: =I3='PurchaseOrders.List-JUL'!E6 -> TRUE
H3: =SUBTOTAL(9,H5:H257) -> 1.8555034e+08 | I3: =SUBTOTAL(9,I5:I257) -> 1.8458423e+08
B4: PurchaseOrder | C4: DistributionAccount. FinanceDimension1 | D4: DistributionAccount. Project | E4: Purchase Order Date | F4: Vendor | G4: (Vendor.VendorName translation) | H4: PO Total at 10.17.25 | I4: PO Total 07.01.25
B5: 465170 | C5: 41 | D5: 505-2201 | E5: 45947 | F5: 10320 | G5: GROUND Engineering Consultants, Inc. | H5: 0 | I5: NA
B6: 465141 | C6: 41 | D6: =VLOOKUP(B6,'SUMMARY 08.28'!$A$7:$E$258,5,0) -> 360-2201 | E6: 45938 | F6: 24829 | G6: Career And Technical Training, LLC | H6: 4350 | I6: NA
B7: 465134 | C7: 41 | D7: =VLOOKUP(B7,'SUMMARY 08.28'!$A$7:$E$258,5,0) -> 340-2201 | E7: 45937 | F7: 24761 | G7: SynDaver EDU Inc. | H7: 9955.85 | I7: NA
B8: 465108 | C8: 41 | D8: =VLOOKUP(B8,'SUMMARY 08.28'!$A$7:$E$258,5,0) -> 270-2201 | E8: 45929 | F8: 22952 | G8: Ninyo & Moore Geotechnical & Environmental Sciences Consultants | H8: 10205 | I8: NA
B9: 465091 | C9: 41 | D9: =VLOOKUP(B9,'SUMMARY 08.28'!$A$7:$E$258,5,0) -> 506-2201 | E9: 45926 | F9: 29264 | G9: AJI Fence Ltd. | H9: 1435 | I9: NA
B10: 465050 | C10: 41 | D10: =VLOOKUP(B10,'SUMMARY 08.28'!$A$7:$E$258,5,0) -> 360-2201 | E10: 45917 | F10: 29215 | G10: Encore Electric, Inc. | H10: 6304.96 | I10: NA
B11: 465049 | C11: 41 | D11: =VLOOKUP(B11,'SUMMARY 08.28'!$A$7:$E$258,5,0) -> 502-2201 | E11: 45917 | F11: 29215 | G11: Encore Electric, Inc. | H11: 6304.96 | I11: NA
B12: 465048 | C12: 41 | D12: =VLOOKUP(B12,'SUMMARY 08.28'!$A$7:$E$258,5,0) -> 315-2201 | E12: 45917 | F12: 29215 | G12: Encore Electric, Inc. | H12: 3604.96 | I12: NA
B13: 465041 | C13: 41 | D13: =VLOOKUP(B13,'SUMMARY 08.28'!$A$7:$E$258,5,0) -> 230-2201 | E13: 45917 | F13: 10419 | G13: GEORGE T SANDERS COMPANY | H13: 18889.88 | I13: NA
B14: 465033 | C14: 41 | D14: =VLOOKUP(B14,'SUMMARY 08.28'!$A$7:$E$258,5,0) -> 971-2201 | E14: 45912 | F14: 29207 | G14: Equalized Productions LLC | H14: 159256 | I14: NA
B15: 464985 | C15: 41 | D15: =VLOOKUP(B15,'SUMMARY 08.28'!$A$7:$E$258,5,0) -> 310-2201 | E15: 45904 | F15: 28269 | G15: Pavion Corp. | H15: 498.2 | I15: NA
B16: 464974 | C16: 41 | D16: =VLOOKUP(B16,'SUMMARY 08.28'!$A$7:$E$258,5,0) -> 350-2201 | E16: 45898 | F16: 10243 | G16: McKinstry Essention, LLC | H16: 225090 | I16: NA
B17: 464974 | C17: 41 | D17: =VLOOKUP(B17,'SUMMARY 08.28'!$A$7:$E$258,5,0) -> 350-2201 | E17: 45898 | F17: 10243 | G17: McKinstry Essention, LLC | H17: 0 | I17: NA
... B28: 464721 | C28: 41 | D28: =VLOOKUP(B28,'SUMMARY 08.28'!$A$7:$E$258,5,0) -> 503-2201 | E28: 45848 | F28: 10300 | G28: Pioneer Athletics | H28: 2193.24 | I28: NA
B29: 464673 | C29: 41 | D29: =VLOOKUP(B29,'SUMMARY 08.28'!$A$7:$E$258,5,0) -> 360-2201 | E29: 45838 | F29: 10247 | G29: CDW Government LLC | H29: 18565 | I29: =VLOOKUP(B29,'PurchaseOrders.List-JUL'!$A$8:$E$238,5,0) -> 18565
B30: 464672 | C30: 41 | D30: =VLOOKUP(B30,'SUMMARY 08.28'!$A$7:$E$258,5,0) -> 741-2201 | E30: 45838 | F30: 10438 | G30: BC Interiors, Inc | H30: 12206.44 | I30: =VLOOKUP(B30,'PurchaseOrders.List-JUL'!$A$8:$E$238,5,0) -> 12206.44
B31: 464643 | C31: 41 | D31: =VLOOKUP(B31,'SUMMARY 08.28'!$A$7:$E$258,5,0) -> 270-2201 | E31: 45824 | F31: 27018 | G31: Jensen Hughes, Inc. | H31: 10300 | I31: =VLOOKUP(B31,'PurchaseOrders.List-JUL'!$A$8:$E$238,5,0) -> 10300
B32: 464576 | C32: 41 | D32: =VLOOKUP(B32,'SUMMARY 08.28'!$A$7:$E$258,5,0) -> 360-2201 | E32: 45810 | F32: 10448 | G32: HSS Inc | H32: 36547 | I32: =VLOOKUP(B32,'PurchaseOrders.List-JUL'!$A$8:$E$238,5,0) -> 36547
B33: 464542 | C33: 41 | D33: =VLOOKUP(B33,'SUMMARY 08.28'!$A$7:$E$258,5,0) -> 360-2201 | E33: 45799 | F33: 23665 | G33: OS Schools | H33: 204938.16 | I33: =VLOOKUP(B33,'PurchaseOrders.List-JUL'!$A$8:$E$238,5,0) -> 204938.16
B34: 464538 | C34: 41 | D34: =VLOOKUP(B34,'SUMMARY 08.28'!$A$7:$E$258,5,0) -> 154-2201 | E34: 45798 | F34: 10274 | G34: United Restaurant Supply, LLC. | H34: 24657 | I34: =VLOOKUP(B34,'PurchaseOrders.List-JUL'!$A$8:$E$238,5,0) -> 24657
B35: 464537 | C35: 41 | D35: =VLOOKUP(B35,'SUMMARY 08.28'!$A$7:$E$258,5,0) -> 120-2201 | E35: 45798 | F35: 24769 | G35: Accenture Infrastructure and Capital Projects LLC | H35: 12463 | I35: =VLOOKUP(B35,'PurchaseOrders.List-JUL'!$A$8:$E$238,5,0) -> 12463
B36: 464536 | C36: 41 | D36: =VLOOKUP(B36,'SUMMARY 08.28'!$A$7:$E$258,5,0) -> 230-2201 | E36: 45798 | F36: 24769 | G36: Accenture Infrastructure and Capital Projects LLC | H36: 20691 | I36: =VLOOKUP(B36,'PurchaseOrders.List-JUL'!$A$8:$E$238,5,0) -> 20691
B37: 464529 | C37: 41 | D37: =VLOOKUP(B37,'SUMMARY 08.28'!$A$7:$E$258,5,0) -> 315-2201 | E37: 45798 | F37: 10247 | G37: CDW Government LLC | H37: 17970.25 | I37: =VLOOKUP(B37,'PurchaseOrders.List-JUL'!$A$8:$E$238,5,0) -> 17970.25
B38: 464524 | C38: 41 | D38: =VLOOKUP(B38,'SUMMARY 08.28'!$A$7:$E$258,5,0) -> 340-2201 | E38: 45798 | F38: 10438 | G38: BC Interiors, Inc | H38: 439724.38 | I38: =VLOOKUP(B38,'PurchaseOrders.List-JUL'!$A$8:$E$238,5,0) -> 439724.38
B39: 464523 | C39: 41 | D39: =VLOOKUP(B39,'SUMMARY 08.28'!$A$7:$E$258,5,0) -> 180-2201 | E39: 45798 | F39: 10280 | G39: Buehler Companies | H39: 12350 | I39: =VLOOKUP(B39,'PurchaseOrders.List-JUL'!$A$8:$E$238,5,0) -> 12350
B40: 464503 | C40: 41 | D40: =VLOOKUP(B40,'SUMMARY 08.28'!$A$7:$E$258,5,0) -> 147-2201 | E40: 45790 | F40: 10320 | G40: GROUND Engineering Consultants, Inc. | H40: 2295 | I40: =VLOOKUP(B40,'PurchaseOrders.List-JUL'!$A$8:$E$238,5,0) -> 2295
... B49: 464423 | C49: 41 | D49: =VLOOKUP(B49,'SUMMARY 08.28'!$A$7:$E$258,5,0) -> 798-2201 | E49: 45775 | F49: 25243 | G49: BVH Architecture | H49: 88800 | I49: =VLOOKUP(B49,'PurchaseOrders.List-JUL'!$A$8:$E$238,5,0) -> 88800
B50: 464423 | C50: 41 | D50: =VLOOKUP(B50,'SUMMARY 08.28'!$A$7:$E$258,5,0) -> 798-2201 | E50: 45775 | F50: 25243 | G50: BVH Architecture | H50: 0 | I50: 0
B51: 464347 | C51: 41 | D51: =VLOOKUP(B51,'SUMMARY 08.28'!$A$7:$E$258,5,0) -> 120-2201 | E51: 45747 | F51: 25243 | G51: BVH Architecture | H51: 114471 | I51: =VLOOKUP(B51,'PurchaseOrders.List-JUL'!$A$8:$E$238,5,0) -> 114471
B52: 464347 | C52: 41 | D52: =VLOOKUP(B52,'SUMMARY 08.28'!$A$7:$E$258,5,0) -> 120-2201 | E52: 45747 | F52: 25243 | G52: BVH Architecture | H52: 0 | I52: 0
B53: 464347 | C53: 41 | D53: =VLOOKUP(B53,'SUMMARY 08.28'!$A$7:$E$258,5,0) -> 120-2201 | E53: 45747 | F53: 25243 | G53: BVH Architecture | H53: 0 | I53: 0
B54: 464347 | C54: 41 | D54: =VLOOKUP(B54,'SUMMARY 08.28'!$A$7:$E$258,5,0) -> 120-2201 | E54: 45747 | F54: 25243 | G54: BVH Architecture | H54: 0 | I54: 0
B55: 464347 | C55: 41 | D55: =VLOOKUP(B55,'SUMMARY 08.28'!$A$7:$E$258,5,0) -> 120-2201 | E55: 45747 | F55: 25243 | G55: BVH Architecture | H55: 0 | I55: 0
B56: 464346 | C56: 41 | D56: =VLOOKUP(B56,'SUMMARY 08.28'!$A$7:$E$258,5,0) -> 505-2201 | E56: 45747 | F56: 25243 | G56: BVH Architecture | H56: 245853 | I56: =VLOOKUP(B56,'PurchaseOrders.List-JUL'!$A$8:$E$238,5,0) -> 245853
B57: 464345 | C57: 41 | D57: =VLOOKUP(B57,'SUMMARY 08.28'!$A$7:$E$258,5,0) -> 505-2201 | E57: 45744 | F57: 25657 | G57: Alliance Construction Solutions, LLC | H57: 3000 | I57: =VLOOKUP(B57,'PurchaseOrders.List-JUL'!$A$8:$E$238,5,0) -> 3000
B58: 464344 | C58: 41 | D58: =VLOOKUP(B58,'SUMMARY 08.28'!$A$7:$E$258,5,0) -> PLAYGROUNDS-22 | E58: 45744 | F58: 10309 | G58: FCI Constructors, Inc. | H58: 26250 | I58: =VLOOKUP(B58,'PurchaseOrders.List-JUL'!$A$8:$E$238,5,0) -> 26250
B59: 464291 | C59: 41 | D59: =VLOOKUP(B59,'SUMMARY 08.28'!$A$7:$E$258,5,0) -> 956-2201 | E59: 45728 | F59: 26046 | G59: BearCom Communication Inc | H59: 265890.13 | I59: =VLOOKUP(B59,'PurchaseOrders.List-JUL'!$A$8:$E$238,5,0) -> 265890.13
B60: 464283 | C60: 41 | D60: =VLOOKUP(B60,'SUMMARY 08.28'!$A$7:$E$258,5,0) -> 360-2201 | E60: 45726 | F60: 28426 | G60: Johnson Commercial Solutions | H60: 85742.05 | I60: =VLOOKUP(B60,'PurchaseOrders.List-JUL'!$A$8:$E$238,5,0) -> 85742.05
B61: 464270 | C61: 41 | D61: =VLOOKUP(B61,'SUMMARY 08.28'!$A$7:$E$258,5,0) -> 158-2201 | E61: 45723 | F61: 10309 | G61: FCI Constructors, Inc. | H61: 372238 | I61: =VLOOKUP(B61,'PurchaseOrders.List-JUL'!$A$8:$E$238,5,0) -> 372238
B62: 464268 | C62: 41 | D62: =VLOOKUP(B62,'SUMMARY 08.28'!$A$7:$E$258,5,0) -> 156-2201 | E62: 45723 | F62: 10309 | G62: FCI Constructors, Inc. | H62: 365734.21 | I62: =VLOOKUP(B62,'PurchaseOrders.List-JUL'!$A$8:$E$238,5,0) -> 365734.21
B63: 464266 | C63: 41 | D63: =VLOOKUP(B63,'SUMMARY 08.28'!$A$7:$E$258,5,0) -> 502-2201 | E63: 45723 | F63: 10309 | G63: FCI Constructors, Inc. | H63: 302796.61 | I63: =VLOOKUP(B63,'PurchaseOrders.List-JUL'!$A$8:$E$238,5,0) -> 302796.61
B64: 464265 | C64: 41 | D64: =VLOOKUP(B64,'SUMMARY 08.28'!$A$7:$E$258,5,0) -> 505-2201 | E64: 45723 | F64: 10309 | G64: FCI Constructors, Inc. | H64: 525355.67 | I64: =VLOOKUP(B64,'PurchaseOrders.List-JUL'!$A$8:$E$238,5,0) -> 525355.67
B65: 464264 | C65: 41 | D65: =VLOOKUP(B65,'SUMMARY 08.28'!$A$7:$E$258,5,0) -> 506-2201 | E65: 45723 | F65: 10309 | G65: FCI Constructors, Inc. | H65: 343441.73 | I65: =VLOOKUP(B65,'PurchaseOrders.List-JUL'!$A$8:$E$238,5,0) -> 343441.73
B66: 464260 | C66: 41 | D66: =VLOOKUP(B66,'SUMMARY 08.28'!$A$7:$E$258,5,0) -> 254-2201 | E66: 45723 | F66: 10320 | G66: GROUND Engineering Consultants, Inc. | H66: 8570 | I66: =VLOOKUP(B66,'PurchaseOrders.List-JUL'!$A$8:$E$238,5,0) -> 8570
B67: 464259 | C67: 41 | D67: =VLOOKUP(B67,'SUMMARY 08.28'!$A$7:$E$258,5,0) -> 503-2201 | E67: 45723 | F67: 28303 | G67: Mammoth Sports Construction, LLC | H67: 1132894 | I67: =VLOOKUP(B67,'PurchaseOrders.List-JUL'!$A$8:$E$238,5,0) -> 1132894
... B92: 464063 | C92: 41 | D92: =VLOOKUP(B92,'SUMMARY 08.28'!$A$7:$E$258,5,0) -> 979-2201 | E92: 45644 | F92: 25614 | G92: Eidos Architects PC | H92: 94626 | I92: =VLOOKUP(B92,'PurchaseOrders.List-JUL'!$A$8:$E$238,5,0) -> 94626
B93: 464063 | C93: 41 | D93: =VLOOKUP(B93,'SUMMARY 08.28'!$A$7:$E$258,5,0) -> 979-2201 | E93: 45644 | F93: 25614 | G93: Eidos Architects PC | H93: 0 | I93: 0
B94: 464054 | C94: 41 | D94: =VLOOKUP(B94,'SUMMARY 08.28'!$A$7:$E$258,5,0) -> 330-2201 | E94: 45644 | F94: 24769 | G94: Accenture Infrastructure and Capital Projects LLC | H94: 27838 | I94: =VLOOKUP(B94,'PurchaseOrders.List-JUL'!$A$8:$E$238,5,0) -> 27838
B95: 464047 | C95: 41 | D95: =VLOOKUP(B95,'SUMMARY 08.28'!$A$7:$E$258,5,0) -> 230-2201 | E95: 45639 | F95: 25614 | G95: Eidos Architects PC | H95: 210209 | I95: =VLOOKUP(B95,'PurchaseOrders.List-JUL'!$A$8:$E$238,5,0) -> 210209
B96: 464046 | C96: 41 | D96: =VLOOKUP(B96,'SUMMARY 08.28'!$A$7:$E$258,5,0) -> 260-2201 | E96: 45639 | F96: 25614 | G96: Eidos Architects PC | H96: 270295 | I96: =VLOOKUP(B96,'PurchaseOrders.List-JUL'!$A$8:$E$238,5,0) -> 270295
B97: 464043 | C97: 41 | D97: =VLOOKUP(B97,'SUMMARY 08.28'!$A$7:$E$258,5,0) -> 330-2201 | E97: 45639 | F97: 10320 | G97: GROUND Engineering Consultants, Inc. | H97: 25395 | I97: =VLOOKUP(B97,'PurchaseOrders.List-JUL'!$A$8:$E$238,5,0) -> 25395
B98: 464038 | C98: 41 | D98: =VLOOKUP(B98,'SUMMARY 08.28'!$A$7:$E$258,5,0) -> 330-2201 | E98: 45638 | F98: 10260 | G98: Flatirons Inc. | H98: 14900 | I98: =VLOOKUP(B98,'PurchaseOrders.List-JUL'!$A$8:$E$238,5,0) -> 14900
B99: 464029 | C99: 41 | D99: =VLOOKUP(B99,'SUMMARY 08.28'!$A$7:$E$258,5,0) -> 120-2201 | E99: 45637 | F99: 25657 | G99: Alliance Construction Solutions, LLC | H99: 3000 | I99: =VLOOKUP(B99,'PurchaseOrders.List-JUL'!$A$8:$E$238,5,0) -> 3000
B100: 464028 | C100: 41 | D100: =VLOOKUP(B100,'SUMMARY 08.28'!$A$7:$E$258,5,0) -> 230-2201 | E100: 45637 | F100: 27992 | G100: Swinerton Builders | H100: 164505 | I100: =VLOOKUP(B100,'PurchaseOrders.List-JUL'!$A$8:$E$238,5,0) -> 164505
B101: 464008 | C101: 41 | D101: =VLOOKUP(B101,'SUMMARY 08.28'!$A$7:$E$258,5,0) -> 180-2201 | E101: 45628 | F101: 10320 | G101: GROUND Engineering Consultants, Inc. | H101: 9190 | I101: =VLOOKUP(B101,'PurchaseOrders.List-JUL'!$A$8:$E$238,5,0) -> 9190
B102: 464007 | C102: 41 | D102: =VLOOKUP(B102,'SUMMARY 08.28'!$A$7:$E$258,5,0) -> 154-2201 | E102: 45628 | F102: 10320 | G102: GROUND Engineering Consultants, Inc. | H102: 5390 | I102: =VLOOKUP(B102,'PurchaseOrders.List-JUL'!$A$8:$E$238,5,0) -> 5390
B103: 463992 | C103: 41 | D103: =VLOOKUP(B103,'SUMMARY 08.28'!$A$7:$E$258,5,0) -> 270-2201 | E103: 45621 | F103: 16643 | G103: MOA ARCHITECTURE | H103: 203408 | I103: =VLOOKUP(B103,'PurchaseOrders.List-JUL'!$A$8:$E$238,5,0) -> 203408
B104: 463991 | C104: 41 | D104: =VLOOKUP(B104,'SUMMARY 08.28'!$A$7:$E$258,5,0) -> 330-2201 | E104: 45621 | F104: 16643 | G104: MOA ARCHITECTURE | H104: 1194955 | I104: =VLOOKUP(B104,'PurchaseOrders.List-JUL'!$A$8:$E$238,5,0) -> 1194955
B105: 463990 | C105: 41 | D105: =VLOOKUP(B105,'SUMMARY 08.28'!$A$7:$E$258,5,0) -> 505-2201 | E105: 45621 | F105: 25657 | G105: Alliance Construction Solutions, LLC | H105: 3000 | I105: =VLOOKUP(B105,'PurchaseOrders.List-JUL'!$A$8:$E$238,5,0) -> 3000
... B257: 460529 | C257: 41 | D257: =VLOOKUP(B257,'SUMMARY 08.28'!$A$7:$E$258,5,0) -> 3.1412.153 | E257: 44665 | F257: 10309 | G257: FCI Constructors, Inc. | H257: 249513.25 | I257: =VLOOKUP(B257,'PurchaseOrders.List-JUL'!$A$8:$E$238,5,0) -> 249513.25

Sheet SUMMARY 08.28
L1: ='PurchaseOrders.List-JUL'!E6-'SUMMARY 08.28'!L4 -> 0 | N1: =N4-'e.Builder Open PO Amts 10.21.25'!M5 -> 0
H2: =H4=PurchaseOrderLineDistribution!H6 -> TRUE | L2: =L4='PurchaseOrders.List-JUL'!E6 -> TRUE | N2: =N4='e.Builder Open PO Amts 10.21.25'!M5 -> TRUE | P2: Invoice Hold e.Builder - Needs to be entered & paid Infor
A3: PurchaseOrderLineDistribution | H3: Infor Current Total | I3: PurchaseOrders.List | L3: Infor Calculate Total Amount | N3: eBuilder 10.21.25 | P3: Unreleased Invoice Infor | Entered in e.Builder | R3: 0
H4: =SUBTOTAL(9,H7:H258) -> 40757735 | L4: =SUBTOTAL(9,L7:L277) -> 1.8458423e+08 | N4: =SUBTOTAL(9,N7:N258) -> 41238653 | O4: =SUBTOTAL(9,O7:O235) -> -477432.99 | P4: Pending CO in e.Builder | Not Approved Infor
C5: LOC | D5: OBJECT | E5: PROJECT | F5: FUND | G5: PROG | H5: PO OPEN AMT BY PO LINE ITEM | L5: TOTAL PO AMOUNT | P5: Split Funded
A6: PurchaseOrder | B6: Purchase Order Line | C6: DistributionAccount. AccountingUnit | D6: DistributionAccount. GeneralLedgerChartAccount | E6: DistributionAccount. Project | F6: DistributionAccount. FinanceDimension1 | G6: DistributionAccount. FinanceDimension4 | H6: ReportCurrencyAmount. FunctionalAmount. EnteredCurrencyAmount | I6: Purchase Order Date | J6: Vendor | K6: (Vendor.VendorName translation) | L6: Calculate Total Amount | M6: (DerivedPurchaseOrder Status translation) | N6: Vlookup e.Builder Open PO Amts | O6: Diff | P6: NOTES
A7: 465141 | B7: 1 | C7: 360 | D7: 0733 | E7: 360-2201 | F7: 41 | G7: 4000 | H7: 4350 | I7: =IF(A7=A6,"Addtnl Line / CO",VLOOKUP(A7,'PurchaseOrders.List-OCT'!$A$8:$E$259,2,0)) -> 45938 | J7: =IF(A7=A6,"Addtnl Line / CO",VLOOKUP(A7,Data_PO_List,3,0)) -> 24829 | K7: =IF(A7=A6,"Addtnl Line / CO",VLOOKUP(A7,Data_PO_List,4,0)) -> Career And Technical Training, LLC | L7: NA | M7: =IF(A7=A6,"Addtnl Line / CO",VLOOKUP(A7,'PurchaseOrders.List-OCT'!$A$7:$F$260,6,0)) -> Emailed | N7: =VLOOKUP(A7, 'e.Builder Open PO Amts 10.21.25'!$F$7:$M$263,8,FALSE) -> 4350 | O7: =H7-N7 -> 0
A8: 465134 | B8: 1 | C8: 340 | D8: 0733 | E8: 340-2201 | F8: 41 | G8: 4000 | H8: 9955.85 | I8: =IF(A8=A7,"Addtnl Line / CO",VLOOKUP(A8,'PurchaseOrders.List-OCT'!$A$8:$E$259,2,0)) -> 45937 | J8: =IF(A8=A7,"Addtnl Line / CO",VLOOKUP(A8,Data_PO_List,3,0)) -> 24761 | K8: =IF(A8=A7,"Addtnl Line / CO",VLOOKUP(A8,Data_PO_List,4,0)) -> SynDaver EDU Inc. | L8: NA | M8: =IF(A8=A7,"Addtnl Line / CO",VLOOKUP(A8,'PurchaseOrders.List-OCT'!$A$7:$F$260,6,0)) -> Emailed | N8: =VLOOKUP(A8, 'e.Builder Open PO Amts 10.21.25'!$F$7:$M$263,8,FALSE) -> 9955.85 | O8: =H8-N8 -> 0
A9: 465108 | B9: 1 | C9: 270 | D9: 0454 | E9: 270-2201 | F9: 41 | G9: 4000 | H9: 10205 | I9: =IF(A9=A8,"Addtnl Line / CO",VLOOKUP(A9,'PurchaseOrders.List-OCT'!$A$8:$E$259,2,0)) -> 45929 | J9: =IF(A9=A8,"Addtnl Line / CO",VLOOKUP(A9,Data_PO_List,3,0)) -> 22952 | K9: =IF(A9=A8,"Addtnl Line / CO",VLOOKUP(A9,Data_PO_List,4,0)) -> Ninyo & Moore Geotechnical & Environmental Sciences Consultants | L9: NA | M9: =IF(A9=A8,"Addtnl Line / CO",VLOOKUP(A9,'PurchaseOrders.List-OCT'!$A$7:$F$260,6,0)) -> Emailed | N9: =VLOOKUP(A9, 'e.Builder Open PO Amts 10.21.25'!$F$7:$M$263,8,FALSE) -> 10205 | O9: =H9-N9 -> 0
A10: 465091 | B10: 1 | C10: 506 | D10: 0714 | E10: 506-2201 | F10: 41 | G10: 4000 | H10: 1435 | I10: =IF(A10=A9,"Addtnl Line / CO",VLOOKUP(A10,'PurchaseOrders.List-OCT'!$A$8:$E$259,2,0)) -> 45926 | J10: =IF(A10=A9,"Addtnl Line / CO",VLOOKUP(A10,Data_PO_List,3,0)) -> 29264 | K10: =IF(A10=A9,"Addtnl Line / CO",VLOOKUP(A10,Data_PO_List,4,0)) -> AJI Fence Ltd. | L10: NA | M10: =IF(A10=A9,"Addtnl Line / CO",VLOOKUP(A10,'PurchaseOrders.List-OCT'!$A$7:$F$260,6,0)) -> Emailed | N10: =VLOOKUP(A10, 'e.Builder Open PO Amts 10.21.25'!$F$7:$M$263,8,FALSE) -> 1435 | O10: =H10-N10 -> 0
A11: 465050 | B11: 1 | C11: 360 | D11: 0450 | E11: 360-2201 | F11: 41 | G11: 4000 | H11: 6304.96 | I11: =IF(A11=A10,"Addtnl Line / CO",VLOOKUP(A11,'PurchaseOrders.List-OCT'!$A$8:$E$259,2,0)) -> 45917 | J11: =IF(A11=A10,"Addtnl Line / CO",VLOOKUP(A11,Data_PO_List,3,0)) -> 29215 | K11: =IF(A11=A10,"Addtnl Line / CO",VLOOKUP(A11,Data_PO_List,4,0)) -> Encore Electric, Inc. | L11: NA | M11: =IF(A11=A10,"Addtnl Line / CO",VLOOKUP(A11,'PurchaseOrders.List-OCT'!$A$7:$F$260,6,0)) -> Emailed | N11: =VLOOKUP(A11, 'e.Builder Open PO Amts 10.21.25'!$F$7:$M$263,8,FALSE) -> 6304.96 | O11: =H11-N11 -> 0
A12: 465049 | B12: 1 | C12: 502 | D12: 0450 | E12: 502-2201 | F12: 41 | G12: 4000 | H12: 6304.96 | I12: =IF(A12=A11,"Addtnl Line / CO",VLOOKUP(A12,'PurchaseOrders.List-OCT'!$A$8:$E$259,2,0)) -> 45917 | J12: =IF(A12=A11,"Addtnl Line / CO",VLOOKUP(A12,Data_PO_List,3,0)) -> 29215 | K12: =IF(A12=A11,"Addtnl Line / CO",VLOOKUP(A12,Data_PO_List,4,0)) -> Encore Electric, Inc. | L12: NA | M12: =IF(A12=A11,"Addtnl Line / CO",VLOOKUP(A12,'PurchaseOrders.List-OCT'!$A$7:$F$260,6,0)) -> Emailed | N12: =VLOOKUP(A12, 'e.Builder Open PO Amts 10.21.25'!$F$7:$M$263,8,FALSE) -> 6304.96 | O12: =H12-N12 -> 0
A13: 465048 | B13: 1 | C13: 315 | D13: 0450 | E13: 315-2201 | F13: 41 | G13: 4000 | H13: 3604.96 | I13: =IF(A13=A12,"Addtnl Line / CO",VLOOKUP(A13,'PurchaseOrders.List-OCT'!$A$8:$E$259,2,0)) -> 45917 | J13: =IF(A13=A12,"Addtnl Line / CO",VLOOKUP(A13,Data_PO_List,3,0)) -> 29215 | K13: =IF(A13=A12,"Addtnl Line / CO",VLOOKUP(A13,Data_PO_List,4,0)) -> Encore Electric, Inc. | L13: NA | M13: =IF(A13=A12,"Addtnl Line / CO",VLOOKUP(A13,'PurchaseOrders.List-OCT'!$A$7:$F$260,6,0)) -> Emailed | N13: =VLOOKUP(A13, 'e.Builder Open PO Amts 10.21.25'!$F$7:$M$263,8,FALSE) -> 3604.96 | O13: =H13-N13 -> 0
A14: 465041 | B14: 1 | C14: 230 | D14: 0735 | E14: 230-2201 | F14: 41 | G14: 4000 | H14: 18889.88 | I14: =IF(A14=A13,"Addtnl Line / CO",VLOOKUP(A14,'PurchaseOrders.List-OCT'!$A$8:$E$259,2,0)) -> 45917 | J14: =IF(A14=A13,"Addtnl Line / CO",VLOOKUP(A14,Data_PO_List,3,0)) -> 10419 | K14: =IF(A14=A13,"Addtnl Line / CO",VLOOKUP(A14,Data_PO_List,4,0)) -> GEORGE T SANDERS COMPANY | L14: NA | M14: =IF(A14=A13,"Addtnl Line / CO",VLOOKUP(A14,'PurchaseOrders.List-OCT'!$A$7:$F$260,6,0)) -> Emailed | N14: =VLOOKUP(A14, 'e.Builder Open PO Amts 10.21.25'!$F$7:$M$263,8,FALSE) -> 18889.88 | O14: =H14-N14 -> 0
A15: 465033 | B15: 1 | C15: 971 | D15: 0723 | E15: 971-2201 | F15: 41 | G15: 4000 | H15: 159256 | I15: =IF(A15=A14,"Addtnl Line / CO",VLOOKUP(A15,'PurchaseOrders.List-OCT'!$A$8:$E$259,2,0)) -> 45912 | J15: =IF(A15=A14,"Addtnl Line / CO",VLOOKUP(A15,Data_PO_List,3,0)) -> 29207 | K15: =IF(A15=A14,"Addtnl Line / CO",VLOOKUP(A15,Data_PO_List,4,0)) -> Equalized Productions LLC | L15: NA | M15: =IF(A15=A14,"Addtnl Line / CO",VLOOKUP(A15,'PurchaseOrders.List-OCT'!$A$7:$F$260,6,0)) -> Emailed | N15: =VLOOKUP(A15, 'e.Builder Open PO Amts 10.21.25'!$F$7:$M$263,8,FALSE) -> 159256 | O15: =H15-N15 -> 0
A16: 464985 | B16: 1 | C16: 310 | D16: 0610 | E16: 310-2201 | F16: 41 | G16: 4000 | H16: 498.2 | I16: =IF(A16=A15,"Addtnl Line / CO",VLOOKUP(A16,'PurchaseOrders.List-OCT'!$A$8:$E$259,2,0)) -> 45904 | J16: =IF(A16=A15,"Addtnl Line / CO",VLOOKUP(A16,Data_PO_List,3,0)) -> 28269 | K16: =IF(A16=A15,"Addtnl Line / CO",VLOOKUP(A16,Data_PO_List,4,0)) -> Pavion Corp. | L16: NA | M16: =IF(A16=A15,"Addtnl Line / CO",VLOOKUP(A16,'PurchaseOrders.List-OCT'!$A$7:$F$260,6,0)) -> Emailed | N16: =VLOOKUP(A16, 'e.Builder Open PO Amts 10.21.25'!$F$7:$M$263,8,FALSE) -> 498.2 | O16: =H16-N16 -> 0
A17: 464974 | B17: 4 | C17: 350 | D17: 0722 | E17: 350-2201 | F17: 41 | G17: 4000 | H17: 109315 | I17: =IF(A17=A16,"Addtnl Line / CO",VLOOKUP(A17,'PurchaseOrders.List-OCT'!$A$8:$E$259,2,0)) -> 45898 | J17: =IF(A17=A16,"Addtnl Line / CO",VLOOKUP(A17,Data_PO_List,3,0)) -> 10243 | K17: =IF(A17=A16,"Addtnl Line / CO",VLOOKUP(A17,Data_PO_List,4,0)) -> McKinstry Essention, LLC | L17: NA | M17: =IF(A17=A16,"Addtnl Line / CO",VLOOKUP(A17,'PurchaseOrders.List-OCT'!$A$7:$F$260,6,0)) -> Emailed | N17: =VLOOKUP(A17, 'e.Builder Open PO Amts 10.21.25'!$F$7:$M$263,8,FALSE) -> 178543.7 | O17: =(H17+H18+H19)-N17 -> 0
A18: 464974 | B18: 3 | C18: 350 | D18: 0722 | E18: 350-2201 | F18: 41 | G18: 4000 | H18: 62697 | I18: =IF(A18=A17,"Addtnl Line / CO",VLOOKUP(A18,'PurchaseOrders.List-OCT'!$A$8:$E$259,2,0)) -> Addtnl Line / CO | J18: =IF(A18=A17,"Addtnl Line / CO",VLOOKUP(A18,Data_PO_List,3,0)) -> Addtnl Line / CO | K18: =IF(A18=A17,"Addtnl Line / CO",VLOOKUP(A18,Data_PO_List,4,0)) -> Addtnl Line / CO | L18: =IF(A18=A17,"Addtnl Line / CO",VLOOKUP(A18,'PurchaseOrders.List-JUL'!$A$8:$F$239,5,0)) -> Addtnl Line / CO | M18: =IF(A18=A17,"Addtnl Line / CO",VLOOKUP(A18,'PurchaseOrders.List-OCT'!$A$7:$F$260,6,0)) -> Addtnl Line / CO | O18: 0
A19: 464974 | B19: 1 | C19: 350 | D19: 0722 | E19: 350-2201 | F19: 41 | G19: 4000 | H19: 6531.7 | I19: =IF(A19=A18,"Addtnl Line / CO",VLOOKUP(A19,'PurchaseOrders.List-OCT'!$A$8:$E$259,2,0)) -> Addtnl Line / CO | J19: =IF(A19=A18,"Addtnl Line / CO",VLOOKUP(A19,Data_PO_List,3,0)) -> Addtnl Line / CO | K19: =IF(A19=A18,"Addtnl Line / CO",VLOOKUP(A19,Data_PO_List,4,0)) -> Addtnl Line / CO | L19: =IF(A19=A18,"Addtnl Line / CO",VLOOKUP(A19,'PurchaseOrders.List-JUL'!$A$8:$F$239,5,0)) -> Addtnl Line / CO | M19: =IF(A19=A18,"Addtnl Line / CO",VLOOKUP(A19,'PurchaseOrders.List-OCT'!$A$7:$F$260,6,0)) -> Addtnl Line / CO | O19: 0
A20: 464971 | B20: 1 | C20: 119 | D20: 0452 | E20: 119-2201 | F20: 41 | G20: 4000 | H20: 9800 | I20: =IF(A20=A19,"Addtnl Line / CO",VLOOKUP(A20,'PurchaseOrders.List-OCT'!$A$8:$E$259,2,0)) -> 45897 | J20: =IF(A20=A19,"Addtnl Line / CO",VLOOKUP(A20,Data_PO_List,3,0)) -> 24907 | K20: =IF(A20=A19,"Addtnl Line / CO",VLOOKUP(A20,Data_PO_List,4,0)) -> Iconergy | L20: NA | M20: =IF(A20=A19,"Addtnl Line / CO",VLOOKUP(A20,'PurchaseOrders.List-OCT'!$A$7:$F$260,6,0)) -> Emailed | N20: =VLOOKUP(A20, 'e.Builder Open PO Amts 10.21.25'!$F$7:$M$263,8,FALSE) -> 9800 | O20: =H20-N20 -> 0
A21: 464969 | B21: 1 | C21: 360 | D21: 0450 | E21: 360-2201 | F21: 41 | G21: 4000 | H21: 4200 | I21: =IF(A21=A20,"Addtnl Line / CO",VLOOKUP(A21,'PurchaseOrders.List-OCT'!$A$8:$E$259,2,0)) -> 45897 | J21: =IF(A21=A20,"Addtnl Line / CO",VLOOKUP(A21,Data_PO_List,3,0)) -> 10244 | K21: =IF(A21=A20,"Addtnl Line / CO",VLOOKUP(A21,Data_PO_List,4,0)) -> Sport Tech Flooring LLC | L21: NA | M21: =IF(A21=A20,"Addtnl Line / CO",VLOOKUP(A21,'PurchaseOrders.List-OCT'!$A$7:$F$260,6,0)) -> Emailed | N21: =VLOOKUP(A21, 'e.Builder Open PO Amts 10.21.25'!$F$7:$M$263,8,FALSE)+5328 -> 9528 | O21: =H21-N21 -> -5328
A22: 464898 | B22: 1 | C22: 154 | D22: 0733 | E22: 154-2201 | F22: 41 | G22: 4000 | H22: 108019.04 | I22: =IF(A22=A21,"Addtnl Line / CO",VLOOKUP(A22,'PurchaseOrders.List-OCT'!$A$8:$E$259,2,0)) -> 45883 | J22: =IF(A22=A21,"Addtnl Line / CO",VLOOKUP(A22,Data_PO_List,3,0)) -> 26847 | K22: =IF(A22=A21,"Addtnl Line / CO",VLOOKUP(A22,Data_PO_List,4,0)) -> Meteor Education | L22: NA | M22: =IF(A22=A21,"Addtnl Line / CO",VLOOKUP(A22,'PurchaseOrders.List-OCT'!$A$7:$F$260,6,0)) -> Emailed | N22: =VLOOKUP(A22, 'e.Builder Open PO Amts 10.21.25'!$F$7:$M$263,8,FALSE) -> 108019.04 | O22: =H22-N22 -> 0
A23: 464897 | B23: 1 | C23: 119 | D23: 0723 | E23: 119-2201 | F23: 41 | G23: 4000 | H23: 15017.39 | I23: =IF(A23=A22,"Addtnl Line / CO",VLOOKUP(A23,'PurchaseOrders.List-OCT'!$A$8:$E$259,2,0)) -> 45883 | J23: =IF(A23=A22,"Addtnl Line / CO",VLOOKUP(A23,Data_PO_List,3,0)) -> 25300 | K23: =IF(A23=A22,"Addtnl Line / CO",VLOOKUP(A23,Data_PO_List,4,0)) -> U.S. Engineering Service LLC | L23: NA | M23: =IF(A23=A22,"Addtnl Line / CO",VLOOKUP(A23,'PurchaseOrders.List-OCT'!$A$7:$F$260,6,0)) -> Emailed | N23: =VLOOKUP(A23, 'e.Builder Open PO Amts 10.21.25'!$F$7:$M$263,8,FALSE) -> 15017.39 | O23: =H23-N23 -> 0
A24: 464896 | B24: 1 | C24: 127 | D24: 0430 | E24: 127-2201 | F24: 41 | G24: 4000 | H24: 7454.4 | I24: =IF(A24=A23,"Addtnl Line / CO",VLOOKUP(A24,'PurchaseOrders.List-OCT'!$A$8:$E$259,2,0)) -> 45883 | J24: =IF(A24=A23,"Addtnl Line / CO",VLOOKUP(A24,Data_PO_List,3,0)) -> 10220 | K24: =IF(A24=A23,"Addtnl Line / CO",VLOOKUP(A24,Data_PO_List,4,0)) -> Bronco Fire Alarm Systems, Inc. | L24: NA | M24: =IF(A24=A23,"Addtnl Line / CO",VLOOKUP(A24,'PurchaseOrders.List-OCT'!$A$7:$F$260,6,0)) -> Emailed | N24: 14908.8 | O24: =H24-N24 -> -7454.4
A25: 464815 | B25: 1 | C25: 503 | D25: 0452 | E25: 503-2201 | F25: 41 | G25: 4000 | H25: 2219.02 | I25: =IF(A25=A24,"Addtnl Line / CO",VLOOKUP(A25,'PurchaseOrders.List-OCT'!$A$8:$E$259,2,0)) -> 45875 | J25: =IF(A25=A24,"Addtnl Line / CO",VLOOKUP(A25,Data_PO_List,3,0)) -> 24907 | K25: =IF(A25=A24,"Addtnl Line / CO",VLOOKUP(A25,Data_PO_List,4,0)) -> Iconergy | L25: NA | M25: =IF(A25=A24,"Addtnl Line / CO",VLOOKUP(A25,'PurchaseOrders.List-OCT'!$A$7:$F$260,6,0)) -> Printed | N25: 70726.02 | O25: =H25-N25 -> -68507 | P25: Commitments not in eBuilder: 462498, 462500, 462501, 462503, 462508, 462510, 462633, 462634
A26: 464814 | B26: 1 | C26: 340 | D26: 0452 | E26: 340-2201 | F26: 41 | G26: 4000 | H26: 24609.5 | I26: =IF(A26=A25,"Addtnl Line / CO",VLOOKUP(A26,'PurchaseOrders.List-OCT'!$A$8:$E$259,2,0)) -> 45875 | J26: =IF(A26=A25,"Addtnl Line / CO",VLOOKUP(A26,Data_PO_List,3,0)) -> 24907 | K26: =IF(A26=A25,"Addtnl Line / CO",VLOOKUP(A26,Data_PO_List,4,0)) -> Iconergy | L26: NA | M26: =IF(A26=A25,"Addtnl Line / CO",VLOOKUP(A26,'PurchaseOrders.List-OCT'!$A$7:$F$260,6,0)) -> Emailed | N26: =VLOOKUP(A26, 'e.Builder Open PO Amts 10.21.25'!$F$7:$M$263,8,FALSE) -> 24609.5 | O26: =H26-N26 -> 0
A27: 464758 | B27: 1 | C27: 360 | D27: 0733 | E27: 360-2201 | F27: 41 | G27: 4000 | H27: 6121.52 | I27: =IF(A27=A26,"Addtnl Line / CO",VLOOKUP(A27,'PurchaseOrders.List-OCT'!$A$8:$E$259,2,0)) -> 45859 | J27: =IF(A27=A26,"Addtnl Line / CO",VLOOKUP(A27,Data_PO_List,3,0)) -> 23554 | K27: =IF(A27=A26,"Addtnl Line / CO",VLOOKUP(A27,Data_PO_List,4,0)) -> Peak Media, Inc. | L27: NA | M27: =IF(A27=A26,"Addtnl Line / CO",VLOOKUP(A27,'PurchaseOrders.List-OCT'!$A$7:$F$260,6,0)) -> Emailed | N27: =VLOOKUP(A27, 'e.Builder Open PO Amts 10.21.25'!$F$7:$M$263,8,FALSE) -> 6121.52 | O27: =H27-N27 -> 0
A28: 464756 | B28: 1 | C28: 350 | D28: 0730 | E28: 350-2201 | F28: 41 | G28: 4000 | H28: 32584.8 | I28: =IF(A28=A27,"Addtnl Line / CO",VLOOKUP(A28,'PurchaseOrders.List-OCT'!$A$8:$E$259,2,0)) -> 45859 | J28: =IF(A28=A27,"Addtnl Line / CO",VLOOKUP(A28,Data_PO_List,3,0)) -> 10214 | K28: =IF(A28=A27,"Addtnl Line / CO",VLOOKUP(A28,Data_PO_List,4,0)) -> National Car Charging, LLC | L28: NA | M28: =IF(A28=A27,"Addtnl Line / CO",VLOOKUP(A28,'PurchaseOrders.List-OCT'!$A$7:$F$260,6,0)) -> Emailed | N28: =VLOOKUP(A28, 'e.Builder Open PO Amts 10.21.25'!$F$7:$M$263,8,FALSE) -> 32584.8 | O28: =H28-N28 -> 0
A29: 464721 | B29: 1 | C29: 503 | D29: 0733 | E29: 503-2201 | F29: 41 | G29: 4000 | H29: 316 | I29: =IF(A29=A28,"Addtnl Line / CO",VLOOKUP(A29,'PurchaseOrders.List-OCT'!$A$8:$E$259,2,0)) -> 45848 | J29: =IF(A29=A28,"Addtnl Line / CO",VLOOKUP(A29,Data_PO_List,3,0)) -> 10300 | K29: =IF(A29=A28,"Addtnl Line / CO",VLOOKUP(A29,Data_PO_List,4,0)) -> Pioneer Athletics | L29: NA | M29: =IF(A29=A28,"Addtnl Line / CO",VLOOKUP(A29,'PurchaseOrders.List-OCT'!$A$7:$F$260,6,0)) -> Emailed | N29: =VLOOKUP(A29, 'e.Builder Open PO Amts 10.21.25'!$F$7:$M$263,8,FALSE) -> 316 | O29: =H29-N29 -> 0
A30: 464673 | B30: 1 | C30: 360 | D30: 0733 | E30: 360-2201 | F30: 41 | G30: 4000 | H30: 1287 | I30: =IF(A30=A29,"Addtnl Line / CO",VLOOKUP(A30,'PurchaseOrders.List-OCT'!$A$8:$E$259,2,0)) -> 45838 | J30: =IF(A30=A29,"Addtnl Line / CO",VLOOKUP(A30,Data_PO_List,3,0)) -> 10247 | K30: =IF(A30=A29,"Addtnl Line / CO",VLOOKUP(A30,Data_PO_List,4,0)) -> CDW Government LLC | L30: =IF(A30=A29,"Addtnl Line / CO",VLOOKUP(A30,'PurchaseOrders.List-JUL'!$A$8:$F$239,5,0)) -> 18565 | M30: =IF(A30=A29,"Addtnl Line / CO",VLOOKUP(A30,'PurchaseOrders.List-OCT'!$A$7:$F$260,6,0)) -> Emailed | N30: 0 | O30: =H30-N30 -> 1287
A31: 464672 | B31: 1 | C31: 741 | D31: 0733 | E31: 741-2201 | F31: 41 | G31: 4000 | H31: 12206.44 | I31: =IF(A31=A30,"Addtnl Line / CO",VLOOKUP(A31,'PurchaseOrders.List-OCT'!$A$8:$E$259,2,0)) -> 45838 | J31: =IF(A31=A30,"Addtnl Line / CO",VLOOKUP(A31,Data_PO_List,3,0)) -> 10438 | K31: =IF(A31=A30,"Addtnl Line / CO",VLOOKUP(A31,Data_PO_List,4,0)) -> BC Interiors, Inc | L31: =IF(A31=A30,"Addtnl Line / CO",VLOOKUP(A31,'PurchaseOrders.List-JUL'!$A$8:$F$239,5,0)) -> 12206.44 | M31: =IF(A31=A30,"Addtnl Line / CO",VLOOKUP(A31,'PurchaseOrders.List-OCT'!$A$7:$F$260,6,0)) -> Emailed | N31: =VLOOKUP(A31, 'e.Builder Open PO Amts 10.21.25'!$F$7:$M$263,8,FALSE) -> 12206.44 | O31: =H31-N31 -> 0
A32: 464643 | B32: 1 | C32: 270 | D32: 0339 | E32: 270-2201 | F32: 41 | G32: 4000 | H32: 10300 | I32: =IF(A32=A31,"Addtnl Line / CO",VLOOKUP(A32,'PurchaseOrders.List-OCT'!$A$8:$E$259,2,0)) -> 45824 | J32: =IF(A32=A31,"Addtnl Line / CO",VLOOKUP(A32,Data_PO_List,3,0)) -> 27018 | K32: =IF(A32=A31,"Addtnl Line / CO",VLOOKUP(A32,Data_PO_List,4,0)) -> Jensen Hughes, Inc. | L32: =IF(A32=A31,"Addtnl Line / CO",VLOOKUP(A32,'PurchaseOrders.List-JUL'!$A$8:$F$239,5,0)) -> 10300 | M32: =IF(A32=A31,"Addtnl Line / CO",VLOOKUP(A32,'PurchaseOrders.List-OCT'!$A$7:$F$260,6,0)) -> Emailed | N32: =VLOOKUP(A32, 'e.Builder Open PO Amts 10.21.25'!$F$7:$M$263,8,FALSE) -> 10300 | O32: =H32-N32 -> 0
A33: 464576 | B33: 1 | C33: 360 | D33: 0739 | E33: 360-2201 | F33: 41 | G33: 4000 | H33: 2550 | I33: =IF(A33=A32,"Addtnl Line / CO",VLOOKUP(A33,'PurchaseOrders.List-OCT'!$A$8:$E$259,2,0)) -> 45810 | J33: =IF(A33=A32,"Addtnl Line / CO",VLOOKUP(A33,Data_PO_List,3,0)) -> 10448 | K33: =IF(A33=A32,"Addtnl Line / CO",VLOOKUP(A33,Data_PO_List,4,0)) -> HSS Inc | L33: =IF(A33=A32,"Addtnl Line / CO",VLOOKUP(A33,'PurchaseOrders.List-JUL'!$A$8:$F$239,5,0)) -> 36547 | M33: =IF(A33=A32,"Addtnl Line / CO",VLOOKUP(A33,'PurchaseOrders.List-OCT'!$A$7:$F$260,6,0)) -> Emailed | N33: =VLOOKUP(A33, 'e.Builder Open PO Amts 10.21.25'!$F$7:$M$263,8,FALSE) -> 2550 | O33: =H33-N33 -> 0
A34: 464542 | B34: 1 | C34: 360 | D34: 0733 | E34: 360-2201 | F34: 41 | G34: 4000 | H34: 29615.22 | I34: =IF(A34=A33,"Addtnl Line / CO",VLOOKUP(A34,'PurchaseOrders.List-OCT'!$A$8:$E$259,2,0)) -> 45799 | J34: =IF(A34=A33,"Addtnl Line / CO",VLOOKUP(A34,Data_PO_List,3,0)) -> 23665 | K34: =IF(A34=A33,"Addtnl Line / CO",VLOOKUP(A34,Data_PO_List,4,0)) -> OS Schools | L34: =IF(A34=A33,"Addtnl Line / CO",VLOOKUP(A34,'PurchaseOrders.List-JUL'!$A$8:$F$239,5,0)) -> 204938.16 | M34: =IF(A34=A33,"Addtnl Line / CO",VLOOKUP(A34,'PurchaseOrders.List-OCT'!$A$7:$F$260,6,0)) -> Emailed | N34: =VLOOKUP(A34, 'e.Builder Open PO Amts 10.21.25'!$F$7:$M$263,8,FALSE) -> 29615.22 | O34: =H34-N34 -> 0
A35: 464538 | B35: 1 | C35: 154 | D35: 0730 | E35: 154-2201 | F35: 41 | G35: 4000 | H35: 64 | I35: =IF(A35=A34,"Addtnl Line / CO",VLOOKUP(A35,'PurchaseOrders.List-OCT'!$A$8:$E$259,2,0)) -> 45798 | J35: =IF(A35=A34,"Addtnl Line / CO",VLOOKUP(A35,Data_PO_List,3,0)) -> 10274 | K35: =IF(A35=A34,"Addtnl Line / CO",VLOOKUP(A35,Data_PO_List,4,0)) -> United Restaurant Supply, LLC. | L35: =IF(A35=A34,"Addtnl Line / CO",VLOOKUP(A35,'PurchaseOrders.List-JUL'!$A$8:$F$239,5,0)) -> 24657 | M35: =IF(A35=A34,"Addtnl Line / CO",VLOOKUP(A35,'PurchaseOrders.List-OCT'!$A$7:$F$260,6,0)) -> Emailed | N35: =VLOOKUP(A35, 'e.Builder Open PO Amts 10.21.25'!$F$7:$M$263,8,FALSE) -> 64 | O35: =H35-N35 -> 0
A36: 464537 | B36: 1 | C36: 120 | D36: 0340 | E36: 120-2201 | F36: 41 | G36: 4000 | H36: 12463 | I36: =IF(A36=A35,"Addtnl Line / CO",VLOOKUP(A36,'PurchaseOrders.List-OCT'!$A$8:$E$259,2,0)) -> 45798 | J36: =IF(A36=A35,"Addtnl Line / CO",VLOOKUP(A36,Data_PO_List,3,0)) -> 24769 | K36: =IF(A36=A35,"Addtnl Line / CO",VLOOKUP(A36,Data_PO_List,4,0)) -> Accenture Infrastructure and Capital Projects LLC | L36: =IF(A36=A35,"Addtnl Line / CO",VLOOKUP(A36,'PurchaseOrders.List-JUL'!$A$8:$F$239,5,0)) -> 12463 | M36: =IF(A36=A35,"Addtnl Line / CO",VLOOKUP(A36,'PurchaseOrders.List-OCT'!$A$7:$F$260,6,0)) -> Emailed | N36: =VLOOKUP(A36, 'e.Builder Open PO Amts 10.21.25'!$F$7:$M$263,8,FALSE) -> 12463 | O36: =H36-N36 -> 0
A37: 464536 | B37: 1 | C37: 230 | D37: 0340 | E37: 230-2201 | F37: 41 | G37: 4000 | H37: 20691 | I37: =IF(A37=A36,"Addtnl Line / CO",VLOOKUP(A37,'PurchaseOrders.List-OCT'!$A$8:$E$259,2,0)) -> 45798 | J37: =IF(A37=A36,"Addtnl Line / CO",VLOOKUP(A37,Data_PO_List,3,0)) -> 24769 | K37: =IF(A37=A36,"Addtnl Line / CO",VLOOKUP(A37,Data_PO_List,4,0)) -> Accenture Infrastructure and Capital Projects LLC | L37: =IF(A37=A36,"Addtnl Line / CO",VLOOKUP(A37,'PurchaseOrders.List-JUL'!$A$8:$F$239,5,0)) -> 20691 | M37: =IF(A37=A36,"Addtnl Line / CO",VLOOKUP(A37,'PurchaseOrders.List-OCT'!$A$7:$F$260,6,0)) -> Emailed | N37: =VLOOKUP(A37, 'e.Builder Open PO Amts 10.21.25'!$F$7:$M$263,8,FALSE) -> 20691 | O37: =H37-N37 -> 0
A38: 464529 | B38: 1 | C38: 315 | D38: 0733 | E38: 315-2201 | F38: 41 | G38: 4000 | H38: 468.25 | I38: =IF(A38=A37,"Addtnl Line / CO",VLOOKUP(A38,'PurchaseOrders.List-OCT'!$A$8:$E$259,2,0)) -> 45798 | J38: =IF(A38=A37,"Addtnl Line / CO",VLOOKUP(A38,Data_PO_List,3,0)) -> 10247 | K38: =IF(A38=A37,"Addtnl Line / CO",VLOOKUP(A38,Data_PO_List,4,0)) -> CDW Government LLC | L38: =IF(A38=A37,"Addtnl Line / CO",VLOOKUP(A38,'PurchaseOrders.List-JUL'!$A$8:$F$239,5,0)) -> 17970.25 | M38: =IF(A38=A37,"Addtnl Line / CO",VLOOKUP(A38,'PurchaseOrders.List-OCT'!$A$7:$F$260,6,0)) -> Emailed | N38: =VLOOKUP(A38, 'e.Builder Open PO Amts 10.21.25'!$F$7:$M$263,8,FALSE) -> 468.25 | O38: =H38-N38 -> 0
A39: 464524 | B39: 1 | C39: 340 | D39: 0733 | E39: 340-2201 | F39: 41 | G39: 4000 | H39: 194972.14 | I39: =IF(A39=A38,"Addtnl Line / CO",VLOOKUP(A39,'PurchaseOrders.List-OCT'!$A$8:$E$259,2,0)) -> 45798 | J39: =IF(A39=A38,"Addtnl Line / CO",VLOOKUP(A39,Data_PO_List,3,0)) -> 10438 | K39: =IF(A39=A38,"Addtnl Line / CO",VLOOKUP(A39,Data_PO_List,4,0)) -> BC Interiors, Inc | L39: =IF(A39=A38,"Addtnl Line / CO",VLOOKUP(A39,'PurchaseOrders.List-JUL'!$A$8:$F$239,5,0)) -> 439724.38 | M39: =IF(A39=A38,"Addtnl Line / CO",VLOOKUP(A39,'PurchaseOrders.List-OCT'!$A$7:$F$260,6,0)) -> Emailed | N39: =VLOOKUP(A39, 'e.Builder Open PO Amts 10.21.25'!$F$7:$M$263,8,FALSE) -> 194972.14 | O39: =H39-N39 -> 0
A40: 464523 | B40: 1 | C40: 180 | D40: 0455 | E40: 180-2201 | F40: 41 | G40: 4000 | H40: 12350 | I40: =IF(A40=A39,"Addtnl Line / CO",VLOOKUP(A40,'PurchaseOrders.List-OCT'!$A$8:$E$259,2,0)) -> 45798 | J40: =IF(A40=A39,"Addtnl Line / CO",VLOOKUP(A40,Data_PO_List,3,0)) -> 10280 | K40: =IF(A40=A39,"Addtnl Line / CO",VLOOKUP(A40,Data_PO_List,4,0)) -> Buehler Companies | L40: =IF(A40=A39,"Addtnl Line / CO",VLOOKUP(A40,'PurchaseOrders.List-JUL'!$A$8:$F$239,5,0)) -> 12350 | M40: =IF(A40=A39,"Addtnl Line / CO",VLOOKUP(A40,'PurchaseOrders.List-OCT'!$A$7:$F$260,6,0)) -> Emailed | N40: =VLOOKUP(A40, 'e.Builder Open PO Amts 10.21.25'!$F$7:$M$263,8,FALSE) -> 12350 | O40: =H40-N40 -> 0
A41: 464503 | B41: 1 | C41: 147 | D41: 0454 | E41: 147-2201 | F41: 41 | G41: 4000 | H41: 1805 | I41: =IF(A41=A40,"Addtnl Line / CO",VLOOKUP(A41,'PurchaseOrders.List-OCT'!$A$8:$E$259,2,0)) -> 45790 | J41: =IF(A41=A40,"Addtnl Line / CO",VLOOKUP(A41,Data_PO_List,3,0)) -> 10320 | K41: =IF(A41=A40,"Addtnl Line / CO",VLOOKUP(A41,Data_PO_List,4,0)) -> GROUND Engineering Consultants, Inc. | L41: =IF(A41=A40,"Addtnl Line / CO",VLOOKUP(A41,'PurchaseOrders.List-JUL'!$A$8:$F$239,5,0)) -> 2295 | M41: =IF(A41=A40,"Addtnl Line / CO",VLOOKUP(A41,'PurchaseOrders.List-OCT'!$A$7:$F$260,6,0)) -> Emailed | N41: =VLOOKUP(A41, 'e.Builder Open PO Amts 10.21.25'!$F$7:$M$263,8,FALSE) -> 1805 | O41: =H41-N41 -> 0
A42: 464489 | B42: 1 | C42: 315 | D42: 0733 | E42: 315-2201 | F42: 41 | G42: 4000 | H42: 754.74 | I42: =IF(A42=A41,"Addtnl Line / CO",VLOOKUP(A42,'PurchaseOrders.List-OCT'!$A$8:$E$259,2,0)) -> 45785 | J42: =IF(A42=A41,"Addtnl Line / CO",VLOOKUP(A42,Data_PO_List,3,0)) -> 22510 | K42: =IF(A42=A41,"Addtnl Line / CO",VLOOKUP(A42,Data_PO_List,4,0)) -> The Home Depot Pro | L42: =IF(A42=A41,"Addtnl Line / CO",VLOOKUP(A42,'PurchaseOrders.List-JUL'!$A$8:$F$239,5,0)) -> 6989.49 | M42: =IF(A42=A41,"Addtnl Line / CO",VLOOKUP(A42,'PurchaseOrders.List-OCT'!$A$7:$F$260,6,0)) -> Emailed | N42: =VLOOKUP(A42, 'e.Builder Open PO Amts 10.21.25'!$F$7:$M$263,8,FALSE) -> 754.74 | O42: =H42-N42 -> 0
... A49: 464438 | B49: 1 | C49: 310 | D49: 0442 | E49: 310-2201 | F49: 41 | G49: 4000 | H49: 75.05 | I49: =IF(A49=A48,"Addtnl Line / CO",VLOOKUP(A49,'PurchaseOrders.List-OCT'!$A$8:$E$259,2,0)) -> 45777 | J49: =IF(A49=A48,"Addtnl Line / CO",VLOOKUP(A49,Data_PO_List,3,0)) -> 27060 | K49: =IF(A49=A48,"Addtnl Line / CO",VLOOKUP(A49,Data_PO_List,4,0)) -> Mobile Modular | L49: =IF(A49=A48,"Addtnl Line / CO",VLOOKUP(A49,'PurchaseOrders.List-JUL'!$A$8:$F$239,5,0)) -> 850.3 | M49: =IF(A49=A48,"Addtnl Line / CO",VLOOKUP(A49,'PurchaseOrders.List-OCT'!$A$7:$F$260,6,0)) -> Emailed | N49: =VLOOKUP(A49, 'e.Builder Open PO Amts 10.21.25'!$F$7:$M$263,8,FALSE) -> 75.05 | O49: =H49-N49 -> 0
A50: 464423 | B50: 3 | C50: 798 | D50: 0336 | E50: 798-2201 | F50: 41 | G50: 4000 | H50: 397.66 | I50: =IF(A50=A49,"Addtnl Line / CO",VLOOKUP(A50,'PurchaseOrders.List-OCT'!$A$8:$E$259,2,0)) -> 45775 | J50: =IF(A50=A49,"Addtnl Line / CO",VLOOKUP(A50,Data_PO_List,3,0)) -> 25243 | K50: =IF(A50=A49,"Addtnl Line / CO",VLOOKUP(A50,Data_PO_List,4,0)) -> BVH Architecture | L50: =IF(A50=A49,"Addtnl Line / CO",VLOOKUP(A50,'PurchaseOrders.List-JUL'!$A$8:$F$239,5,0)) -> 88800 | M50: =IF(A50=A49,"Addtnl Line / CO",VLOOKUP(A50,'PurchaseOrders.List-OCT'!$A$7:$F$260,6,0)) -> Emailed | N50: 25534.66 | O50: =(H50+H51)-N50 -> 0 | P50: Change Commitment number 464484
A51: 464423 | B51: 2 | C51: 798 | D51: 0336 | E51: 798-2201 | F51: 41 | G51: 4000 | H51: 25137 | I51: =IF(A51=A50,"Addtnl Line / CO",VLOOKUP(A51,'PurchaseOrders.List-OCT'!$A$8:$E$259,2,0)) -> Addtnl Line / CO | J51: =IF(A51=A50,"Addtnl Line / CO",VLOOKUP(A51,Data_PO_List,3,0)) -> Addtnl Line / CO | K51: =IF(A51=A50,"Addtnl Line / CO",VLOOKUP(A51,Data_PO_List,4,0)) -> Addtnl Line / CO | L51: =IF(A51=A50,"Addtnl Line / CO",VLOOKUP(A51,'PurchaseOrders.List-JUL'!$A$8:$F$239,5,0)) -> Addtnl Line / CO | M51: =IF(A51=A50,"Addtnl Line / CO",VLOOKUP(A51,'PurchaseOrders.List-OCT'!$A$7:$F$260,6,0)) -> Addtnl Line / CO
A52: 464347 | B52: 8 | C52: 120 | D52: 0336 | E52: 120-2201 | F52: 41 | G52: 4000 | H52: 4400 | I52: =IF(A52=A51,"Addtnl Line / CO",VLOOKUP(A52,'PurchaseOrders.List-OCT'!$A$8:$E$259,2,0)) -> 45747 | J52: =IF(A52=A51,"Addtnl Line / CO",VLOOKUP(A52,Data_PO_List,3,0)) -> 25243 | K52: =IF(A52=A51,"Addtnl Line / CO",VLOOKUP(A52,Data_PO_List,4,0)) -> BVH Architecture | L52: =IF(A52=A51,"Addtnl Line / CO",VLOOKUP(A52,'PurchaseOrders.List-JUL'!$A$8:$F$239,5,0)) -> 114471 | M52: =IF(A52=A51,"Addtnl Line / CO",VLOOKUP(A52,'PurchaseOrders.List-OCT'!$A$7:$F$260,6,0)) -> Emailed | N52: =VLOOKUP(A52, 'e.Builder Open PO Amts 10.21.25'!$F$7:$M$263,8,FALSE) -> 30961.82 | O52: =(H52+H53+H54+H55+H56)-N52 -> 0
A53: 464347 | B53: 7 | C53: 120 | D53: 0336 | E53: 120-2201 | F53: 41 | G53: 4000 | H53: 231.56 | I53: =IF(A53=A52,"Addtnl Line / CO",VLOOKUP(A53,'PurchaseOrders.List-OCT'!$A$8:$E$259,2,0)) -> Addtnl Line / CO | J53: =IF(A53=A52,"Addtnl Line / CO",VLOOKUP(A53,Data_PO_List,3,0)) -> Addtnl Line / CO | K53: =IF(A53=A52,"Addtnl Line / CO",VLOOKUP(A53,Data_PO_List,4,0)) -> Addtnl Line / CO | L53: =IF(A53=A52,"Addtnl Line / CO",VLOOKUP(A53,'PurchaseOrders.List-JUL'!$A$8:$F$239,5,0)) -> Addtnl Line / CO | M53: =IF(A53=A52,"Addtnl Line / CO",VLOOKUP(A53,'PurchaseOrders.List-OCT'!$A$7:$F$260,6,0)) -> Addtnl Line / CO | O53: 0
A54: 464347 | B54: 6 | C54: 120 | D54: 0336 | E54: 120-2201 | F54: 41 | G54: 4000 | H54: 2633.03 | I54: =IF(A54=A53,"Addtnl Line / CO",VLOOKUP(A54,'PurchaseOrders.List-OCT'!$A$8:$E$259,2,0)) -> Addtnl Line / CO | J54: =IF(A54=A53,"Addtnl Line / CO",VLOOKUP(A54,Data_PO_List,3,0)) -> Addtnl Line / CO | K54: =IF(A54=A53,"Addtnl Line / CO",VLOOKUP(A54,Data_PO_List,4,0)) -> Addtnl Line / CO | L54: =IF(A54=A53,"Addtnl Line / CO",VLOOKUP(A54,'PurchaseOrders.List-JUL'!$A$8:$F$239,5,0)) -> Addtnl Line / CO | M54: =IF(A54=A53,"Addtnl Line / CO",VLOOKUP(A54,'PurchaseOrders.List-OCT'!$A$7:$F$260,6,0)) -> Addtnl Line / CO | O54: 0
A55: 464347 | B55: 5 | C55: 120 | D55: 0336 | E55: 120-2201 | F55: 41 | G55: 4000 | H55: 21064.2 | I55: =IF(A55=A54,"Addtnl Line / CO",VLOOKUP(A55,'PurchaseOrders.List-OCT'!$A$8:$E$259,2,0)) -> Addtnl Line / CO | J55: =IF(A55=A54,"Addtnl Line / CO",VLOOKUP(A55,Data_PO_List,3,0)) -> Addtnl Line / CO | K55: =IF(A55=A54,"Addtnl Line / CO",VLOOKUP(A55,Data_PO_List,4,0)) -> Addtnl Line / CO | L55: =IF(A55=A54,"Addtnl Line / CO",VLOOKUP(A55,'PurchaseOrders.List-JUL'!$A$8:$F$239,5,0)) -> Addtnl Line / CO | M55: =IF(A55=A54,"Addtnl Line / CO",VLOOKUP(A55,'PurchaseOrders.List-OCT'!$A$7:$F$260,6,0)) -> Addtnl Line / CO | O55: 0
A56: 464347 | B56: 4 | C56: 120 | D56: 0336 | E56: 120-2201 | F56: 41 | G56: 4000 | H56: 2633.03 | I56: =IF(A56=A55,"Addtnl Line / CO",VLOOKUP(A56,'PurchaseOrders.List-OCT'!$A$8:$E$259,2,0)) -> Addtnl Line / CO | J56: =IF(A56=A55,"Addtnl Line / CO",VLOOKUP(A56,Data_PO_List,3,0)) -> Addtnl Line / CO | K56: =IF(A56=A55,"Addtnl Line / CO",VLOOKUP(A56,Data_PO_List,4,0)) -> Addtnl Line / CO | L56: =IF(A56=A55,"Addtnl Line / CO",VLOOKUP(A56,'PurchaseOrders.List-JUL'!$A$8:$F$239,5,0)) -> Addtnl Line / CO | M56: =IF(A56=A55,"Addtnl Line / CO",VLOOKUP(A56,'PurchaseOrders.List-OCT'!$A$7:$F$260,6,0)) -> Addtnl Line / CO | O56: 0
A57: 464346 | B57: 1 | C57: 505 | D57: 0336 | E57: 505-2201 | F57: 41 | G57: 4000 | H57: 125888.73 | I57: =IF(A57=A56,"Addtnl Line / CO",VLOOKUP(A57,'PurchaseOrders.List-OCT'!$A$8:$E$259,2,0)) -> 45747 | J57: =IF(A57=A56,"Addtnl Line / CO",VLOOKUP(A57,Data_PO_List,3,0)) -> 25243 | K57: =IF(A57=A56,"Addtnl Line / CO",VLOOKUP(A57,Data_PO_List,4,0)) -> BVH Architecture | L57: =IF(A57=A56,"Addtnl Line / CO",VLOOKUP(A57,'PurchaseOrders.List-JUL'!$A$8:$F$239,5,0)) -> 245853 | M57: =IF(A57=A56,"Addtnl Line / CO",VLOOKUP(A57,'PurchaseOrders.List-OCT'!$A$7:$F$260,6,0)) -> Emailed | N57: =VLOOKUP(A57, 'e.Builder Open PO Amts 10.21.25'!$F$7:$M$263,8,FALSE) -> 125888.73 | O57: =H57-N57 -> 0
A58: 464345 | B58: 1 | C58: 505 | D58: 0723 | E58: 505-2201 | F58: 41 | G58: 4000 | H58: 3000 | I58: =IF(A58=A57,"Addtnl Line / CO",VLOOKUP(A58,'PurchaseOrders.List-OCT'!$A$8:$E$259,2,0)) -> 45744 | J58: =IF(A58=A57,"Addtnl Line / CO",VLOOKUP(A58,Data_PO_List,3,0)) -> 25657 | K58: =IF(A58=A57,"Addtnl Line / CO",VLOOKUP(A58,Data_PO_List,4,0)) -> Alliance Construction Solutions, LLC | L58: =IF(A58=A57,"Addtnl Line / CO",VLOOKUP(A58,'PurchaseOrders.List-JUL'!$A$8:$F$239,5,0)) -> 3000 | M58: =IF(A58=A57,"Addtnl Line / CO",VLOOKUP(A58,'PurchaseOrders.List-OCT'!$A$7:$F$260,6,0)) -> Emailed | N58: =VLOOKUP(A58, 'e.Builder Open PO Amts 10.21.25'!$F$7:$M$263,8,FALSE) -> 3000 | O58: =H58-N58 -> 0
A59: 464344 | B59: 1 | C59: 644 | D59: 0714 | E59: PLAYGROUNDS-22 | F59: 41 | G59: 4000 | H59: 26250 | I59: =IF(A59=A58,"Addtnl Line / CO",VLOOKUP(A59,'PurchaseOrders.List-OCT'!$A$8:$E$259,2,0)) -> 45744 | J59: =IF(A59=A58,"Addtnl Line / CO",VLOOKUP(A59,Data_PO_List,3,0)) -> 10309 | K59: =IF(A59=A58,"Addtnl Line / CO",VLOOKUP(A59,Data_PO_List,4,0)) -> FCI Constructors, Inc. | L59: =IF(A59=A58,"Addtnl Line / CO",VLOOKUP(A59,'PurchaseOrders.List-JUL'!$A$8:$F$239,5,0)) -> 26250 | M59: =IF(A59=A58,"Addtnl Line / CO",VLOOKUP(A59,'PurchaseOrders.List-OCT'!$A$7:$F$260,6,0)) -> Emailed | N59: =VLOOKUP(A59, 'e.Builder Open PO Amts 10.21.25'!$F$7:$M$263,8,FALSE) -> 26250 | O59: =H59-N59 -> 0
A60: 464291 | B60: 1 | C60: 956 | D60: 0730 | E60: 956-2201 | F60: 41 | G60: 4000 | H60: 265890.13 | I60: =IF(A60=A59,"Addtnl Line / CO",VLOOKUP(A60,'PurchaseOrders.List-OCT'!$A$8:$E$259,2,0)) -> 45728 | J60: =IF(A60=A59,"Addtnl Line / CO",VLOOKUP(A60,Data_PO_List,3,0)) -> 26046 | K60: =IF(A60=A59,"Addtnl Line / CO",VLOOKUP(A60,Data_PO_List,4,0)) -> BearCom Communication Inc | L60: =IF(A60=A59,"Addtnl Line / CO",VLOOKUP(A60,'PurchaseOrders.List-JUL'!$A$8:$F$239,5,0)) -> 265890.13 | M60: =IF(A60=A59,"Addtnl Line / CO",VLOOKUP(A60,'PurchaseOrders.List-OCT'!$A$7:$F$260,6,0)) -> Emailed | N60: =VLOOKUP(A60, 'e.Builder Open PO Amts 10.21.25'!$F$7:$M$263,8,FALSE) -> 265890.13 | O60: =H60-N60 -> 0
A61: 464283 | B61: 1 | C61: 360 | D61: 0455 | E61: 360-2201 | F61: 41 | G61: 4000 | H61: 117.69 | I61: =IF(A61=A60,"Addtnl Line / CO",VLOOKUP(A61,'PurchaseOrders.List-OCT'!$A$8:$E$259,2,0)) -> 45726 | J61: =IF(A61=A60,"Addtnl Line / CO",VLOOKUP(A61,Data_PO_List,3,0)) -> 28426 | K61: =IF(A61=A60,"Addtnl Line / CO",VLOOKUP(A61,Data_PO_List,4,0)) -> Johnson Commercial Solutions | L61: =IF(A61=A60,"Addtnl Line / CO",VLOOKUP(A61,'PurchaseOrders.List-JUL'!$A$8:$F$239,5,0)) -> 85742.05 | M61: =IF(A61=A60,"Addtnl Line / CO",VLOOKUP(A61,'PurchaseOrders.List-OCT'!$A$7:$F$260,6,0)) -> Emailed | N61: =VLOOKUP(A61, 'e.Builder Open PO Amts 10.21.25'!$F$7:$M$263,8,FALSE) -> 117.69 | O61: =H61-N61 -> 0
A62: 464270 | B62: 1 | C62: 158 | D62: 0714 | E62: 158-2201 | F62: 41 | G62: 4000 | H62: 18611.91 | I62: =IF(A62=A61,"Addtnl Line / CO",VLOOKUP(A62,'PurchaseOrders.List-OCT'!$A$8:$E$259,2,0)) -> 45723 | J62: =IF(A62=A61,"Addtnl Line / CO",VLOOKUP(A62,Data_PO_List,3,0)) -> 10309 | K62: =IF(A62=A61,"Addtnl Line / CO",VLOOKUP(A62,Data_PO_List,4,0)) -> FCI Constructors, Inc. | L62: =IF(A62=A61,"Addtnl Line / CO",VLOOKUP(A62,'PurchaseOrders.List-JUL'!$A$8:$F$239,5,0)) -> 372238 | M62: =IF(A62=A61,"Addtnl Line / CO",VLOOKUP(A62,'PurchaseOrders.List-OCT'!$A$7:$F$260,6,0)) -> Emailed | N62: =VLOOKUP(A62, 'e.Builder Open PO Amts 10.21.25'!$F$7:$M$263,8,FALSE) -> 18611.91 | O62: =H62-N62 -> 0
A63: 464268 | B63: 1 | C63: 156 | D63: 0714 | E63: 156-2201 | F63: 41 | G63: 4000 | H63: 18286.71 | I63: =IF(A63=A62,"Addtnl Line / CO",VLOOKUP(A63,'PurchaseOrders.List-OCT'!$A$8:$E$259,2,0)) -> 45723 | J63: =IF(A63=A62,"Addtnl Line / CO",VLOOKUP(A63,Data_PO_List,3,0)) -> 10309 | K63: =IF(A63=A62,"Addtnl Line / CO",VLOOKUP(A63,Data_PO_List,4,0)) -> FCI Constructors, Inc. | L63: =IF(A63=A62,"Addtnl Line / CO",VLOOKUP(A63,'PurchaseOrders.List-JUL'!$A$8:$F$239,5,0)) -> 365734.21 | M63: =IF(A63=A62,"Addtnl Line / CO",VLOOKUP(A63,'PurchaseOrders.List-OCT'!$A$7:$F$260,6,0)) -> Emailed | N63: =VLOOKUP(A63, 'e.Builder Open PO Amts 10.21.25'!$F$7:$M$263,8,FALSE) -> 18286.71 | O63: =H63-N63 -> 0
A64: 464266 | B64: 1 | C64: 502 | D64: 0714 | E64: 502-2201 | F64: 41 | G64: 4000 | H64: 15139.83 | I64: =IF(A64=A63,"Addtnl Line / CO",VLOOKUP(A64,'PurchaseOrders.List-OCT'!$A$8:$E$259,2,0)) -> 45723 | J64: =IF(A64=A63,"Addtnl Line / CO",VLOOKUP(A64,Data_PO_List,3,0)) -> 10309 | K64: =IF(A64=A63,"Addtnl Line / CO",VLOOKUP(A64,Data_PO_List,4,0)) -> FCI Constructors, Inc. | L64: =IF(A64=A63,"Addtnl Line / CO",VLOOKUP(A64,'PurchaseOrders.List-JUL'!$A$8:$F$239,5,0)) -> 302796.61 | M64: =IF(A64=A63,"Addtnl Line / CO",VLOOKUP(A64,'PurchaseOrders.List-OCT'!$A$7:$F$260,6,0)) -> Emailed | N64: =VLOOKUP(A64, 'e.Builder Open PO Amts 10.21.25'!$F$7:$M$263,8,FALSE) -> 15139.83 | O64: =H64-N64 -> 0
A65: 464265 | B65: 1 | C65: 505 | D65: 0714 | E65: 505-2201 | F65: 41 | G65: 4000 | H65: 26267.79 | I65: =IF(A65=A64,"Addtnl Line / CO",VLOOKUP(A65,'PurchaseOrders.List-OCT'!$A$8:$E$259,2,0)) -> 45723 | J65: =IF(A65=A64,"Addtnl Line / CO",VLOOKUP(A65,Data_PO_List,3,0)) -> 10309 | K65: =IF(A65=A64,"Addtnl Line / CO",VLOOKUP(A65,Data_PO_List,4,0)) -> FCI Constructors, Inc. | L65: =IF(A65=A64,"Addtnl Line / CO",VLOOKUP(A65,'PurchaseOrders.List-JUL'!$A$8:$F$239,5,0)) -> 525355.67 | M65: =IF(A65=A64,"Addtnl Line / CO",VLOOKUP(A65,'PurchaseOrders.List-OCT'!$A$7:$F$260,6,0)) -> Emailed | N65: =VLOOKUP(A65, 'e.Builder Open PO Amts 10.21.25'!$F$7:$M$263,8,FALSE) -> 26267.79 | O65: =H65-N65 -> 0
A66: 464264 | B66: 1 | C66: 506 | D66: 0714 | E66: 506-2201 | F66: 41 | G66: 4000 | H66: 17172.09 | I66: =IF(A66=A65,"Addtnl Line / CO",VLOOKUP(A66,'PurchaseOrders.List-OCT'!$A$8:$E$259,2,0)) -> 45723 | J66: =IF(A66=A65,"Addtnl Line / CO",VLOOKUP(A66,Data_PO_List,3,0)) -> 10309 | K66: =IF(A66=A65,"Addtnl Line / CO",VLOOKUP(A66,Data_PO_List,4,0)) -> FCI Constructors, Inc. | L66: =IF(A66=A65,"Addtnl Line / CO",VLOOKUP(A66,'PurchaseOrders.List-JUL'!$A$8:$F$239,5,0)) -> 343441.73 | M66: =IF(A66=A65,"Addtnl Line / CO",VLOOKUP(A66,'PurchaseOrders.List-OCT'!$A$7:$F$260,6,0)) -> Emailed | N66: =VLOOKUP(A66, 'e.Builder Open PO Amts 10.21.25'!$F$7:$M$263,8,FALSE) -> 17172.09 | O66: =H66-N66 -> 0
A67: 464260 | B67: 1 | C67: 254 | D67: 0454 | E67: 254-2201 | F67: 41 | G67: 4000 | H67: 6090 | I67: =IF(A67=A66,"Addtnl Line / CO",VLOOKUP(A67,'PurchaseOrders.List-OCT'!$A$8:$E$259,2,0)) -> 45723 | J67: =IF(A67=A66,"Addtnl Line / CO",VLOOKUP(A67,Data_PO_List,3,0)) -> 10320 | K67: =IF(A67=A66,"Addtnl Line / CO",VLOOKUP(A67,Data_PO_List,4,0)) -> GROUND Engineering Consultants, Inc. | L67: =IF(A67=A66,"Addtnl Line / CO",VLOOKUP(A67,'PurchaseOrders.List-JUL'!$A$8:$F$239,5,0)) -> 8570 | M67: =IF(A67=A66,"Addtnl Line / CO",VLOOKUP(A67,'PurchaseOrders.List-OCT'!$A$7:$F$260,6,0)) -> Emailed | N67: =VLOOKUP(A67, 'e.Builder Open PO Amts 10.21.25'!$F$7:$M$263,8,FALSE) -> 6090 | O67: =H67-N67 -> 0
A68: 464259 | B68: 1 | C68: 503 | D68: 0714 | E68: 503-2201 | F68: 41 | G68: 4000 | H68: 87044.7 | I68: =IF(A68=A67,"Addtnl Line / CO",VLOOKUP(A68,'PurchaseOrders.List-OCT'!$A$8:$E$259,2,0)) -> 45723 | J68: =IF(A68=A67,"Addtnl Line / CO",VLOOKUP(A68,Data_PO_List,3,0)) -> 28303 | K68: =IF(A68=A67,"Addtnl Line / CO",VLOOKUP(A68,Data_PO_List,4,0)) -> Mammoth Sports Construction, LLC | L68: =IF(A68=A67,"Addtnl Line / CO",VLOOKUP(A68,'PurchaseOrders.List-JUL'!$A$8:$F$239,5,0)) -> 1132894 | M68: =IF(A68=A67,"Addtnl Line / CO",VLOOKUP(A68,'PurchaseOrders.List-OCT'!$A$7:$F$260,6,0)) -> Emailed | N68: =VLOOKUP(A68, 'e.Builder Open PO Amts 10.21.25'!$F$7:$M$263,8,FALSE) -> 87462.7 | O68: =H68-N68 -> -418
... A79: 464137 | B79: 1 | C79: 979 | D79: 0723 | E79: 979-2201 | F79: 41 | G79: 4000 | H79: 1028 | I79: =IF(A79=A78,"Addtnl Line / CO",VLOOKUP(A79,'PurchaseOrders.List-OCT'!$A$8:$E$259,2,0)) -> 45681 | J79: =IF(A79=A78,"Addtnl Line / CO",VLOOKUP(A79,Data_PO_List,3,0)) -> 27992 | K79: =IF(A79=A78,"Addtnl Line / CO",VLOOKUP(A79,Data_PO_List,4,0)) -> Swinerton Builders | L79: =IF(A79=A78,"Addtnl Line / CO",VLOOKUP(A79,'PurchaseOrders.List-JUL'!$A$8:$F$239,5,0)) -> 3083 | M79: =IF(A79=A78,"Addtnl Line / CO",VLOOKUP(A79,'PurchaseOrders.List-OCT'!$A$7:$F$260,6,0)) -> Emailed | N79: =VLOOKUP(A79, 'e.Builder Open PO Amts 10.21.25'!$F$7:$M$263,8,FALSE) -> 1028 | O79: =H79-N79 -> 0
A80: 464130 | B80: 1 | C80: 503 | D80: 0450 | E80: 503-2201 | F80: 41 | G80: 4000 | H80: 1240 | I80: =IF(A80=A79,"Addtnl Line / CO",VLOOKUP(A80,'PurchaseOrders.List-OCT'!$A$8:$E$259,2,0)) -> 45680 | J80: =IF(A80=A79,"Addtnl Line / CO",VLOOKUP(A80,Data_PO_List,3,0)) -> 10320 | K80: =IF(A80=A79,"Addtnl Line / CO",VLOOKUP(A80,Data_PO_List,4,0)) -> GROUND Engineering Consultants, Inc. | L80: =IF(A80=A79,"Addtnl Line / CO",VLOOKUP(A80,'PurchaseOrders.List-JUL'!$A$8:$F$239,5,0)) -> 11155 | M80: =IF(A80=A79,"Addtnl Line / CO",VLOOKUP(A80,'PurchaseOrders.List-OCT'!$A$7:$F$260,6,0)) -> Emailed | N80: =VLOOKUP(A80, 'e.Builder Open PO Amts 10.21.25'!$F$7:$M$263,8,FALSE)+5500 -> 6740 | O80: =H80-N80 -> -5500 | P80: Added Commitment 10.17.25 #465170 not in Infor $5,500
A81: 464108 | B81: 1 | C81: 240 | D81: 0454 | E81: 240-2201 | F81: 41 | G81: 4000 | H81: 255 | I81: =IF(A81=A80,"Addtnl Line / CO",VLOOKUP(A81,'PurchaseOrders.List-OCT'!$A$8:$E$259,2,0)) -> 45678 | J81: =IF(A81=A80,"Addtnl Line / CO",VLOOKUP(A81,Data_PO_List,3,0)) -> 10320 | K81: =IF(A81=A80,"Addtnl Line / CO",VLOOKUP(A81,Data_PO_List,4,0)) -> GROUND Engineering Consultants, Inc. | L81: =IF(A81=A80,"Addtnl Line / CO",VLOOKUP(A81,'PurchaseOrders.List-JUL'!$A$8:$F$239,5,0)) -> 4775 | M81: =IF(A81=A80,"Addtnl Line / CO",VLOOKUP(A81,'PurchaseOrders.List-OCT'!$A$7:$F$260,6,0)) -> Emailed | N81: =VLOOKUP(A81, 'e.Builder Open PO Amts 10.21.25'!$F$7:$M$263,8,FALSE) -> 255 | O81: =H81-N81 -> 0
A82: 464107 | B82: 1 | C82: 173 | D82: 0723 | E82: 173-2201 | F82: 41 | G82: 4000 | H82: 4500 | I82: =IF(A82=A81,"Addtnl Line / CO",VLOOKUP(A82,'PurchaseOrders.List-OCT'!$A$8:$E$259,2,0)) -> 45674 | J82: =IF(A82=A81,"Addtnl Line / CO",VLOOKUP(A82,Data_PO_List,3,0)) -> 27967 | K82: =IF(A82=A81,"Addtnl Line / CO",VLOOKUP(A82,Data_PO_List,4,0)) -> AD Miller Services Inc | L82: =IF(A82=A81,"Addtnl Line / CO",VLOOKUP(A82,'PurchaseOrders.List-JUL'!$A$8:$F$239,5,0)) -> 4500 | M82: =IF(A82=A81,"Addtnl Line / CO",VLOOKUP(A82,'PurchaseOrders.List-OCT'!$A$7:$F$260,6,0)) -> Emailed | N82: =VLOOKUP(A82, 'e.Builder Open PO Amts 10.21.25'!$F$7:$M$263,8,FALSE) -> 4500 | O82: =H82-N82 -> 0
A83: 464106 | B83: 1 | C83: 196 | D83: 0723 | E83: 196-2201 | F83: 41 | G83: 4000 | H83: 8500 | I83: =IF(A83=A82,"Addtnl Line / CO",VLOOKUP(A83,'PurchaseOrders.List-OCT'!$A$8:$E$259,2,0)) -> 45674 | J83: =IF(A83=A82,"Addtnl Line / CO",VLOOKUP(A83,Data_PO_List,3,0)) -> 27967 | K83: =IF(A83=A82,"Addtnl Line / CO",VLOOKUP(A83,Data_PO_List,4,0)) -> AD Miller Services Inc | L83: =IF(A83=A82,"Addtnl Line / CO",VLOOKUP(A83,'PurchaseOrders.List-JUL'!$A$8:$F$239,5,0)) -> 8500 | M83: =IF(A83=A82,"Addtnl Line / CO",VLOOKUP(A83,'PurchaseOrders.List-OCT'!$A$7:$F$260,6,0)) -> Emailed | N83: =VLOOKUP(A83, 'e.Builder Open PO Amts 10.21.25'!$F$7:$M$263,8,FALSE) -> 8500 | O83: =H83-N83 -> 0
A84: 464100 | B84: 1 | C84: 502 | D84: 0454 | E84: 502-2201 | F84: 41 | G84: 4000 | H84: 9482.5 | I84: =IF(A84=A83,"Addtnl Line / CO",VLOOKUP(A84,'PurchaseOrders.List-OCT'!$A$8:$E$259,2,0)) -> 45670 | J84: =IF(A84=A83,"Addtnl Line / CO",VLOOKUP(A84,Data_PO_List,3,0)) -> 10320 | K84: =IF(A84=A83,"Addtnl Line / CO",VLOOKUP(A84,Data_PO_List,4,0)) -> GROUND Engineering Consultants, Inc. | L84: =IF(A84=A83,"Addtnl Line / CO",VLOOKUP(A84,'PurchaseOrders.List-JUL'!$A$8:$F$239,5,0)) -> 12515 | M84: =IF(A84=A83,"Addtnl Line / CO",VLOOKUP(A84,'PurchaseOrders.List-OCT'!$A$7:$F$260,6,0)) -> Emailed | N84: =VLOOKUP(A84, 'e.Builder Open PO Amts 10.21.25'!$F$7:$M$263,8,FALSE) -> 9482.5 | O84: =H84-N84 -> 0
A85: 464099 | B85: 1 | C85: 360 | D85: 0454 | E85: 360-2201 | F85: 41 | G85: 4000 | H85: 6281.25 | I85: =IF(A85=A84,"Addtnl Line / CO",VLOOKUP(A85,'PurchaseOrders.List-OCT'!$A$8:$E$259,2,0)) -> 45670 | J85: =IF(A85=A84,"Addtnl Line / CO",VLOOKUP(A85,Data_PO_List,3,0)) -> 10320 | K85: =IF(A85=A84,"Addtnl Line / CO",VLOOKUP(A85,Data_PO_List,4,0)) -> GROUND Engineering Consultants, Inc. | L85: =IF(A85=A84,"Addtnl Line / CO",VLOOKUP(A85,'PurchaseOrders.List-JUL'!$A$8:$F$239,5,0)) -> 29500 | M85: =IF(A85=A84,"Addtnl Line / CO",VLOOKUP(A85,'PurchaseOrders.List-OCT'!$A$7:$F$260,6,0)) -> Emailed | N85: =VLOOKUP(A85, 'e.Builder Open PO Amts 10.21.25'!$F$7:$M$263,8,FALSE) -> 6281.25 | O85: =H85-N85 -> 0
A86: 464098 | B86: 1 | C86: 340 | D86: 0454 | E86: 340-2201 | F86: 41 | G86: 4000 | H86: 38840.75 | I86: =IF(A86=A85,"Addtnl Line / CO",VLOOKUP(A86,'PurchaseOrders.List-OCT'!$A$8:$E$259,2,0)) -> 45670 | J86: =IF(A86=A85,"Addtnl Line / CO",VLOOKUP(A86,Data_PO_List,3,0)) -> 10320 | K86: =IF(A86=A85,"Addtnl Line / CO",VLOOKUP(A86,Data_PO_List,4,0)) -> GROUND Engineering Consultants, Inc. | L86: =IF(A86=A85,"Addtnl Line / CO",VLOOKUP(A86,'PurchaseOrders.List-JUL'!$A$8:$F$239,5,0)) -> 59705 | M86: =IF(A86=A85,"Addtnl Line / CO",VLOOKUP(A86,'PurchaseOrders.List-OCT'!$A$7:$F$260,6,0)) -> Emailed | N86: =VLOOKUP(A86, 'e.Builder Open PO Amts 10.21.25'!$F$7:$M$263,8,FALSE) -> 38840.75 | O86: =H86-N86 -> 0
A87: 464094 | B87: 1 | C87: 644 | D87: 0339 | E87: PLAYGROUNDS-22 | F87: 41 | G87: 4000 | H87: 7517 | I87: =IF(A87=A86,"Addtnl Line / CO",VLOOKUP(A87,'PurchaseOrders.List-OCT'!$A$8:$E$259,2,0)) -> 45667 | J87: =IF(A87=A86,"Addtnl Line / CO",VLOOKUP(A87,Data_PO_List,3,0)) -> 10320 | K87: =IF(A87=A86,"Addtnl Line / CO",VLOOKUP(A87,Data_PO_List,4,0)) -> GROUND Engineering Consultants, Inc. | L87: =IF(A87=A86,"Addtnl Line / CO",VLOOKUP(A87,'PurchaseOrders.List-JUL'!$A$8:$F$239,5,0)) -> 16025 | M87: =IF(A87=A86,"Addtnl Line / CO",VLOOKUP(A87,'PurchaseOrders.List-OCT'!$A$7:$F$260,6,0)) -> Emailed | N87: =VLOOKUP(A87, 'e.Builder Open PO Amts 10.21.25'!$F$7:$M$263,8,FALSE) -> 7517 | O87: =H87-N87 -> 0
A88: 464081 | B88: 1 | C88: 270 | D88: 0453 | E88: 270-2201 | F88: 41 | G88: 4000 | H88: 300 | I88: =IF(A88=A87,"Addtnl Line / CO",VLOOKUP(A88,'PurchaseOrders.List-OCT'!$A$8:$E$259,2,0)) -> 45659 | J88: =IF(A88=A87,"Addtnl Line / CO",VLOOKUP(A88,Data_PO_List,3,0)) -> 10260 | K88: =IF(A88=A87,"Addtnl Line / CO",VLOOKUP(A88,Data_PO_List,4,0)) -> Flatirons Inc. | L88: =IF(A88=A87,"Addtnl Line / CO",VLOOKUP(A88,'PurchaseOrders.List-JUL'!$A$8:$F$239,5,0)) -> 950 | M88: =IF(A88=A87,"Addtnl Line / CO",VLOOKUP(A88,'PurchaseOrders.List-OCT'!$A$7:$F$260,6,0)) -> Emailed | N88: =VLOOKUP(A88, 'e.Builder Open PO Amts 10.21.25'!$F$7:$M$263,8,FALSE) -> 300 | O88: =H88-N88 -> 0
A89: 464079 | B89: 1 | C89: 330 | D89: 0339 | E89: 330-2201 | F89: 41 | G89: 4000 | H89: 6200 | I89: =IF(A89=A88,"Addtnl Line / CO",VLOOKUP(A89,'PurchaseOrders.List-OCT'!$A$8:$E$259,2,0)) -> 45656 | J89: =IF(A89=A88,"Addtnl Line / CO",VLOOKUP(A89,Data_PO_List,3,0)) -> 25031 | K89: =IF(A89=A88,"Addtnl Line / CO",VLOOKUP(A89,Data_PO_List,4,0)) -> RoofTech Consultants, Inc. | L89: =IF(A89=A88,"Addtnl Line / CO",VLOOKUP(A89,'PurchaseOrders.List-JUL'!$A$8:$F$239,5,0)) -> 6200 | M89: =IF(A89=A88,"Addtnl Line / CO",VLOOKUP(A89,'PurchaseOrders.List-OCT'!$A$7:$F$260,6,0)) -> Emailed | N89: =VLOOKUP(A89, 'e.Builder Open PO Amts 10.21.25'!$F$7:$M$263,8,FALSE) -> 6200 | O89: =H89-N89 -> 0
A90: 464067 | B90: 1 | C90: 196 | D90: 0336 | E90: 196-2201 | F90: 41 | G90: 4000 | H90: 22871.94 | I90: =IF(A90=A89,"Addtnl Line / CO",VLOOKUP(A90,'PurchaseOrders.List-OCT'!$A$8:$E$259,2,0)) -> 45645 | J90: =IF(A90=A89,"Addtnl Line / CO",VLOOKUP(A90,Data_PO_List,3,0)) -> 25243 | K90: =IF(A90=A89,"Addtnl Line / CO",VLOOKUP(A90,Data_PO_List,4,0)) -> BVH Architecture | L90: =IF(A90=A89,"Addtnl Line / CO",VLOOKUP(A90,'PurchaseOrders.List-JUL'!$A$8:$F$239,5,0)) -> 91196 | M90: =IF(A90=A89,"Addtnl Line / CO",VLOOKUP(A90,'PurchaseOrders.List-OCT'!$A$7:$F$260,6,0)) -> Printed | N90: =VLOOKUP(A90, 'e.Builder Open PO Amts 10.21.25'!$F$7:$M$263,8,FALSE) -> 22871.94 | O90: =H90-N90 -> 0
A91: 464066 | B91: 1 | C91: 173 | D91: 0336 | E91: 173-2201 | F91: 41 | G91: 4000 | H91: 23375 | I91: =IF(A91=A90,"Addtnl Line / CO",VLOOKUP(A91,'PurchaseOrders.List-OCT'!$A$8:$E$259,2,0)) -> 45645 | J91: =IF(A91=A90,"Addtnl Line / CO",VLOOKUP(A91,Data_PO_List,3,0)) -> 25243 | K91: =IF(A91=A90,"Addtnl Line / CO",VLOOKUP(A91,Data_PO_List,4,0)) -> BVH Architecture | L91: =IF(A91=A90,"Addtnl Line / CO",VLOOKUP(A91,'PurchaseOrders.List-JUL'!$A$8:$F$239,5,0)) -> 23375 | M91: =IF(A91=A90,"Addtnl Line / CO",VLOOKUP(A91,'PurchaseOrders.List-OCT'!$A$7:$F$260,6,0)) -> Printed | N91: =VLOOKUP(A91, 'e.Builder Open PO Amts 10.21.25'!$F$7:$M$263,8,FALSE) -> 23375 | O91: =H91-N91 -> 0
A92: 464064 | B92: 1 | C92: 310 | D92: 0726 | E92: 310-2201 | F92: 41 | G92: 4000 | H92: 427918.97 | I92: =IF(A92=A91,"Addtnl Line / CO",VLOOKUP(A92,'PurchaseOrders.List-OCT'!$A$8:$E$259,2,0)) -> 45645 | J92: =IF(A92=A91,"Addtnl Line / CO",VLOOKUP(A92,Data_PO_List,3,0)) -> 26157 | K92: =IF(A92=A91,"Addtnl Line / CO",VLOOKUP(A92,Data_PO_List,4,0)) -> Peak Environmental | L92: =IF(A92=A91,"Addtnl Line / CO",VLOOKUP(A92,'PurchaseOrders.List-JUL'!$A$8:$F$239,5,0)) -> 688469 | M92: =IF(A92=A91,"Addtnl Line / CO",VLOOKUP(A92,'PurchaseOrders.List-OCT'!$A$7:$F$260,6,0)) -> Emailed | N92: =VLOOKUP(A92, 'e.Builder Open PO Amts 10.21.25'!$F$7:$M$263,8,FALSE) -> 427918.97 | O92: =H92-N92 -> 0
A93: 464063 | B93: 2 | C93: 979 | D93: 0336 | E93: 979-2201 | F93: 41 | G93: 4000 | H93: 366.03 | I93: =IF(A93=A92,"Addtnl Line / CO",VLOOKUP(A93,'PurchaseOrders.List-OCT'!$A$8:$E$259,2,0)) -> 45644 | J93: =IF(A93=A92,"Addtnl Line / CO",VLOOKUP(A93,Data_PO_List,3,0)) -> 25614 | K93: =IF(A93=A92,"Addtnl Line / CO",VLOOKUP(A93,Data_PO_List,4,0)) -> Eidos Architects PC | L93: =IF(A93=A92,"Addtnl Line / CO",VLOOKUP(A93,'PurchaseOrders.List-JUL'!$A$8:$F$239,5,0)) -> 94626 | M93: =IF(A93=A92,"Addtnl Line / CO",VLOOKUP(A93,'PurchaseOrders.List-OCT'!$A$7:$F$260,6,0)) -> Emailed | N93: =VLOOKUP(A93, 'e.Builder Open PO Amts 10.21.25'!$F$7:$M$263,8,FALSE) -> 24504.36 | O93: =(H93+H94)-N93 -> 0
A94: 464063 | B94: 1 | C94: 979 | D94: 0336 | E94: 979-2201 | F94: 41 | G94: 4000 | H94: 24138.33 | I94: =IF(A94=A93,"Addtnl Line / CO",VLOOKUP(A94,'PurchaseOrders.List-OCT'!$A$8:$E$259,2,0)) -> Addtnl Line / CO | J94: =IF(A94=A93,"Addtnl Line / CO",VLOOKUP(A94,Data_PO_List,3,0)) -> Addtnl Line / CO | K94: =IF(A94=A93,"Addtnl Line / CO",VLOOKUP(A94,Data_PO_List,4,0)) -> Addtnl Line / CO | L94: =IF(A94=A93,"Addtnl Line / CO",VLOOKUP(A94,'PurchaseOrders.List-JUL'!$A$8:$F$239,5,0)) -> Addtnl Line / CO | M94: =IF(A94=A93,"Addtnl Line / CO",VLOOKUP(A94,'PurchaseOrders.List-OCT'!$A$7:$F$260,6,0)) -> Addtnl Line / CO | O94: 0
A95: 464054 | B95: 1 | C95: 330 | D95: 0340 | E95: 330-2201 | F95: 41 | G95: 4000 | H95: 6369.35 | I95: =IF(A95=A94,"Addtnl Line / CO",VLOOKUP(A95,'PurchaseOrders.List-OCT'!$A$8:$E$259,2,0)) -> 45644 | J95: =IF(A95=A94,"Addtnl Line / CO",VLOOKUP(A95,Data_PO_List,3,0)) -> 24769 | K95: =IF(A95=A94,"Addtnl Line / CO",VLOOKUP(A95,Data_PO_List,4,0)) -> Accenture Infrastructure and Capital Projects LLC | L95: =IF(A95=A94,"Addtnl Line / CO",VLOOKUP(A95,'PurchaseOrders.List-JUL'!$A$8:$F$239,5,0)) -> 27838 | M95: =IF(A95=A94,"Addtnl Line / CO",VLOOKUP(A95,'PurchaseOrders.List-OCT'!$A$7:$F$260,6,0)) -> Emailed | N95: =VLOOKUP(A95, 'e.Builder Open PO Amts 10.21.25'!$F$7:$M$263,8,FALSE) -> 6369.35 | O95: =H95-N95 -> 0
A96: 464047 | B96: 1 | C96: 230 | D96: 0336 | E96: 230-2201 | F96: 41 | G96: 4000 | H96: 50303.22 | I96: =IF(A96=A95,"Addtnl Line / CO",VLOOKUP(A96,'PurchaseOrders.List-OCT'!$A$8:$E$259,2,0)) -> 45639 | J96: =IF(A96=A95,"Addtnl Line / CO",VLOOKUP(A96,Data_PO_List,3,0)) -> 25614 | K96: =IF(A96=A95,"Addtnl Line / CO",VLOOKUP(A96,Data_PO_List,4,0)) -> Eidos Architects PC | L96: =IF(A96=A95,"Addtnl Line / CO",VLOOKUP(A96,'PurchaseOrders.List-JUL'!$A$8:$F$239,5,0)) -> 210209 | M96: =IF(A96=A95,"Addtnl Line / CO",VLOOKUP(A96,'PurchaseOrders.List-OCT'!$A$7:$F$260,6,0)) -> Emailed | N96: =VLOOKUP(A96, 'e.Builder Open PO Amts 10.21.25'!$F$7:$M$263,8,FALSE) -> 50303.22 | O96: =H96-N96 -> 0
A97: 464046 | B97: 1 | C97: 260 | D97: 0336 | E97: 260-2201 | F97: 41 | G97: 4000 | H97: 68135.02 | I97: =IF(A97=A96,"Addtnl Line / CO",VLOOKUP(A97,'PurchaseOrders.List-OCT'!$A$8:$E$259,2,0)) -> 45639 | J97: =IF(A97=A96,"Addtnl Line / CO",VLOOKUP(A97,Data_PO_List,3,0)) -> 25614 | K97: =IF(A97=A96,"Addtnl Line / CO",VLOOKUP(A97,Data_PO_List,4,0)) -> Eidos Architects PC | L97: =IF(A97=A96,"Addtnl Line / CO",VLOOKUP(A97,'PurchaseOrders.List-JUL'!$A$8:$F$239,5,0)) -> 270295 | M97: =IF(A97=A96,"Addtnl Line / CO",VLOOKUP(A97,'PurchaseOrders.List-OCT'!$A$7:$F$260,6,0)) -> Emailed | N97: =VLOOKUP(A97, 'e.Builder Open PO Amts 10.21.25'!$F$7:$M$263,8,FALSE) -> 68135.02 | O97: =H97-N97 -> 0
A98: 464043 | B98: 1 | C98: 330 | D98: 0454 | E98: 330-2201 | F98: 41 | G98: 4000 | H98: 19895 | I98: =IF(A98=A97,"Addtnl Line / CO",VLOOKUP(A98,'PurchaseOrders.List-OCT'!$A$8:$E$259,2,0)) -> 45639 | J98: =IF(A98=A97,"Addtnl Line / CO",VLOOKUP(A98,Data_PO_List,3,0)) -> 10320 | K98: =IF(A98=A97,"Addtnl Line / CO",VLOOKUP(A98,Data_PO_List,4,0)) -> GROUND Engineering Consultants, Inc. | L98: =IF(A98=A97,"Addtnl Line / CO",VLOOKUP(A98,'PurchaseOrders.List-JUL'!$A$8:$F$239,5,0)) -> 25395 | M98: =IF(A98=A97,"Addtnl Line / CO",VLOOKUP(A98,'PurchaseOrders.List-OCT'!$A$7:$F$260,6,0)) -> Emailed | N98: =VLOOKUP(A98, 'e.Builder Open PO Amts 10.21.25'!$F$7:$M$263,8,FALSE) -> 19895 | O98: =H98-N98 -> 0
A99: 464038 | B99: 1 | C99: 330 | D99: 0453 | E99: 330-2201 | F99: 41 | G99: 4000 | H99: 1750 | I99: =IF(A99=A98,"Addtnl Line / CO",VLOOKUP(A99,'PurchaseOrders.List-OCT'!$A$8:$E$259,2,0)) -> 45638 | J99: =IF(A99=A98,"Addtnl Line / CO",VLOOKUP(A99,Data_PO_List,3,0)) -> 10260 | K99: =IF(A99=A98,"Addtnl Line / CO",VLOOKUP(A99,Data_PO_List,4,0)) -> Flatirons Inc. | L99: =IF(A99=A98,"Addtnl Line / CO",VLOOKUP(A99,'PurchaseOrders.List-JUL'!$A$8:$F$239,5,0)) -> 14900 | M99: =IF(A99=A98,"Addtnl Line / CO",VLOOKUP(A99,'PurchaseOrders.List-OCT'!$A$7:$F$260,6,0)) -> Emailed | N99: =VLOOKUP(A99, 'e.Builder Open PO Amts 10.21.25'!$F$7:$M$263,8,FALSE) -> 1750 | O99: =H99-N99 -> 0
A100: 464029 | B100: 1 | C100: 120 | D100: 0723 | E100: 120-2201 | F100: 41 | G100: 4000 | H100: 3000 | I100: =IF(A100=A99,"Addtnl Line / CO",VLOOKUP(A100,'PurchaseOrders.List-OCT'!$A$8:$E$259,2,0)) -> 45637 | J100: =IF(A100=A99,"Addtnl Line / CO",VLOOKUP(A100,Data_PO_List,3,0)) -> 25657 | K100: =IF(A100=A99,"Addtnl Line / CO",VLOOKUP(A100,Data_PO_List,4,0)) -> Alliance Construction Solutions, LLC | L100: =IF(A100=A99,"Addtnl Line / CO",VLOOKUP(A100,'PurchaseOrders.List-JUL'!$A$8:$F$239,5,0)) -> 3000 | M100: =IF(A100=A99,"Addtnl Line / CO",VLOOKUP(A100,'PurchaseOrders.List-OCT'!$A$7:$F$260,6,0)) -> Printed | N100: =VLOOKUP(A100, 'e.Builder Open PO Amts 10.21.25'!$F$7:$M$263,8,FALSE) -> 3000 | O100: =H100-N100 -> 0
A101: 464028 | B101: 1 | C101: 230 | D101: 0723 | E101: 230-2201 | F101: 41 | G101: 4000 | H101: 40852.3 | I101: =IF(A101=A100,"Addtnl Line / CO",VLOOKUP(A101,'PurchaseOrders.List-OCT'!$A$8:$E$259,2,0)) -> 45637 | J101: =IF(A101=A100,"Addtnl Line / CO",VLOOKUP(A101,Data_PO_List,3,0)) -> 27992 | K101: =IF(A101=A100,"Addtnl Line / CO",VLOOKUP(A101,Data_PO_List,4,0)) -> Swinerton Builders | L101: =IF(A101=A100,"Addtnl Line / CO",VLOOKUP(A101,'PurchaseOrders.List-JUL'!$A$8:$F$239,5,0)) -> 164505 | M101: =IF(A101=A100,"Addtnl Line / CO",VLOOKUP(A101,'PurchaseOrders.List-OCT'!$A$7:$F$260,6,0)) -> Emailed | N101: =VLOOKUP(A101, 'e.Builder Open PO Amts 10.21.25'!$F$7:$M$263,8,FALSE) -> 40852.3 | O101: =H101-N101 -> 0
A102: 464008 | B102: 1 | C102: 180 | D102: 0454 | E102: 180-2201 | F102: 41 | G102: 4000 | H102: 1390 | I102: =IF(A102=A101,"Addtnl Line / CO",VLOOKUP(A102,'PurchaseOrders.List-OCT'!$A$8:$E$259,2,0)) -> 45628 | J102: =IF(A102=A101,"Addtnl Line / CO",VLOOKUP(A102,Data_PO_List,3,0)) -> 10320 | K102: =IF(A102=A101,"Addtnl Line / CO",VLOOKUP(A102,Data_PO_List,4,0)) -> GROUND Engineering Consultants, Inc. | L102: =IF(A102=A101,"Addtnl Line / CO",VLOOKUP(A102,'PurchaseOrders.List-JUL'!$A$8:$F$239,5,0)) -> 9190 | M102: =IF(A102=A101,"Addtnl Line / CO",VLOOKUP(A102,'PurchaseOrders.List-OCT'!$A$7:$F$260,6,0)) -> Emailed | N102: =VLOOKUP(A102, 'e.Builder Open PO Amts 10.21.25'!$F$7:$M$263,8,FALSE) -> 1390 | O102: =H102-N102 -> 0
A103: 464007 | B103: 1 | C103: 154 | D103: 0454 | E103: 154-2201 | F103: 41 | G103: 4000 | H103: 142.5 | I103: =IF(A103=A102,"Addtnl Line / CO",VLOOKUP(A103,'PurchaseOrders.List-OCT'!$A$8:$E$259,2,0)) -> 45628 | J103: =IF(A103=A102,"Addtnl Line / CO",VLOOKUP(A103,Data_PO_List,3,0)) -> 10320 | K103: =IF(A103=A102,"Addtnl Line / CO",VLOOKUP(A103,Data_PO_List,4,0)) -> GROUND Engineering Consultants, Inc. | L103: =IF(A103=A102,"Addtnl Line / CO",VLOOKUP(A103,'PurchaseOrders.List-JUL'!$A$8:$F$239,5,0)) -> 5390 | M103: =IF(A103=A102,"Addtnl Line / CO",VLOOKUP(A103,'PurchaseOrders.List-OCT'!$A$7:$F$260,6,0)) -> Emailed | N103: =VLOOKUP(A103, 'e.Builder Open PO Amts 10.21.25'!$F$7:$M$263,8,FALSE) -> 142.5 | O103: =H103-N103 -> 0
A104: 463992 | B104: 1 | C104: 270 | D104: 0336 | E104: 270-2201 | F104: 41 | G104: 4000 | H104: 48840.36 | I104: =IF(A104=A103,"Addtnl Line / CO",VLOOKUP(A104,'PurchaseOrders.List-OCT'!$A$8:$E$259,2,0)) -> 45621 | J104: =IF(A104=A103,"Addtnl Line / CO",VLOOKUP(A104,Data_PO_List,3,0)) -> 16643 | K104: =IF(A104=A103,"Addtnl Line / CO",VLOOKUP(A104,Data_PO_List,4,0)) -> MOA ARCHITECTURE | L104: =IF(A104=A103,"Addtnl Line / CO",VLOOKUP(A104,'PurchaseOrders.List-JUL'!$A$8:$F$239,5,0)) -> 203408 | M104: =IF(A104=A103,"Addtnl Line / CO",VLOOKUP(A104,'PurchaseOrders.List-OCT'!$A$7:$F$260,6,0)) -> Emailed | N104: =VLOOKUP(A104, 'e.Builder Open PO Amts 10.21.25'!$F$7:$M$263,8,FALSE) -> 48840.36 | O104: =H104-N104 -> 0
A105: 463991 | B105: 1 | C105: 330 | D105: 0336 | E105: 330-2201 | F105: 41 | G105: 4000 | H105: 314039.6 | I105: =IF(A105=A104,"Addtnl Line / CO",VLOOKUP(A105,'PurchaseOrders.List-OCT'!$A$8:$E$259,2,0)) -> 45621 | J105: =IF(A105=A104,"Addtnl Line / CO",VLOOKUP(A105,Data_PO_List,3,0)) -> 16643 | K105: =IF(A105=A104,"Addtnl Line / CO",VLOOKUP(A105,Data_PO_List,4,0)) -> MOA ARCHITECTURE | L105: =IF(A105=A104,"Addtnl Line / CO",VLOOKUP(A105,'PurchaseOrders.List-JUL'!$A$8:$F$239,5,0)) -> 1194955 | M105: =IF(A105=A104,"Addtnl Line / CO",VLOOKUP(A105,'PurchaseOrders.List-OCT'!$A$7:$F$260,6,0)) -> Emailed | N105: =VLOOKUP(A105, 'e.Builder Open PO Amts 10.21.25'!$F$7:$M$263,8,FALSE) -> 314039.6 | O105: =H105-N105 -> 0
A106: 463990 | B106: 1 | C106: 505 | D106: 0723 | E106: 505-2201 | F106: 41 | G106: 4000 | H106: 3000 | I106: =IF(A106=A105,"Addtnl Line / CO",VLOOKUP(A106,'PurchaseOrders.List-OCT'!$A$8:$E$259,2,0)) -> 45621 | J106: =IF(A106=A105,"Addtnl Line / CO",VLOOKUP(A106,Data_PO_List,3,0)) -> 25657 | K106: =IF(A106=A105,"Addtnl Line / CO",VLOOKUP(A106,Data_PO_List,4,0)) -> Alliance Construction Solutions, LLC | L106: =IF(A106=A105,"Addtnl Line / CO",VLOOKUP(A106,'PurchaseOrders.List-JUL'!$A$8:$F$239,5,0)) -> 3000 | M106: =IF(A106=A105,"Addtnl Line / CO",VLOOKUP(A106,'PurchaseOrders.List-OCT'!$A$7:$F$260,6,0)) -> Printed | N106: =VLOOKUP(A106, 'e.Builder Open PO Amts 10.21.25'!$F$7:$M$263,8,FALSE) -> 3000 | O106: =H106-N106 -> 0
... A212: 462091 | B212: 1 | C212: 252 | D212: 0336 | E212: 252-2201 | F212: 41 | G212: 4000 | H212: 729.5 | I212: =IF(A212=A211,"Addtnl Line / CO",VLOOKUP(A212,'PurchaseOrders.List-OCT'!$A$8:$E$259,2,0)) -> 45099 | J212: =IF(A212=A211,"Addtnl Line / CO",VLOOKUP(A212,Data_PO_List,3,0)) -> 10209 | K212: =IF(A212=A211,"Addtnl Line / CO",VLOOKUP(A212,Data_PO_List,4,0)) -> Hord Coplan Macht, Inc. | L212: =IF(A212=A211,"Addtnl Line / CO",VLOOKUP(A212,'PurchaseOrders.List-JUL'!$A$8:$F$239,5,0)) -> 280510 | M212: =IF(A212=A211,"Addtnl Line / CO",VLOOKUP(A212,'PurchaseOrders.List-OCT'!$A$7:$F$260,6,0)) -> Emailed | N212: =VLOOKUP(A212, 'e.Builder Open PO Amts 10.21.25'!$F$7:$M$263,8,FALSE) -> 729.5 | O212: =H212-N212 -> 0
A213: 462035 | B213: 1 | C213: 644 | D213: 0430 | E213: 9.1490.644 | F213: 41 | G213: 4000 | H213: 23000 | I213: =IF(A213=A212,"Addtnl Line / CO",VLOOKUP(A213,'PurchaseOrders.List-OCT'!$A$8:$E$259,2,0)) -> 45082 | J213: =IF(A213=A212,"Addtnl Line / CO",VLOOKUP(A213,Data_PO_List,3,0)) -> 22884 | K213: =IF(A213=A212,"Addtnl Line / CO",VLOOKUP(A213,Data_PO_List,4,0)) -> FieldTurf USA, Inc. | L213: =IF(A213=A212,"Addtnl Line / CO",VLOOKUP(A213,'PurchaseOrders.List-JUL'!$A$8:$F$239,5,0)) -> 23000 | M213: =IF(A213=A212,"Addtnl Line / CO",VLOOKUP(A213,'PurchaseOrders.List-OCT'!$A$7:$F$260,6,0)) -> Released revision | N213: 0 | O213: =H213-N213 -> 23000 | P213: Not found in Infor
A214: 461989 | B214: 1 | C214: 225 | D214: 0336 | E214: 225-2201 | F214: 41 | G214: 4000 | H214: 2796.02 | I214: =IF(A214=A213,"Addtnl Line / CO",VLOOKUP(A214,'PurchaseOrders.List-OCT'!$A$8:$E$259,2,0)) -> 45069 | J214: =IF(A214=A213,"Addtnl Line / CO",VLOOKUP(A214,Data_PO_List,3,0)) -> 25101 | K214: =IF(A214=A213,"Addtnl Line / CO",VLOOKUP(A214,Data_PO_List,4,0)) -> Treanor Inc | L214: =IF(A214=A213,"Addtnl Line / CO",VLOOKUP(A214,'PurchaseOrders.List-JUL'!$A$8:$F$239,5,0)) -> 239954 | M214: =IF(A214=A213,"Addtnl Line / CO",VLOOKUP(A214,'PurchaseOrders.List-OCT'!$A$7:$F$260,6,0)) -> Emailed | N214: =VLOOKUP(A214, 'e.Builder Open PO Amts 10.21.25'!$F$7:$M$263,8,FALSE) -> 2796.02 | O214: =H214-N214 -> 0
A215: 461988 | B215: 1 | C215: 156 | D215: 0336 | E215: 156-2201 | F215: 41 | G215: 4000 | H215: 1488.51 | I215: =IF(A215=A214,"Addtnl Line / CO",VLOOKUP(A215,'PurchaseOrders.List-OCT'!$A$8:$E$259,2,0)) -> 45069 | J215: =IF(A215=A214,"Addtnl Line / CO",VLOOKUP(A215,Data_PO_List,3,0)) -> 25101 | K215: =IF(A215=A214,"Addtnl Line / CO",VLOOKUP(A215,Data_PO_List,4,0)) -> Treanor Inc | L215: =IF(A215=A214,"Addtnl Line / CO",VLOOKUP(A215,'PurchaseOrders.List-JUL'!$A$8:$F$239,5,0)) -> 179233 | M215: =IF(A215=A214,"Addtnl Line / CO",VLOOKUP(A215,'PurchaseOrders.List-OCT'!$A$7:$F$260,6,0)) -> Emailed | N215: =VLOOKUP(A215, 'e.Builder Open PO Amts 10.21.25'!$F$7:$M$263,8,FALSE) -> 1488.51 | O215: =H215-N215 -> 0
A216: 461987 | B216: 1 | C216: 315 | D216: 0336 | E216: 315-2201 | F216: 41 | G216: 4000 | H216: 30065.63 | I216: =IF(A216=A215,"Addtnl Line / CO",VLOOKUP(A216,'PurchaseOrders.List-OCT'!$A$8:$E$259,2,0)) -> 45069 | J216: =IF(A216=A215,"Addtnl Line / CO",VLOOKUP(A216,Data_PO_List,3,0)) -> 25101 | K216: =IF(A216=A215,"Addtnl Line / CO",VLOOKUP(A216,Data_PO_List,4,0)) -> Treanor Inc | L216: =IF(A216=A215,"Addtnl Line / CO",VLOOKUP(A216,'PurchaseOrders.List-JUL'!$A$8:$F$239,5,0)) -> 1075984 | M216: =IF(A216=A215,"Addtnl Line / CO",VLOOKUP(A216,'PurchaseOrders.List-OCT'!$A$7:$F$260,6,0)) -> Emailed | N216: =VLOOKUP(A216, 'e.Builder Open PO Amts 10.21.25'!$F$7:$M$263,8,FALSE) -> 30065.63 | O216: =H216-N216 -> 0
A217: 461941 | B217: 1 | C217: 254 | D217: 0334 | E217: 254-2201 | F217: 41 | G217: 4000 | H217: 8980 | I217: =IF(A217=A216,"Addtnl Line / CO",VLOOKUP(A217,'PurchaseOrders.List-OCT'!$A$8:$E$259,2,0)) -> 45058 | J217: =IF(A217=A216,"Addtnl Line / CO",VLOOKUP(A217,Data_PO_List,3,0)) -> 25031 | K217: =IF(A217=A216,"Addtnl Line / CO",VLOOKUP(A217,Data_PO_List,4,0)) -> RoofTech Consultants, Inc. | L217: =IF(A217=A216,"Addtnl Line / CO",VLOOKUP(A217,'PurchaseOrders.List-JUL'!$A$8:$F$239,5,0)) -> 41940 | M217: =IF(A217=A216,"Addtnl Line / CO",VLOOKUP(A217,'PurchaseOrders.List-OCT'!$A$7:$F$260,6,0)) -> Released revision | N217: =VLOOKUP(A217, 'e.Builder Open PO Amts 10.21.25'!$F$7:$M$263,8,FALSE)+2460 -> 11440 | O217: =H217-N217 -> -2460 | P217: Comittment #462492 not in Infor
A218: 461939 | B218: 1 | C218: 503 | D218: 0430 | E218: 503-2201 | F218: 41 | G218: 4000 | H218: 4170 | I218: =IF(A218=A217,"Addtnl Line / CO",VLOOKUP(A218,'PurchaseOrders.List-OCT'!$A$8:$E$259,2,0)) -> 45058 | J218: =IF(A218=A217,"Addtnl Line / CO",VLOOKUP(A218,Data_PO_List,3,0)) -> 22630 | K218: =IF(A218=A217,"Addtnl Line / CO",VLOOKUP(A218,Data_PO_List,4,0)) -> Integrity Fire Safety Services | L218: =IF(A218=A217,"Addtnl Line / CO",VLOOKUP(A218,'PurchaseOrders.List-JUL'!$A$8:$F$239,5,0)) -> 16552 | M218: =IF(A218=A217,"Addtnl Line / CO",VLOOKUP(A218,'PurchaseOrders.List-OCT'!$A$7:$F$260,6,0)) -> Released revision | N218: =VLOOKUP(A218, 'e.Builder Open PO Amts 10.21.25'!$F$7:$M$263,8,FALSE) -> 4170 | O218: =H218-N218 -> 0
A219: 461798 | B219: 1 | C219: 350 | D219: 0454 | E219: 350-2201 | F219: 41 | G219: 4000 | H219: 15476.75 | I219: =IF(A219=A218,"Addtnl Line / CO",VLOOKUP(A219,'PurchaseOrders.List-OCT'!$A$8:$E$259,2,0)) -> 45022 | J219: =IF(A219=A218,"Addtnl Line / CO",VLOOKUP(A219,Data_PO_List,3,0)) -> 10320 | K219: =IF(A219=A218,"Addtnl Line / CO",VLOOKUP(A219,Data_PO_List,4,0)) -> GROUND Engineering Consultants, Inc. | L219: =IF(A219=A218,"Addtnl Line / CO",VLOOKUP(A219,'PurchaseOrders.List-JUL'!$A$8:$F$239,5,0)) -> 228695 | M219: =IF(A219=A218,"Addtnl Line / CO",VLOOKUP(A219,'PurchaseOrders.List-OCT'!$A$7:$F$260,6,0)) -> Emailed | N219: =VLOOKUP(A219, 'e.Builder Open PO Amts 10.21.25'!$F$7:$M$263,8,FALSE) -> 15476.75 | O219: =H219-N219 -> 0
A220: 461780 | B220: 1 | C220: 644 | D220: 0650 | E220: BOND ADMIN | F220: 41 | G220: 2811 | H220: 42413.39 | I220: =IF(A220=A219,"Addtnl Line / CO",VLOOKUP(A220,'PurchaseOrders.List-OCT'!$A$8:$E$259,2,0)) -> 45021 | J220: =IF(A220=A219,"Addtnl Line / CO",VLOOKUP(A220,Data_PO_List,3,0)) -> 10215 | K220: =IF(A220=A219,"Addtnl Line / CO",VLOOKUP(A220,Data_PO_List,4,0)) -> VFA Inc. | L220: =IF(A220=A219,"Addtnl Line / CO",VLOOKUP(A220,'PurchaseOrders.List-JUL'!$A$8:$F$239,5,0)) -> 153719.58 | M220: =IF(A220=A219,"Addtnl Line / CO",VLOOKUP(A220,'PurchaseOrders.List-OCT'!$A$7:$F$260,6,0)) -> Emailed | N220: =VLOOKUP(A220, 'e.Builder Open PO Amts 10.21.25'!$F$7:$M$263,8,FALSE) -> 42413.39 | O220: =H220-N220 -> 0
A221: 461763 | B221: 1 | C221: 350 | D221: 0336 | E221: 350-2201 | F221: 41 | G221: 4000 | H221: 21677.5 | I221: =IF(A221=A220,"Addtnl Line / CO",VLOOKUP(A221,'PurchaseOrders.List-OCT'!$A$8:$E$259,2,0)) -> 45016 | J221: =IF(A221=A220,"Addtnl Line / CO",VLOOKUP(A221,Data_PO_List,3,0)) -> 16643 | K221: =IF(A221=A220,"Addtnl Line / CO",VLOOKUP(A221,Data_PO_List,4,0)) -> MOA ARCHITECTURE | L221: =IF(A221=A220,"Addtnl Line / CO",VLOOKUP(A221,'PurchaseOrders.List-JUL'!$A$8:$F$239,5,0)) -> 1170820.7 | M221: =IF(A221=A220,"Addtnl Line / CO",VLOOKUP(A221,'PurchaseOrders.List-OCT'!$A$7:$F$260,6,0)) -> Emailed | N221: =VLOOKUP(A221, 'e.Builder Open PO Amts 10.21.25'!$F$7:$M$263,8,FALSE) -> 21677.5 | O221: =H221-N221 -> 0
...

Sheet PurchaseOrders.List-OCT
A1: INFOR Report
A2: Purchasing --> Advanced Search --> Encumbrances | D2: Total amount of PO: (Calculate)
A3: Saved Report: Purchase Orders List -->> Filter Fund 41
A4: Ran 10.17.25
A5: Duplicates edited to $0
E6: =SUBTOTAL(9,E8:E260) -> 1.8555034e+08
A7: Purchase Order | B7: Purchase Order Date | C7: Vendor | D7: Vendor Name | E7: Calculate Total Amount | F7: Purchase Order Status
A8: 465170 | B8: 45947 | C8: 10320 | D8: GROUND Engineering Consultants, Inc. | E8: 0 | F8: Emailed
A9: 465141 | B9: 45938 | C9: 24829 | D9: Career And Technical Training, LLC | E9: 4350 | F9: Emailed
A10: 465134 | B10: 45937 | C10: 24761 | D10: SynDaver EDU Inc. | E10: 9955.85 | F10: Emailed
A11: 465108 | B11: 45929 | C11: 22952 | D11: Ninyo & Moore Geotechnical & Environmental Sciences Consultants | E11: 10205 | F11: Emailed
A12: 465091 | B12: 45926 | C12: 29264 | D12: AJI Fence Ltd. | E12: 1435 | F12: Emailed
A13: 465050 | B13: 45917 | C13: 29215 | D13: Encore Electric, Inc. | E13: 6304.96 | F13: Emailed
A14: 465049 | B14: 45917 | C14: 29215 | D14: Encore Electric, Inc. | E14: 6304.96 | F14: Emailed
A15: 465048 | B15: 45917 | C15: 29215 | D15: Encore Electric, Inc. | E15: 3604.96 | F15: Emailed
A16: 465041 | B16: 45917 | C16: 10419 | D16: GEORGE T SANDERS COMPANY | E16: 18889.88 | F16: Emailed
A17: 465033 | B17: 45912 | C17: 29207 | D17: Equalized Productions LLC | E17: 159256 | F17: Emailed
A18: 464985 | B18: 45904 | C18: 28269 | D18: Pavion Corp. | E18: 498.2 | F18: Emailed
A19: 464974 | B19: 45898 | C19: 10243 | D19: McKinstry Essention, LLC | E19: 225090 | F19: Emailed
... A260: 460529 | B260: 44665 | C260: 10309 | D260: FCI Constructors, Inc. | E260: 249513.25 | F260: Closed

Sheet PurchaseOrders.List-JUL
A1: INFOR Report
A2: Purchasing --> Advanced Search --> Encumbrances | D2: Total amount of PO: (Calculate)
A3: Saved Report: Purchase Orders List -->> Filter Fund 41
A4: Ran 10.21.25 - Date Before 07.01.25
A5: Duplicates edited to $0
E6: =SUBTOTAL(9,E8:E236) -> 1.8458423e+08
A7: PurchaseOrder | B7: PurchaseOrder.PurchaseOrderDate | C7: PurchaseOrder.Vendor | D7: PurchaseOrderLine.DerivedWidgetVendorName | E7: PurchaseOrder.CalculateTotalAmount | F7: PurchaseOrder.DerivedPurchaseOrderStatus
A8: 464673 | B8: 45838 | C8: 10247 | D8: CDW Government LLC | E8: 18565 | F8: Emailed
A9: 464672 | B9: 45838 | C9: 10438 | D9: BC Interiors, Inc | E9: 12206.44 | F9: Emailed
A10: 464643 | B10: 45824 | C10: 27018 | D10: Jensen Hughes, Inc. | E10: 10300 | F10: Emailed
A11: 464576 | B11: 45810 | C11: 10448 | D11: HSS Inc | E11: 36547 | F11: Emailed
A12: 464542 | B12: 45799 | C12: 23665 | D12: OS Schools | E12: 204938.16 | F12: Emailed
A13: 464538 | B13: 45798 | C13: 10274 | D13: United Restaurant Supply, LLC. | E13: 24657 | F13: Emailed
A14: 464537 | B14: 45798 | C14: 24769 | D14: Accenture Infrastructure and Capital Projects LLC | E14: 12463 | F14: Emailed
A15: 464536 | B15: 45798 | C15: 24769 | D15: Accenture Infrastructure and Capital Projects LLC | E15: 20691 | F15: Emailed
A16: 464529 | B16: 45798 | C16: 10247 | D16: CDW Government LLC | E16: 17970.25 | F16: Emailed
A17: 464524 | B17: 45798 | C17: 10438 | D17: BC Interiors, Inc | E17: 439724.38 | F17: Emailed
A18: 464523 | B18: 45798 | C18: 10280 | D18: Buehler Companies | E18: 12350 | F18: Emailed
A19: 464503 | B19: 45790 | C19: 10320 | D19: GROUND Engineering Consultants, Inc. | E19: 2295 | F19: Emailed
... A236: 460529 | B236: 44665 | C236: 10309 | D236: FCI Constructors, Inc. | E236: 249513.25 | F236: Closed

Sheet e.Builder Open PO Amts 10.21.25
A1: eBuilder Report
A2: Open Commitments Recon Report
A3: Ran 10.21.25
M5: =SUBTOTAL(9,M7:M263) -> 41238653
A6: Project Number | B6: Company Number | C6: Company Name | D6: Commitment Date | E6: Commitment Status | F6: Commitment Number | G6: Current Commitment Value | H6: Pending Changes | I6: Projected Changes | J6: Projected Commitment Value | K6: Actuals Approved | L6: Current Retainage Held | M6: Open Projected Commitment
A7: PLAYGROUNDS-22 | B7: 10309 | C7: FCI Constructors, Inc. | D7: 45743 | E7: Approved | F7: 464344 | G7: 26250 | H7: 0 | I7: 0 | J7: 26250 | K7: 0 | L7: 0 | M7: 26250
A8: PLAYGROUNDS-22 | B8: 10320 | C8: GROUND Engineering Consultants, Inc. | D8: 45667 | E8: Approved | F8: 464094 | G8: 16025 | H8: 0 | I8: 0 | J8: 16025 | K8: 8508 | L8: 0 | M8: 7517
A9: PLAYGROUNDS-22 | B9: 10368 | C9: Design Concepts | D9: 45246 | E9: Approved | F9: 462690 | G9: 740998 | H9: 0 | I9: 0 | J9: 740998 | K9: 649633.7 | L9: 0 | M9: 91364.3
A10: 252-2201 | B10: 10209 | C10: Hord Coplan Macht, Inc. | D10: 45099 | E10: Approved | F10: 462091 | G10: 280510 | H10: 0 | I10: 0 | J10: 280510 | K10: 279780.5 | L10: 0 | M10: 729.5
A11: 252-2201 | B11: 10320 | C11: GROUND Engineering Consultants, Inc. | D11: 45331 | E11: Approved | F11: 462948 | G11: 14475 | H11: 0 | I11: 0 | J11: 14475 | K11: 9865 | L11: 0 | M11: 4610
A12: 252-2201 | B12: 16779 | C12: Albireo Energy | D12: 44998 | E12: Approved | F12: 461657 | G12: 6546 | H12: 0 | I12: 0 | J12: 6546 | K12: 6218.7 | L12: 0 | M12: 327.3
A13: 252-2201 | B13: 24907 | C13: Iconergy | D13: 45197 | E13: Approved | F13: 462522 | G13: 13569 | H13: 0 | I13: 0 | J13: 13569 | K13: 7934.5 | L13: 0 | M13: 5634.5
A14: 340-2201 | B14: 10309 | C14: FCI Constructors, Inc. | D14: 45264 | E14: Approved | F14: 462741 | G14: 21916023 | H14: 0 | I14: 0 | J14: 21916023 | K14: 8131233.9 | L14: 406561.77 | M14: 14191351
A15: 340-2201 | B15: 10320 | C15: GROUND Engineering Consultants, Inc. | E15: Approved | F15: 464098 | G15: 59705 | H15: 0 | I15: 0 | J15: 59705 | K15: 20864.25 | L15: 0 | M15: 38840.75
A16: 340-2201 | B16: 10438 | C16: BC Interiors, Inc | E16: Approved | F16: 464254 | G16: 51250.47 | H16: 0 | I16: 0 | J16: 51250.47 | K16: 29402.44 | L16: 0 | M16: 21848.03
A17: 340-2201 | B17: 10438 | C17: BC Interiors, Inc | E17: Approved | F17: 464524 | G17: 439724.38 | H17: 0 | I17: 0 | J17: 439724.38 | K17: 244752.24 | L17: 0 | M17: 194972.14
A18: 340-2201 | B18: 10448 | C18: HSS Inc | E18: Approved | F18: 464163 | G18: 150753 | H18: 0 | I18: 0 | J18: 150753 | K18: 42540 | L18: 0 | M18: 108213
A19: 340-2201 | B19: 16637 | C19: DLR Group | D19: 44995 | E19: Approved | F19: 461651 | G19: 271225.9 | H19: 0 | I19: 0 | J19: 271225.9 | K19: 226760.9 | L19: 0 | M19: 44465
A20: 340-2201 | B20: 16637 | C20: DLR Group | D20: 44995 | E20: Approved | F20: 461651 FUND-22 | G20: -44465 | H20: 0 | I20: 0 | J20: -44465 | K20: 0 | L20: 0 | M20: -44465
A21: 340-2201 | B21: 16779 | C21: Albireo Energy | D21: 44998 | E21: Approved | F21: 461658 | G21: 6572 | H21: 0 | I21: 0 | J21: 6572 | K21: 0 | L21: 0 | M21: 6572
A22: 340-2201 | B22: 22857 | C22: Workplace Resource | E22: Approved | F22: 464237 | G22: 91560 | H22: 0 | I22: 0 | J22: 91560 | K22: 50417.5 | L22: 0 | M22: 41142.5
A23: 340-2201 | B23: 23174 | C23: Colorado Hazard Control | E23: Approved | F23: 464257 | G23: 722798 | H23: 0 | I23: 0 | J23: 722798 | K23: 630432.35 | L23: 0 | M23: 92365.65
A24: 340-2201 | B24: 24279 | C24: Cuningham Group Architecture | D24: 45320 | E24: Approved | F24: 462896 | G24: 1779010 | H24: 0 | I24: 0 | J24: 1779010 | K24: 1480631.3 | L24: 0 | M24: 298378.71
A25: 340-2201 | B25: 24761 | C25: SynDaver EDU Inc. | E25: Approved | F25: 465134 | G25: 9955.85 | H25: 0 | I25: 0 | J25: 9955.85 | K25: 0 | L25: 0 | M25: 9955.85
A26: 340-2201 | B26: 24907 | C26: Iconergy | D26: 45230 | E26: Approved | F26: 464814 | G26: 26719 | H26: 0 | I26: 0 | J26: 26719 | K26: 2109.5 | L26: 0 | M26: 24609.5
A27: 340-2201 | B27: 25157 | C27: Landmark Environmental Inc | D27: 45246 | E27: Approved | F27: 462685 | G27: 47910 | H27: 0 | I27: 0 | J27: 47910 | K27: 45913.21 | L27: 0 | M27: 1996.79
A28: 505-2201 | B28: 10244 | C28: Sport Tech Flooring LLC | D28: 45328 | E28: Approved | F28: 462933 | G28: 5328 | H28: 0 | I28: 0 | J28: 5328 | K28: 0 | L28: 0 | M28: 5328
A29: 505-2201 | B29: 10309 | C29: FCI Constructors, Inc. | D29: 45723 | E29: Approved | F29: 464265 | G29: 525355.67 | H29: 0 | I29: 0 | J29: 525355.67 | K29: 525355.67 | L29: 26267.79 | M29: 26267.79
A30: 505-2201 | B30: 10320 | C30: GROUND Engineering Consultants, Inc. | D30: 45947 | E30: Approved | F30: 465170 | G30: 5500 | H30: 0 | I30: 0 | J30: 5500 | K30: 0 | L30: 0 | M30: 5500
A31: 505-2201 | B31: 16779 | C31: Albireo Energy | D31: 44998 | E31: Approved | F31: 461659 | G31: 47144 | H31: 0 | I31: 0 | J31: 47144 | K31: 44786.8 | L31: 0 | M31: 2357.2
A32: 505-2201 | B32: 22887 | C32: Shums Coda Associates, Inc. | D32: 45243 | E32: Approved | F32: 462678 | G32: 3485 | H32: 0 | I32: 0 | J32: 3485 | K32: 0 | L32: 0 | M32: 3485
A33: 505-2201 | B33: 24907 | C33: Iconergy | D33: 45230 | E33: Approved | F33: 462631 | G33: 12450 | H33: 0 | I33: 0 | J33: 12450 | K33: 3536 | L33: 0 | M33: 8914
A34: 505-2201 | B34: 25243 | C34: BVH Architecture | D34: 45617 | E34: Approved | F34: 464346 | G34: 245853 | H34: 0 | I34: 0 | J34: 245853 | K34: 119964.27 | L34: 0 | M34: 125888.73
A35: 505-2201 | B35: 25657 | C35: Alliance Construction Solutions, LLC | D35: 45621 | E35: Approved | F35: 463990 | G35: 3000 | H35: 0 | I35: 0 | J35: 3000 | K35: 0 | L35: 0 | M35: 3000
A36: 505-2201 | B36: 25657 | C36: Alliance Construction Solutions, LLC | D36: 45601 | E36: Approved | F36: 464345 | G36: 3000 | H36: 0 | I36: 0 | J36: 3000 | K36: 0 | L36: 0 | M36: 3000
A37: 979-2201 | B37: 16779 | C37: Albireo Energy | D37: 44998 | E37: Approved | F37: 461661 | G37: 54801 | H37: 0 | I37: 0 | J37: 54801 | K37: 23778.49 | L37: 0 | M37: 31022.51
A38: 979-2201 | B38: 24907 | C38: Iconergy | D38: 45197 | E38: Approved | F38: 462521 | G38: 20776 | H38: 0 | I38: 0 | J38: 20776 | K38: 18536 | L38: 0 | M38: 2240
A39: 979-2201 | B39: 25614 | C39: Eidos Architects PC | E39: Approved | F39: 464063 | G39: 94626 | H39: 0 | I39: 0 | J39: 94626 | K39: 70121.64 | L39: 0 | M39: 24504.36
A40: 979-2201 | B40: 27992 | C40: Swinerton Builders | E40: Approved | F40: 464137 | G40: 3083 | H40: 0 | I40: 0 | J40: 3083 | K40: 2055 | L40: 0 | M40: 1028
A41: 119-2201 | B41: 24907 | C41: Iconergy | D41: 45896 | E41: Approved | F41: 464971 | G41: 9800 | H41: 0 | I41: 0 | J41: 9800 | K41: 0 | L41: 0 | M41: 9800
A42: 119-2201 | B42: 24907 | C42: Iconergy | D42: 45197 | E42: Approved | F42: 462520 | G42: 6720 | H42: 0 | I42: 0 | J42: 6720 | K42: 6442.8 | L42: 0 | M42: 277.2
A43: 119-2201 | B43: 25300 | C43: U.S. Engineering Service LLC | D43: 45875 | E43: Approved | F43: 464897 | G43: 300347.83 | H43: 0 | I43: 0 | J43: 300347.83 | K43: 300347.83 | L43: 15017.39 | M43: 15017.39
A44: 120-2201 | B44: 16779 | C44: Albireo Energy | D44: 44998 | E44: Approved | F44: 461660 | G44: 32623 | H44: 0 | I44: 0 | J44: 32623 | K44: 30991.85 | L44: 0 | M44: 1631.15
A45: 120-2201 | B45: 24769 | C45: Accenture Infrastructure and Capital Projects LLC | E45: Approved | F45: 464537 | G45: 12463 | H45: 0 | I45: 0 | J45: 12463 | K45: 0 | L45: 0 | M45: 12463
A46: 120-2201 | B46: 24907 | C46: Iconergy | D46: 45230 | E46: Approved | F46: 462637 | G46: 5994 | H46: 0 | I46: 0 | J46: 5994 | K46: 5394.6 | L46: 0 | M46: 599.4
A47: 120-2201 | B47: 25243 | C47: BVH Architecture | E47: Approved | F47: 464347 | G47: 114471 | H47: 0 | I47: 0 | J47: 114471 | K47: 83509.18 | L47: 0 | M47: 30961.82
A48: 120-2201 | B48: 25657 | C48: Alliance Construction Solutions, LLC | E48: Approved | F48: 464029 | G48: 3000 | H48: 0 | I48: 0 | J48: 3000 | K48: 0 | L48: 0 | M48: 3000
A49: BOND ADMIN | B49: 10215 | C49: VFA Inc. | D49: 45021 | E49: Approved | F49: 461780 | G49: 153719.58 | H49: 0 | I49: 0 | J49: 153719.58 | K49: 111306.19 | L49: 0 | M49: 42413.39
A50: 310-2201 | B50: 10320 | C50: GROUND Engineering Consultants, Inc. | D50: 45420 | E50: Approved | F50: 463365 | G50: 28995 | H50: 0 | I50: 0 | J50: 28995 | K50: 25602.5 | L50: 0 | M50: 3392.5
A51: 310-2201 | B51: 10448 | C51: HSS Inc | D51: 45579 | E51: Approved | F51: 463825 | G51: 14711 | H51: 0 | I51: 0 | J51: 14711 | K51: 0 | L51: 0 | M51: 14711
A52: 310-2201 | B52: 16779 | C52: Albireo Energy | D52: 44998 | E52: Approved | F52: 461663 | G52: 82754 | H52: 0 | I52: 0 | J52: 82754 | K52: 78616.3 | L52: 0 | M52: 4137.7
A53: 310-2201 | B53: 24038 | C53: Prestige Corporate Relocation | D53: 45719 | E53: Approved | F53: 464244 | G53: 62889.4 | H53: 0 | I53: 0 | J53: 62889.4 | K53: 61129.6 | L53: 0 | M53: 1759.8
A54: 310-2201 | B54: 24769 | C54: Accenture Infrastructure and Capital Projects LLC | D54: 45251 | E54: Approved | F54: 462705 | G54: 243991.3 | H54: 0 | I54: 0 | J54: 243991.3 | K54: 153517.53 | L54: 0 | M54: 90473.77
A55: 310-2201 | B55: 24907 | C55: Iconergy | D55: 45197 | E55: Approved | F55: 462519 | G55: 21011 | H55: 0 | I55: 0 | J55: 21011 | K55: 16485.15 | L55: 0 | M55: 4525.85
A56: 310-2201 | B56: 25011 | C56: Hellas Construction, Inc. | E56: Approved | F56: 464478 | G56: 99000 | H56: 0 | I56: 0 | J56: 99000 | K56: 0 | L56: 0 | M56: 99000
A57: 310-2201 | B57: 26157 | C57: Peak Environmental | E57: Approved | F57: 464064 | G57: 688469 | H57: 0 | I57: 0 | J57: 688469 | K57: 274263.2 | L57: 13713.17 | M57: 427918.97
A58: 310-2201 | B58: 26775 | C58: JHL Constructors LLC | D58: 45411 | E58: Approved | F58: 463203 | G58: 13291831 | H58: 42001 | I58: 0 | J58: 13333832 | K58: 8974060.7 | L58: 447453.1 | M58: 4807224.4
A59: 310-2201 | B59: 27060 | C59: Mobile Modular | D59: 45776 | E59: Approved | F59: 464438 | G59: 850.3 | H59: 0 | I59: 0 | J59: 850.3 | K59: 775.25 | L59: 0 | M59: 75.05
A60: 310-2201 | B60: 27197 | C60: Harley Ellis Devereaux Corporation HED | E60: Approved | F60: 463553 | G60: 623224.34 | H60: 0 | I60: 0 | J60: 623224.34 | K60: 493580.17 | L60: 0 | M60: 129644.17
A61: 310-2201 | B61: 28269 | C61: Pavion Corp. | E61: Approved | F61: 464985 | G61: 498.2 | H61: 0 | I61: 0 | J61: 498.2 | K61: 0 | L61: 0 | M61: 498.2
A62: 932-2201 | B62: 10320 | C62: GROUND Engineering Consultants, Inc. | D62: 45313 | E62: Approved | F62: 462866 | G62: 4385 | H62: 0 | I62: 0 | J62: 4385 | K62: 4132 | L62: 0 | M62: 253
A63: 225-2201 | B63: 10320 | C63: GROUND Engineering Consultants, Inc. | D63: 45222 | E63: Approved | F63: 462606 | G63: 23820 | H63: 0 | I63: 0 | J63: 23820 | K63: 23785 | L63: 0 | M63: 35
A64: 225-2201 | B64: 16779 | C64: Albireo Energy | D64: 44998 | E64: Approved | F64: 461665 | G64: 28752 | H64: 0 | I64: 0 | J64: 28752 | K64: 27314.4 | L64: 0 | M64: 1437.6
A65: 225-2201 | B65: 24038 | C65: Prestige Corporate Relocation | E65: Approved | F65: 463118 | G65: 17480.7 | H65: 0 | I65: 0 | J65: 17480.7 | K65: 8740.35 | L65: 0 | M65: 8740.35
A66: 225-2201 | B66: 25101 | C66: Treanor Inc | D66: 45069 | E66: Approved | F66: 461989 | G66: 239954 | H66: 0 | I66: 0 | J66: 239954 | K66: 237157.98 | L66: 0 | M66: 2796.02
A67: 225-2201 | B67: 26775 | C67: JHL Constructors LLC | E67: Approved | F67: 462358 | G67: 3482147 | H67: 0 | I67: 0 | J67: 3482147 | K67: 3333260.5 | L67: 166663.05 | M67: 315549.55
A68: 225-2201 | B68: 27473 | C68: Overhead Door Company of Denver, Inc. | E68: Approved | F68: 463636 | G68: 5700 | H68: 0 | I68: 0 | J68: 5700 | K68: 0 | L68: 0 | M68: 5700
A69: 315-2201 | B69: 10211 | C69: School Outfitters | E69: Approved | F69: 463228 | G69: 134255.01 | H69: 0 | I69: 0 | J69: 134255.01 | K69: 134253.57 | L69: 0 | M69: 1.44
A70: 315-2201 | B70: 10247 | C70: CDW Government LLC | E70: Approved | F70: 464529 | G70: 17970.25 | H70: 0 | I70: 0 | J70: 17970.25 | K70: 17502 | L70: 0 | M70: 468.25
A71: 315-2201 | B71: 10288 | C71: Audio Enhancement | E71: Approved | F71: 463522 | G71: 14037.22 | H71: 0 | I71: 0 | J71: 14037.22 | K71: 13973.2 | L71: 0 | M71: 64.02
A72: 315-2201 | B72: 10320 | C72: GROUND Engineering Consultants, Inc. | D72: 45218 | E72: Approved | F72: 462594 | G72: 64790 | H72: 0 | I72: 0 | J72: 64790 | K72: 64237.5 | L72: 0 | M72: 552.5
A73: 315-2201 | B73: 10448 | C73: HSS Inc | D73: 45243 | E73: Approved | F73: 462679 | G73: 9245 | H73: 0 | I73: 0 | J73: 9245 | K73: 6360 | L73: 0 | M73: 2885
A74: 315-2201 | B74: 16779 | C74: Albireo Energy | D74: 44998 | E74: Approved | F74: 461664 | G74: 57319 | H74: 0 | I74: 0 | J74: 57319 | K74: 54453.06 | L74: 0 | M74: 2865.94
A75: 315-2201 | B75: 22510 | C75: The Home Depot Pro | E75: Approved | F75: 464489 | G75: 6989.49 | H75: 0 | I75: 0 | J75: 6989.49 | K75: 6234.75 | L75: 0 | M75: 754.74
A76: 315-2201 | B76: 24769 | C76: Accenture Infrastructure and Capital Projects LLC | D76: 45209 | E76: Approved | F76: 462560 | G76: 91499 | H76: 0 | I76: 0 | J76: 91499 | K76: 90205.5 | L76: 0 | M76: 1293.5
A77: 315-2201 | B77: 24907 | C77: Iconergy | D77: 45230 | E77: Approved | F77: 462632 | G77: 17920 | H77: 0 | I77: 0 | J77: 17920 | K77: 12471.6 | L77: 0 | M77: 5448.4
A78: 315-2201 | B78: 25031 | C78: RoofTech Consultants, Inc. | D78: 45195 | E78: Approved | F78: 462492 | G78: 2460 | H78: 0 | I78: 0 | J78: 2460 | K78: 0 | L78: 0 | M78: 2460
A79: 315-2201 | B79: 25101 | C79: Treanor Inc | D79: 45069 | E79: Approved | F79: 461987 | G79: 1075984 | H79: 0 | I79: 0 | J79: 1075984 | K79: 1045918.4 | L79: 0 | M79: 30065.63
A80: 315-2201 | B80: 26163 | C80: JKS Industries, LLC | E80: Approved | F80: 463132 | G80: 375734.38 | H80: 0 | I80: 0 | J80: 375734.38 | K80: 350851.38 | L80: 17542.57 | M80: 42425.57
A81: 315-2201 | B81: 26775 | C81: JHL Constructors LLC | D81: 45159 | E81: Approved | F81: 462357 | G81: 13672573 | H81: 127586 | I81: 0 | J81: 13800159 | K81: 13244981 | L81: 662249.14 | M81: 1217426.7
A82: 315-2201 | B82: 28337 | C82: Colorado Civil Group, Inc. | E82: Approved | F82: 464221 | G82: 11010 | H82: 0 | I82: 0 | J82: 11010 | K82: 1300 | L82: 0 | M82: 9710
A83: 315-2201 | B83: 29215 | C83: Encore Electric, Inc. | E83: Approved | F83: 465048 | G83: 3604.96 | H83: 0 | I83: 0 | J83: 3604.96 | K83: 0 | L83: 0 | M83: 3604.96
A84: 240-2201 | B84: 10320 | C84: GROUND Engineering Consultants, Inc. | D84: 45678 | E84: Approved | F84: 464108 | G84: 4775 | H84: 0 | I84: 0 | J84: 4775 | K84: 4520 | L84: 0 | M84: 255
A85: 240-2201 | B85: 16779 | C85: Albireo Energy | D85: 44998 | E85: Approved | F85: 461666 | G85: 30338 | H85: 0 | I85: 0 | J85: 30338 | K85: 28821.08 | L85: 0 | M85: 1516.92
A86: 240-2201 | B86: 24907 | C86: Iconergy | D86: 45197 | E86: Approved | F86: 462518 | G86: 16510 | H86: 0 | I86: 0 | J86: 16510 | K86: 9348 | L86: 0 | M86: 7162
A87: 240-2201 | B87: 25250 | C87: Taylor Kohrs LLC | D87: 45358 | E87: Approved | F87: 463167 | G87: 1707602 | H87: 0 | I87: 0 | J87: 1707602 | K87: 1648032.4 | L87: 82026.66 | M87: 141596.22
A88: 240-2201 | B88: 25614 | C88: Eidos Architects PC | D88: 45385 | E88: Approved | F88: 463092 | G88: 175705 | H88: 0 | I88: 0 | J88: 175705 | K88: 170680 | L88: 0 | M88: 5025
A89: 320-2201 | B89: 10209 | C89: Hord Coplan Macht, Inc. | D89: 45099 | E89: Approved | F89: 462093 | G89: 1050003.5 | H89: 0 | I89: 0 | J89: 1050003.5 | K89: 1039814.5 | L89: 0 | M89: 10189
A90: 320-2201 | B90: 10320 | C90: GROUND Engineering Consultants, Inc. | D90: 45139 | E90: Approved | F90: 462248 | G90: 68365 | H90: 0 | I90: 0 | J90: 68365 | K90: 68086.75 | L90: 0 | M90: 278.25
A91: 320-2201 | B91: 10448 | C91: HSS Inc | D91: 45419 | E91: Approved | F91: 463232 | G91: 32499 | H91: 0 | I91: 0 | J91: 32499 | K91: 32419 | L91: 0 | M91: 80
A92: 320-2201 | B92: 16603 | C92: Adolfson & Peterson Construction | D92: 45174 | E92: Approved | F92: 462418 | G92: 12671289 | H92: 0 | I92: 0 | J92: 12671289 | K92: 12623443 | L92: 631172.22 | M92: 679018.2
A93: 320-2201 | B93: 16779 | C93: Albireo Energy | D93: 44998 | E93: Approved | F93: 461667 | G93: 68077 | H93: 0 | I93: 0 | J93: 68077 | K93: 64673.16 | L93: 0 | M93: 3403.84
A94: 320-2201 | B94: 24907 | C94: Iconergy | E94: Approved | F94: 463036 | G94: 10351 | H94: 0 | I94: 0 | J94: 10351 | K94: 0 | L94: 0 | M94: 10351
A95: 320-2201 | B95: 26157 | C95: Peak Environmental | D95: 45425 | E95: Approved | F95: 463254 | G95: 154729 | H95: 0 | I95: 0 | J95: 154729 | K95: 147863 | L95: 0 | M95: 6866
A96: 250-2201 | B96: 22884 | C96: FieldTurf USA, Inc. | D96: 45314 | E96: Approved | F96: 462875 | G96: 821082.74 | H96: 0 | I96: 0 | J96: 821082.74 | K96: 826724.68 | L96: 41336.24 | M96: 35694.3
A97: 250-2201 | B97: 23484 | C97: Palace Construction Co., Inc. | E97: Approved | F97: 463986 | G97: 23239.6 | H97: 0 | I97: 0 | J97: 23239.6 | K97: 0 | L97: 0 | M97: 23239.6
A98: 250-2201 | B98: 24769 | C98: Accenture Infrastructure and Capital Projects LLC | E98: Approved | F98: 464456 | G98: 20544 | H98: 0 | I98: 0 | J98: 20544 | K98: 0 | L98: 0 | M98: 20544
A99: 250-2201 | B99: 24907 | C99: Iconergy | D99: 45197 | E99: Approved | F99: 462516 | G99: 2240 | H99: 0 | I99: 0 | J99: 2240 | K99: 0 | L99: 0 | M99: 2240
A100: 250-2201 | B100: 25614 | C100: Eidos Architects PC | E100: Approved | F100: 463988 | G100: 260890 | H100: 0 | I100: 0 | J100: 260890 | K100: 194691.56 | L100: 0 | M100: 66198.44
A101: 158-2201 | B101: 10309 | C101: FCI Constructors, Inc. | D101: 45723 | E101: Approved | F101: 464270 | G101: 372238 | H101: 0 | I101: 0 | J101: 372238 | K101: 372238 | L101: 18611.91 | M101: 18611.91
...

Sheet e.Builder Open PO Amts 08.28
A1: eBuilder Report
A2: Open Commitments Recon Report
A3: Ran 08.28.25
H5: (Convert to #) | I5: =SUBTOTAL(9,I7:I291) -> 1.9394611e+08 | J5: =SUBTOTAL(9,J7:J291) -> 294050.4 | K5: =SUBTOTAL(9,K7:K291) -> 0 | L5: =SUBTOTAL(9,L7:L291) -> 1.9426972e+08 | M5: =SUBTOTAL(9,M7:M291) -> 1.3581908e+08 | N5: =SUBTOTAL(9,N7:N291) -> 5093571.7 | O5: =SUBTOTAL(9,O7:O291) -> 63544210
A6: Year Bond Passed | B6: Project Name | C6: Project Number | D6: Company Number | E6: Company Name | F6: Commitment Date | G6: Commitment Status | H6: Commitment Number | I6: Current Commitment Value | J6: Pending Changes | K6: Projected Changes | L6: Projected Commitment Value | M6: Actuals Approved | N6: Current Retainage Held | O6: Open Projected Commitment Amount
A7: 2022 | B7: 22 - New Vista High | C7: 350-2201 | D7: 16603 | E7: Adolfson & Peterson Construction | F7: 45005 | G7: Approved | H7: 461704 | I7: 43602194 | J7: 0 | K7: 0 | L7: 43602194 | M7: 39598633 | N7: 1087968 | O7: 5091528.9
A8: 2022 | B8: 22 - Arapahoe Ridge High | C8: 340-2201 | D8: 10309 | E8: FCI Constructors, Inc. | F8: 45264 | G8: Approved | H8: 462741 | I8: 21916023 | J8: 0 | K8: 0 | L8: 21916023 | M8: 6746037.3 | N8: 337301.9 | O8: 15507288
A9: 2022 | B9: 22 - Broomfield High | C9: 315-2201 | D9: 26775 | E9: JHL Constructors LLC | F9: 45159 | G9: Approved | H9: 462357 | I9: 13672573 | J9: 0 | K9: 0 | L9: 13672573 | M9: 12889144 | N9: 644457.26 | O9: 1427886.3
A10: 2022 | B10: 22 - Boulder High | C10: 310-2201 | D10: 26775 | E10: JHL Constructors LLC | F10: 45411 | G10: Approved | H10: 463203 | I10: 13080935 | J10: 210896 | K10: 0 | L10: 13291831 | M10: 4404592.9 | N10: 218979.68 | O10: 9106217.8
A11: 2022 | B11: 22 - Centaurus High | C11: 320-2201 | D11: 16603 | E11: Adolfson & Peterson Construction | F11: 45174 | G11: Approved | H11: 462418 | I11: 12665992 | J11: 0 | K11: 0 | L11: 12665992 | M11: 11969169 | N11: 598458.52 | O11: 1295281.8
A12: 2022 | B12: 22 - Monarch High | C12: 360-2201 | D12: 26878 | E12: Gerald H Phipps Inc dba GH Phipps Construction | G12: Approved | H12: 463195 | I12: 12494750 | J12: 0 | K12: 0 | L12: 12494750 | M12: 5407846.3 | N12: 270392.34 | O12: 7357296.4
A13: 2022 | B13: 22 - Peak To Peak | C13: 956-2201 | D13: 10321 | E13: Fransen Pittman General Contractors | F13: 45272 | G13: Approved | H13: 462757 | I13: 10413435 | J13: 0 | K13: 0 | L13: 10413435 | M13: 10413435 | N13: 520071.76 | O13: 520071.76
A14: 2022 | B14: 22 - Summit Middle | C14: 925-2201 | D14: 23484 | E14: Palace Construction Co., Inc. | G14: Approved | H14: 463221 | I14: 3965336.6 | J14: 0 | K14: 0 | L14: 3965336.6 | M14: 1913453.5 | N14: 95222.71 | O14: 2147105.8
A15: 2022 | B15: 22 - Broomfield Heights Middle | C15: 225-2201 | D15: 26775 | E15: JHL Constructors LLC | G15: Approved | H15: 462358 | I15: 3482147 | J15: 0 | K15: 0 | L15: 3482147 | M15: 3333260.5 | N15: 166663.05 | O15: 315549.55
A16: 2022 | B16: 22 - Pioneer Elementary | C16: 180-2201 | D16: 26916 | E16: Bryan Construction | G16: Approved | H16: 463225 | I16: 3208039.8 | J16: 6412.8 | K16: 0 | L16: 3214452.6 | M16: 1491660.6 | N16: 74233.03 | O16: 1797025.1
A17: 2022 | B17: 22 - Angevine Middle | C17: 252-2201 | D17: 16603 | E17: Adolfson & Peterson Construction | F17: 45174 | G17: Approved | H17: 462419 | I17: 2918256 | J17: 0 | K17: 0 | L17: 2918256 | M17: 2918256 | N17: 145903.16 | O17: 145903.16
A18: 2022 | B18: 22 - Monarch PK-8 | C18: 502-2201 | D18: 26878 | E18: Gerald H Phipps Inc dba GH Phipps Construction | G18: Approved | H18: 463194 | I18: 2815809 | J18: 0 | K18: 0 | L18: 2815809 | M18: 2326352.6 | N18: 116317.62 | O18: 605774.03
A19: 2022 | B19: 22 - Louisville Middle | C19: 254-2201 | D19: 26686 | E19: Howell Construction | G19: Approved | H19: 463134 | I19: 2570573.1 | J19: 0 | K19: 0 | L19: 2570573.1 | M19: 1382749.2 | N19: 68972.12 | O19: 1256795.9
A20: 2022 | B20: 22 - Fairview High | C20: 330-2201 | D20: 16603 | E20: Adolfson & Peterson Construction | F20: 45595 | G20: Approved | H20: 463899 | I20: 2186400.4 | J20: 0 | K20: 0 | L20: 2186400.4 | M20: 12825 | N20: 0 | O20: 2173575.4
A21: 2022 | B21: 22 - New Vista High | C21: 350-2201 | D21: 10254 | E21: Earth Services & Abatement, LLC | G21: Approved | H21: 463305 | I21: 2165935.8 | J21: 0 | K21: 0 | L21: 2165935.8 | M21: 1559276.6 | N21: 77963.84 | O21: 684623
A22: 2022 | B22: 22 - Casey Middle | C22: 240-2201 | D22: 25250 | E22: Taylor Kohrs LLC | F22: 45358 | G22: Approved | H22: 463167 | I22: 1840118.1 | J22: 0 | K22: 0 | L22: 1840118.1 | M22: 1255656.2 | N22: 62407.82 | O22: 646869.79
A23: 2022 | B23: 22 - Arapahoe Ridge High | C23: 340-2201 | D23: 24279 | E23: Cuningham Group Architecture | F23: 45320 | G23: Approved | H23: 462896 | I23: 1779010 | J23: 0 | K23: 0 | L23: 1779010 | M23: 1480631.3 | N23: 0 | O23: 298378.71
A24: 2022 | B24: 22 - Ryan Elementary | C24: 154-2201 | D24: 26916 | E24: Bryan Construction | G24: Approved | H24: 463224 | I24: 1609972.7 | J24: 55483 | K24: 0 | L24: 1665455.7 | M24: 465279.46 | N24: 22913.98 | O24: 1223090.2
A25: 2022 | B25: 22 - Fireside Elementary | C25: 156-2201 | D25: 26775 | E25: JHL Constructors LLC | G25: Approved | H25: 462359 | I25: 1424264 | J25: 0 | K25: 0 | L25: 1424264 | M25: 1361922.5 | N25: 68096.15 | O25: 130437.62
A26: 2022 | B26: 22 - Louisville Elementary | C26: 157-2201 | D26: 26686 | E26: Howell Construction | G26: Approved | H26: 463133 | I26: 1255454.2 | J26: 0 | K26: 0 | L26: 1255454.2 | M26: 1020200.4 | N26: 50888.55 | O26: 286142.36
A27: 2022 | B27: 22 - Culinary Center | C27: 741-2201 | D27: 26775 | E27: JHL Constructors LLC | F27: 45287 | G27: Approved | H27: 462803 | I27: 1211533 | J27: 0 | K27: 0 | L27: 1211533 | M27: 1181994.7 | N27: 59099.76 | O27: 88638.1
A28: 2022 | B28: 22 - Fairview High | C28: 330-2201 | D28: 16643 | E28: MOA ARCHITECTURE | G28: Approved | H28: 463991 | I28: 1194955 | J28: 0 | K28: 0 | L28: 1194955 | M28: 548569.83 | N28: 0 | O28: 646385.17
A29: 2022 | B29: 22 - New Vista High | C29: 350-2201 | D29: 16643 | E29: MOA ARCHITECTURE | F29: 45016 | G29: Approved | H29: 461763 | I29: 1170820.7 | J29: 0 | K29: 0 | L29: 1170820.7 | M29: 1141718.2 | N29: 0 | O29: 29102.5
A30: 2022 | B30: 22 - Nederland Middle-Senior High | C30: 503-2201 | D30: 28303 | E30: Mammoth Sports Construction, LLC | F30: 45722 | G30: Approved | H30: 464259 | I30: 1132894 | J30: 0 | K30: 0 | L30: 1132894 | M30: 1100454 | N30: 55022.7 | O30: 87462.7
A31: 2022 | B31: 22 - Broomfield High | C31: 315-2201 | D31: 25101 | E31: Treanor Inc | F31: 45069 | G31: Approved | H31: 461987 | I31: 1075984 | J31: 0 | K31: 0 | L31: 1075984 | M31: 1045918.4 | N31: 0 | O31: 30065.63
A32: 2022 | B32: 22 - Horizons K-8 | C32: 952-2201 | D32: 25250 | E32: Taylor Kohrs LLC | F32: 45358 | G32: Approved | H32: 463220 | I32: 1064678.7 | J32: 0 | K32: 0 | L32: 1064678.7 | M32: 586142.74 | N32: 28932.15 | O32: 507468.11
A33: 2022 | B33: 22 - Centaurus High | C33: 320-2201 | D33: 10209 | E33: Hord Coplan Macht, Inc. | F33: 45099 | G33: Approved | H33: 462093 | I33: 1056328.5 | J33: 0 | K33: 0 | L33: 1056328.5 | M33: 1025111.6 | N33: 0 | O33: 31216.88
A34: 2022 | B34: 22 - Peak To Peak | C34: 956-2201 | D34: 25101 | E34: Treanor Inc | F34: 45267 | G34: Approved | H34: 462753 | I34: 836932 | J34: 0 | K34: 0 | L34: 836932 | M34: 823694.71 | N34: 0 | O34: 13237.29
A35: 2022 | B35: 22 - Centennial Middle | C35: 250-2201 | D35: 22884 | E35: FieldTurf USA, Inc. | F35: 45314 | G35: Approved | H35: 462875 | I35: 821082.74 | J35: 0 | K35: 0 | L35: 821082.74 | M35: 826724.68 | N35: 41336.24 | O35: 35694.3
A36: 2022 | B36: 22 - Platt Middle | C36: 260-2201 | D36: 27992 | E36: Swinerton Builders | G36: Approved | H36: 464138 | I36: 807196 | J36: 0 | K36: 0 | L36: 807196 | M36: 9930 | N36: 0 | O36: 797266
A37: 2022 | B37: 22 - Education Center | C37: 971-2201 | D37: 27835 | E37: MW GOLDEN CONSTRUCTORS | G37: Approved | H37: 463974 | I37: 750141 | J37: 0 | K37: 0 | L37: 750141 | M37: 652078.57 | N37: 32353.93 | O37: 130416.36
A38: 2022 | B38: 22 - Boulder Prep High | C38: 932-2201 | D38: 25250 | E38: Taylor Kohrs LLC | F38: 45155 | G38: Approved | H38: 462350 | I38: 745823.28 | J38: 0 | K38: 0 | L38: 745823.28 | M38: 744361.28 | N38: 36907.76 | O38: 38369.76
A39: 2022 | B39: 22 - ADA Accessibility Playgrounds | C39: PLAYGROUNDS-22 | D39: 10368 | E39: Design Concepts | F39: 45246 | G39: Approved | H39: 462690 | I39: 740998 | J39: 0 | K39: 0 | L39: 740998 | M39: 633444.23 | N39: 0 | O39: 107553.77
A40: 2022 | B40: 22 - Arapahoe Ridge High | C40: 340-2201 | D40: 23174 | E40: Colorado Hazard Control | G40: Approved | H40: 464257 | I40: 719348 | J40: 0 | K40: 0 | L40: 719348 | M40: 630432.35 | N40: 0 | O40: 88915.65
A41: 2022 | B41: 22 - Monarch High | C41: 360-2201 | D41: 10290 | E41: RTA Inc | F41: 45338 | G41: Approved | H41: 462966 | I41: 690850 | J41: 0 | K41: 0 | L41: 690850 | M41: 585506.95 | N41: 0 | O41: 105343.05
A42: 2022 | B42: 22 - Boulder High | C42: 310-2201 | D42: 26157 | E42: Peak Environmental | G42: Approved | H42: 464064 | I42: 688469 | J42: 0 | K42: 0 | L42: 688469 | M42: 274263.2 | N42: 13713.17 | O42: 427918.97
A43: 2022 | B43: 22 - Peak To Peak | C43: 956-2201 | D43: 10355 | E43: KONE Inc | G43: Approved | H43: 463979 | I43: 662560 | J43: 0 | K43: 0 | L43: 662560 | M43: 573980 | N43: 28699 | O43: 117279
A44: 2022 | B44: 22 - Boulder High | C44: 310-2201 | D44: 27197 | E44: Harley Ellis Devereaux Corporation HED | G44: Approved | H44: 463553 | I44: 623224.34 | J44: 0 | K44: 0 | L44: 623224.34 | M44: 474517.87 | N44: 0 | O44: 148706.47
A45: 2022 | B45: 22 - Aspen Creek PK-8 | C45: 505-2201 | D45: 10309 | E45: FCI Constructors, Inc. | F45: 45723 | G45: Approved | H45: 464265 | I45: 525355.67 | J45: 0 | K45: 0 | L45: 525355.67 | M45: 525355.67 | N45: 26267.79 | O45: 26267.79
A46: 2022 | B46: 22 - Arapahoe Ridge High | C46: 340-2201 | D46: 10438 | E46: BC Interiors, Inc | G46: Approved | H46: 464524 | I46: 439724.38 | J46: 0 | K46: 0 | L46: 439724.38 | M46: 21848.03 | N46: 0 | O46: 417876.35
A47: 2022 | B47: 22 - Southern Hills Middle | C47: 270-2201 | D47: 16603 | E47: Adolfson & Peterson Construction | F47: 45595 | G47: Approved | H47: 463898 | I47: 433762.6 | J47: 0 | K47: 0 | L47: 433762.6 | M47: 2175 | N47: 0 | O47: 431587.6
A48: 2022 | B48: 22 - Summit Middle | C48: 925-2201 | D48: 24279 | E48: Cuningham Group Architecture | G48: Approved | H48: 463122 | I48: 384375 | J48: 0 | K48: 0 | L48: 384375 | M48: 347859.38 | N48: 0 | O48: 36515.62
A49: 2022 | B49: 22 - Broomfield High | C49: 315-2201 | D49: 26163 | E49: JKS Industries, LLC | G49: Approved | H49: 463132 | I49: 375734.38 | J49: 0 | K49: 0 | L49: 375734.38 | M49: 350851.38 | N49: 17542.57 | O49: 42425.57
A50: 2022 | B50: 22 - Coal Creek Elementary | C50: 158-2201 | D50: 10309 | E50: FCI Constructors, Inc. | F50: 45723 | G50: Approved | H50: 464270 | I50: 372238 | J50: 0 | K50: 0 | L50: 372238 | M50: 372238 | N50: 18611.91 | O50: 18611.91
A51: 2022 | B51: 22 - Fireside Elementary | C51: 156-2201 | D51: 10309 | E51: FCI Constructors, Inc. | F51: 45723 | G51: Approved | H51: 464268 | I51: 365734.21 | J51: 0 | K51: 0 | L51: 365734.21 | M51: 365734.21 | N51: 18286.71 | O51: 18286.71
A52: 2022 | B52: 22 - Eldorado PK-8 | C52: 506-2201 | D52: 10309 | E52: FCI Constructors, Inc. | F52: 45723 | G52: Approved | H52: 464264 | I52: 343441.73 | J52: 0 | K52: 0 | L52: 343441.73 | M52: 343441.73 | N52: 17172.09 | O52: 17172.09
A53: 2022 | B53: 22 - Monarch PK-8 | C53: 502-2201 | D53: 10309 | E53: FCI Constructors, Inc. | F53: 45723 | G53: Approved | H53: 464266 | I53: 302796.61 | J53: 0 | K53: 0 | L53: 302796.61 | M53: 302796.61 | N53: 15139.83 | O53: 15139.83
A54: 2022 | B54: 22 - Bear Creek Elementary | C54: 119-2201 | D54: 25300 | E54: U.S. Engineering Service LLC | F54: 45875 | G54: Approved | H54: 464897 | I54: 300347.83 | J54: 0 | K54: 0 | L54: 300347.83 | M54: 0 | N54: 0 | O54: 300347.83
A55: 2022 | B55: 22 - Angevine Middle | C55: 252-2201 | D55: 10209 | E55: Hord Coplan Macht, Inc. | F55: 45099 | G55: Approved | H55: 462091 | I55: 280510 | J55: 0 | K55: 0 | L55: 280510 | M55: 279780.5 | N55: 0 | O55: 729.5
A56: 2022 | B56: 22 - Pioneer Elementary | C56: 180-2201 | D56: 24077 | E56: LOA Architecture | G56: Approved | H56: 463135 | I56: 276873 | J56: 0 | K56: 0 | L56: 276873 | M56: 270341.6 | N56: 0 | O56: 6531.4
A57: 2022 | B57: 22 - Arapahoe Ridge High | C57: 340-2201 | D57: 16637 | E57: DLR Group | F57: 44995 | G57: Approved | H57: 461651 | I57: 271225.9 | J57: 0 | K57: 0 | L57: 271225.9 | M57: 226760.9 | N57: 0 | O57: 44465
A58: 2022 | B58: 22 - Peak To Peak | C58: 956-2201 | D58: 26046 | E58: BearCom Communication Inc | F58: 45713 | G58: Approved | H58: 464291 | I58: 265890.13 | J58: 0 | K58: 0 | L58: 265890.13 | M58: 0 | N58: 0 | O58: 265890.13
A59: 2022 | B59: 22 - Centennial Middle | C59: 250-2201 | D59: 25614 | E59: Eidos Architects PC | G59: Approved | H59: 463988 | I59: 260890 | J59: 0 | K59: 0 | L59: 260890 | M59: 62388.11 | N59: 0 | O59: 198501.89
A60: 2022 | B60: 22 - Platt Middle | C60: 260-2201 | D60: 25614 | E60: Eidos Architects PC | G60: Approved | H60: 464046 | I60: 251635 | J60: 0 | K60: 0 | L60: 251635 | M60: 180282.78 | N60: 0 | O60: 71352.22
A61: 2022 | B61: 22 - Aspen Creek PK-8 | C61: 505-2201 | D61: 25243 | E61: BVH Architecture | F61: 45617 | G61: Approved | H61: 464346 | I61: 245853 | J61: 0 | K61: 0 | L61: 245853 | M61: 107075.37 | N61: 0 | O61: 138777.63
A62: 2022 | B62: 22 - Boulder High | C62: 310-2201 | D62: 24769 | E62: Accenture Infrastructure and Capital Projects LLC | F62: 45251 | G62: Approved | H62: 462705 | I62: 243991.3 | J62: 0 | K62: 0 | L62: 243991.3 | M62: 127310.12 | N62: 0 | O62: 116681.18
A63: 2022 | B63: 22 - Broomfield Heights Middle | C63: 225-2201 | D63: 25101 | E63: Treanor Inc | F63: 45069 | G63: Approved | H63: 461989 | I63: 239954 | J63: 0 | K63: 0 | L63: 239954 | M63: 235890.01 | N63: 0 | O63: 4063.99
A64: 2022 | B64: 22 - Jamestown Elementary | C64: 147-2201 | D64: 24692 | E64: CPC Constructors, Inc. | F64: 45784 | G64: Approved | H64: 464488 | I64: 224283.77 | J64: 0 | K64: 0 | L64: 224283.77 | M64: 99240 | N64: 4962 | O64: 130005.77
A65: 2022 | B65: 22 - New Vista High | C65: 350-2201 | D65: 10320 | E65: GROUND Engineering Consultants, Inc. | F65: 45022 | G65: Approved | H65: 461798 | I65: 217929 | J65: 0 | K65: 0 | L65: 217929 | M65: 213218.25 | N65: 0 | O65: 4710.75
A66: 2022 | B66: 22 - Manhattan Middle | C66: 230-2201 | D66: 25614 | E66: Eidos Architects PC | G66: Approved | H66: 464047 | I66: 210209 | J66: 0 | K66: 0 | L66: 210209 | M66: 122797.9 | N66: 0 | O66: 87411.1
A67: 2022 | B67: 22 - Southern Hills Middle | C67: 270-2201 | D67: 16643 | E67: MOA ARCHITECTURE | G67: Approved | H67: 463992 | I67: 203408 | J67: 0 | K67: 0 | L67: 203408 | M67: 126249.84 | N67: 0 | O67: 77158.16
A68: 2022 | B68: 22 - Monarch High | C68: 360-2201 | D68: 23665 | E68: OS Schools | G68: Approved | H68: 464542 | I68: 203160.18 | J68: 0 | K68: 0 | L68: 203160.18 | M68: 0 | N68: 0 | O68: 203160.18
A69: 2022 | B69: 22 - New Vista High | C69: 350-2201 | D69: 24769 | E69: Accenture Infrastructure and Capital Projects LLC | F69: 45007 | G69: Approved | H69: 461717 | I69: 192395.42 | J69: 0 | K69: 0 | L69: 192395.42 | M69: 184977.4 | N69: 0 | O69: 7418.02
A70: 2022 | B70: 22 - Fireside Elementary | C70: 156-2201 | D70: 25101 | E70: Treanor Inc | F70: 45069 | G70: Approved | H70: 461988 | I70: 179233 | J70: 0 | K70: 0 | L70: 179233 | M70: 177744.49 | N70: 0 | O70: 1488.51
A71: 2022 | B71: 22 - Casey Middle | C71: 240-2201 | D71: 25614 | E71: Eidos Architects PC | F71: 45385 | G71: Approved | H71: 463092 | I71: 175705 | J71: 0 | K71: 0 | L71: 175705 | M71: 164029 | N71: 0 | O71: 11676
A72: 2022 | B72: 22 - Centaurus High | C72: 320-2201 | D72: 26157 | E72: Peak Environmental | F72: 45425 | G72: Approved | H72: 463254 | I72: 154729 | J72: 0 | K72: 0 | L72: 154729 | M72: 147863 | N72: 0 | O72: 6866
A73: 2022 | B73: 22 - Bond Administration | C73: BOND ADMIN | D73: 10215 | E73: VFA Inc. | F73: 45021 | G73: Approved | H73: 461780 | I73: 153719.58 | J73: 0 | K73: 0 | L73: 153719.58 | M73: 111306.19 | N73: 0 | O73: 42413.39
A74: 2022 | B74: 22 - Louisville Middle | C74: 254-2201 | D74: 16643 | E74: MOA ARCHITECTURE | G74: Approved | H74: 463191 | I74: 153065 | J74: 0 | K74: 0 | L74: 153065 | M74: 138613.45 | N74: 0 | O74: 14451.55
A75: 2022 | B75: 22 - Eldorado PK-8 | C75: 506-2201 | D75: 10208 | E75: Mile High Elevator, LLC | G75: Approved | H75: 464459 | I75: 152196 | J75: 0 | K75: 0 | L75: 152196 | M75: 60878.4 | N75: 0 | O75: 91317.6
A76: 2022 | B76: 22 - Monarch PK-8 | C76: 502-2201 | D76: 10290 | E76: RTA Inc | G76: Approved | H76: 463107 | I76: 150134 | J76: 0 | K76: 0 | L76: 150134 | M76: 136610 | N76: 0 | O76: 13524
A77: 2022 | B77: 22 - Boulder High | C77: 310-2201 | D77: 10442 | E77: Lakeshore Learning Materials, LLC | G77: Approved | H77: 464511 | I77: 146315.41 | J77: 0 | K77: 0 | L77: 146315.41 | M77: 0 | N77: 0 | O77: 146315.41
A78: 2022 | B78: 22 - Louisville Elementary | C78: 157-2201 | D78: 16643 | E78: MOA ARCHITECTURE | G78: Approved | H78: 463192 | I78: 145046 | J78: 0 | K78: 0 | L78: 145046 | M78: 127889.38 | N78: 0 | O78: 17156.62
A79: 2022 | B79: 22 - Broomfield High | C79: 315-2201 | D79: 10211 | E79: School Outfitters | G79: Approved | H79: 463228 | I79: 134255.01 | J79: 0 | K79: 0 | L79: 134255.01 | M79: 112059.43 | N79: 0 | O79: 22195.58
A80: 2022 | B80: 22 - Manhattan Middle | C80: 230-2201 | D80: 27992 | E80: Swinerton Builders | G80: Approved | H80: 464028 | I80: 133396 | J80: 0 | K80: 0 | L80: 133396 | M80: 7234 | N80: 0 | O80: 126162
A81: 2022 | B81: 22 - Horizons K-8 | C81: 952-2201 | D81: 16779 | E81: Albireo Energy | F81: 45679 | G81: Approved | H81: 464139 | I81: 128931 | J81: 0 | K81: 0 | L81: 128931 | M81: 115973.47 | N81: 0 | O81: 12957.53
A82: 2022 | B82: 22 - BCSIS/High Peaks Elementary | C82: 979-2201 | D82: 23690 | E82: JOC Construction LLC | G82: Approved | H82: 463800 | I82: 121683.44 | J82: 0 | K82: 0 | L82: 121683.44 | M82: 121683.43 | N82: 6084.16 | O82: 6084.17
A83: 2022 | B83: 22 - Arapahoe Ridge High | C83: 340-2201 | D83: 10448 | E83: HSS Inc | G83: Approved | H83: 464163 | I83: 114840 | J83: 0 | K83: 0 | L83: 114840 | M83: 42540 | N83: 0 | O83: 72300
A84: 2022 | B84: 22 - Birch Elementary | C84: 120-2201 | D84: 25243 | E84: BVH Architecture | G84: Approved | H84: 464347 | I84: 114471 | J84: 0 | K84: 0 | L84: 114471 | M84: 45933.07 | N84: 0 | O84: 68537.93
A85: 2022 | B85: 22 - Culinary Center | C85: 741-2201 | D85: 25290 | E85: PEH ARCHITECTS | F85: 45203 | G85: Approved | H85: 462539 | I85: 113090 | J85: 0 | K85: 0 | L85: 113090 | M85: 112680 | N85: 0 | O85: 410
A86: 2022 | B86: 22 - Ryan Elementary | C86: 154-2201 | D86: 26847 | E86: Meteor Education | G86: Approved | H86: 464898 | I86: 108019.04 | J86: 0 | K86: 0 | L86: 108019.04 | M86: 0 | N86: 0 | O86: 108019.04
A87: 2022 | B87: 22 - Fairview High | C87: 330-2201 | D87: 16779 | E87: Albireo Energy | F87: 44998 | G87: Approved | H87: 461671 | I87: 101790 | J87: 0 | K87: 0 | L87: 101790 | M87: 96700.5 | N87: 0 | O87: 5089.5
A88: 2022 | B88: 22 - Boulder High | C88: 310-2201 | D88: 25011 | E88: Hellas Construction, Inc. | G88: Approved | H88: 464478 | I88: 99000 | J88: 0 | K88: 0 | L88: 99000 | M88: 0 | N88: 0 | O88: 99000
A89: 2022 | B89: 22 - Arapahoe Ridge High | C89: 340-2201 | D89: 22857 | E89: Workplace Resource | G89: Approved | H89: 464237 | I89: 91560 | J89: 0 | K89: 0 | L89: 91560 | M89: 50417.5 | N89: 0 | O89: 41142.5
A90: 2022 | B90: 22 - Broomfield High | C90: 315-2201 | D90: 24769 | E90: Accenture Infrastructure and Capital Projects LLC | F90: 45209 | G90: Approved | H90: 462560 | I90: 91499 | J90: 0 | K90: 0 | L90: 91499 | M90: 89499 | N90: 0 | O90: 2000
A91: 2022 | B91: 22 - Whittier Elementary | C91: 196-2201 | D91: 25243 | E91: BVH Architecture | G91: Approved | H91: 464067 | I91: 91196 | J91: 0 | K91: 0 | L91: 91196 | M91: 22791.02 | N91: 0 | O91: 68404.98
A92: 2022 | B92: 22 - Ryan Elementary | C92: 154-2201 | D92: 24077 | E92: LOA Architecture | G92: Approved | H92: 463141 | I92: 90550 | J92: 0 | K92: 0 | L92: 90550 | M92: 86957.95 | N92: 0 | O92: 3592.05
A93: 2022 | B93: 22 - Crest View Elementary | C93: 127-2201 | D93: 25614 | E93: Eidos Architects PC | G93: Approved | H93: 463989 | I93: 89858 | J93: 0 | K93: 0 | L93: 89858 | M93: 20542.93 | N93: 0 | O93: 69315.07
A94: 2022 | B94: 22 - Lafayette Bus Terminal | C94: 798-2201 | D94: 25243 | E94: BVH Architecture | G94: Approved | H94: 464484 | I94: 88800 | J94: 0 | K94: 0 | L94: 88800 | M94: 22166.41 | N94: 0 | O94: 66633.59
A95: 2022 | B95: 22 - Boulder High | C95: 310-2201 | D95: 16779 | E95: Albireo Energy | F95: 44998 | G95: Approved | H95: 461663 | I95: 82754 | J95: 0 | K95: 0 | L95: 82754 | M95: 78616.3 | N95: 0 | O95: 4137.7
A96: 2022 | B96: 22 - Monarch High | C96: 360-2201 | D96: 16779 | E96: Albireo Energy | F96: 44998 | G96: Approved | H96: 461680 | I96: 82309 | J96: 0 | K96: 0 | L96: 82309 | M96: 78193.54 | N96: 0 | O96: 4115.46
A97: 2022 | B97: 22 - Horizons K-8 | C97: 952-2201 | D97: 10214 | E97: National Car Charging, LLC | F97: 45848 | G97: Approved | H97: 464755 | I97: 81360.8 | J97: 0 | K97: 0 | L97: 81360.8 | M97: 47435.8 | N97: 0 | O97: 33925
A98: 2022 | B98: 22 - BCSIS/High Peaks Elementary | C98: 979-2201 | D98: 25614 | E98: Eidos Architects PC | G98: Approved | H98: 464063 | I98: 75071 | J98: 19555 | K98: 0 | L98: 94626 | M98: 53650.3 | N98: 0 | O98: 40975.7
A99: 2022 | B99: 22 - Centaurus High | C99: 320-2201 | D99: 10320 | E99: GROUND Engineering Consultants, Inc. | F99: 45139 | G99: Approved | H99: 462248 | I99: 68365 | J99: 0 | K99: 0 | L99: 68365 | M99: 68086.75 | N99: 0 | O99: 278.25
A100: 2022 | B100: 22 - Centaurus High | C100: 320-2201 | D100: 16779 | E100: Albireo Energy | F100: 44998 | G100: Approved | H100: 461667 | I100: 68077 | J100: 0 | K100: 0 | L100: 68077 | M100: 64673.16 | N100: 0 | O100: 3403.84
A101: 2022 | B101: 22 - University Hill Elementary | C101: 190-2201 | D101: 25243 | E101: BVH Architecture | F101: 45106 | G101: Approved | H101: 462111 | I101: 66699 | J101: 0 | K101: 0 | L101: 66699 | M101: 66520.68 | N101: 0 | O101: 178.32
...

Sheet PurchaseOrderLineDistribution
A1: INFOR Report | D1: What's left open as of Date (not Calculate Amount)
A2: Purchasing --> Advanced Search --> Encumbrances
A3: Saved Report: YearEnd POLineDist -->> Filter Fund 41
A4: Ran 10.17.25 | G4: 10.21.25 eBuilder Open PO | H4: ='e.Builder Open PO Amts 10.21.25'!M5 -> 41238653
C6: LOC | D6: OBJECT | E6: PROJECT | F6: FUND | G6: PROG | H6: =SUBTOTAL(9,H8:H259) -> 40757735
A7: PurchaseOrder | B7: PurchaseOrderLine | C7: DistributionAccount.AccountingUnit | D7: DistributionAccount.GeneralLedgerChartAccount | E7: DistributionAccount.Project | F7: DistributionAccount.FinanceDimension1 | G7: DistributionAccount.FinanceDimension4 | H7: ReportCurrencyAmount.FunctionalAmount.EnteredCurrencyAmount
A8: 465141 | B8: 1 | C8: 360 | D8: 0733 | E8: 360-2201 | F8: 41 | G8: 4000 | H8: 4350
A9: 465134 | B9: 1 | C9: 340 | D9: 0733 | E9: 340-2201 | F9: 41 | G9: 4000 | H9: 9955.85
A10: 465108 | B10: 1 | C10: 270 | D10: 0454 | E10: 270-2201 | F10: 41 | G10: 4000 | H10: 10205
A11: 465091 | B11: 1 | C11: 506 | D11: 0714 | E11: 506-2201 | F11: 41 | G11: 4000 | H11: 1435
A12: 465050 | B12: 1 | C12: 360 | D12: 0450 | E12: 360-2201 | F12: 41 | G12: 4000 | H12: 6304.96
A13: 465049 | B13: 1 | C13: 502 | D13: 0450 | E13: 502-2201 | F13: 41 | G13: 4000 | H13: 6304.96
A14: 465048 | B14: 1 | C14: 315 | D14: 0450 | E14: 315-2201 | F14: 41 | G14: 4000 | H14: 3604.96
A15: 465041 | B15: 1 | C15: 230 | D15: 0735 | E15: 230-2201 | F15: 41 | G15: 4000 | H15: 18889.88
A16: 465033 | B16: 1 | C16: 971 | D16: 0723 | E16: 971-2201 | F16: 41 | G16: 4000 | H16: 159256
A17: 464985 | B17: 1 | C17: 310 | D17: 0610 | E17: 310-2201 | F17: 41 | G17: 4000 | H17: 498.2
A18: 464974 | B18: 4 | C18: 350 | D18: 0722 | E18: 350-2201 | F18: 41 | G18: 4000 | H18: 109315
A19: 464974 | B19: 3 | C19: 350 | D19: 0722 | E19: 350-2201 | F19: 41 | G19: 4000 | H19: 62697
... A259: 460529 | B259: 4 | C259: 153 | D259: 0723 | E259: 3.1412.153 | F259: 41 | G259: 4000 | H259: 0

Sheet Sheet1
B1: BOE ITEMS
B2: BoE Meeting 2024 Schedule: Jan 9th & 23rd, Feb 13th & 27th, Mar 12th, Apr 9th & 23rd, May 14th & 28th, June 11th & 25th, No July Meeting, Aug 13th & 27th, Sep 10th & 24th, Oct 8th & 22nd, Nov 12th, Dec 10th
B3: Items $250K and over require BoE Approval.
B5: BOE Meeting | C5: PM Submitting | D5: Project Name | E5: Vendor | F5: Description/Notes | G5: Status
B6: 45573 | C6: Glen Segrue | D6: Redtail Ridge/Monarch easements | E6: Glen / Dick Bump
B7: 45573 | C7: Glen Segrue | D7: Modular Factory Lease | E7: Glen / Dick Bump
B8: 45573 | C8: Robbyn Fernandez | D8: LRAC & Heatherwood Update
A11: DAC Notes | B11: Items Moving To Next BOE Meeting
B13: 45587 | C13: Rob Price | D13: BOE Director District Review | E13: Glen Segrue | F13: Study Item
B14: 45587 | C14: Tom Blahak | D14: Peak 2 Peak | E14: ~ | F14: Contract Extension | G14: 15 day contract extension, no funding needed.
B15: 45587 | C15: Kris Stoppenhagen | D15: City of Boulder Use Tax - All Projects | E15: City of Boulder | F15: City of Boulder Use Tax Distribution of funds to projects | G15: 10/4/24 In Board Docs
B16: 45608 | C16: Charles Zachemsky | D16: Monarch Campus Hydronic Piping Closeout | E16: Design Mechanical | F16: Closeout Documents | G16: Final repairs in November...1/23/24 Waiting for Commissioning to complete.
B17: 45608 | C17: Stephen Henry | D17: Alicia Sanchez Closeout | E17: Alliance | F17: Closeout Documents
B18: 45608 | C18: Stephen Henry | D18: Lafayette ES Closeout | E18: Alliance | F18: Closeout Documents
B19: 45608 | C19: Stephen Henry | D19: Columbine ES Closeout | E19: Taylor Kohrs | F19: Closeout Documents
B20: 45608 | C20: Stephen Henry | D20: Boulder Prep Closeout | E20: Taylor Kohrs | F20: Closeout Documents
B21: 45608 | C21: Gene Temanson | D21: UniHill ES Closeout | E21: Taylor Kohrs | F21: Closeout Documents
B22: 45608 | C22: Charles Zachemsky | D22: Fireside ES Closeout | E22: JHL | F22: Closeout Documents
B23: 45608 | C23: Charles Zachemsky | D23: Broomfield Heights MS Closeout | E23: JHL | F23: Closeout Documents
B24: 45608 | C24: Matt Johnson | D24: UA Playgrounds - Phase 1 | E24: WE O'Neill | F24: Closeout Documents
B25: 45608 | C25: Matt Johnson | D25: Fairview HS Tennis Courts | E25: FieldTurf/Renner | F25: Closeout Documents
B26: 45608 | C26: Matt Johnson | D26: Centennial MS Tennis Courts | E26: FieldTurf/Renner | F26: Closeout Documents
B27: 45636 | C27: Tom Blahak | D27: Angevine MS Closeout | E27: A&P | F27: Closeout Documents | G27: 8/22 Paperwork in process. DJ settlement posted in paper. 10/2 Per Tom need to finish ramp and ceiling etc. Will be moved to December meeting
B28: 45658 | C28: Kris Stoppenhagen/Rob Price | D28: CBOC / Bond Update | E28: ~ | F28: CBOC / Bond Update ~ Informational
B29: TBD | C29: Gene Temanson | D29: New Vista High School | E29: BC Interiors | F29: FFE Contract
B30: TBD | C30: Derrell/Charles Z | D30: Monarch HS | E30: GH Phipps Construction | F30: CMGC GMP Contract
B31: TBD | C31: Derrell/Charles Z | D31: Monarch PK8 | E31: GH Phipps Construction | F31: CMGC GMP Contract
B32: TBD | C32: Derrell/Christoph | D32: Boulder High School | E32: JHL Constructors | F32: CMGC GMP Contract
B33: TBD | C33: Stephen Henry | D33: Louisville ES | E33: MOA | F33: Architect Contract
B34: TBD | C34: Stephen Henry | D34: Louisville MS | E34: MOA | F34: Architect Contract
B35: TBD | C35: Stephen Henry | D35: Louisville ES | E35: Howell | F35: CMGC GMP Contract
B36: TBD | C36: Stephen Henry | D36: Louisville MS (includes roof) | E36: Howell | F36: CMGC GMP Contract
B37: TBD | C37: Gene Temanson | D37: Casey MS | E37: Eidos | F37: Architect Contract
B38: TBD | C38: Gene Temanson | D38: Horizon | E38: Eidos | F38: Architect Contract
B39: TBD | C39: Gene Temanson | D39: Casey MS | E39: Taylor Kohrs | F39: CMGC GMP Contract
B40: TBD | C40: Gene Temanson | D40: Horizon | E40: Taylor Kohrs | F40: CMGC GMP Contract
... B47: 2026 ish | C47: Travis Cook | D47: HVAC Controls - District Wide | E47: Westover (Sole Source) | F47: Closeout Documents
B48: 2025 | C48: Charles Zachemsky | D48: Broomfield HS Closeout (2-YR) | E48: JHL | F48: Closeout Documents
B49: 2025 | C49: Tom Blahak | D49: Centaurus HS Closeout (2-YR) | E49: A&P | F49: Closeout Documents
B50: 2025 | C50: Susan / Gene | D50: New Vista Ribbon Cutting | E50: Information | F50: New Vista HS Ribbon Cutting (2024) | G50: Building to be completed December 2024.
B51: 2025-2026 | C51: Gene Temanson | D51: New Vista Closeout | E51: A&P | F51: Closeout Documents
B52: 45597 | C52: Stephen Henry | D52: EDC Roof Top Units Closeout | E52: Edios / MW Golden | F52: Closeout Documents
B55: Completed BOE Items - keep data for reference
B59: 45545 | C59: Kris Stoppenhagen | D59: CBOC Bond Update | E59: ~ | F59: CBOC Bond Update | G59: 8/20 Started in BoardDocs. Waiting for Presentation.
B60: 45517 | C60: Tony Skala | D60: Three (3) Electric Bus Purchase
B61: 45517 | C61: Stephen Henry | D61: Justice High School Closeout | E61: Alliance | F61: Project Closeout Documents | G61: 8/13 Approved. (no signatures required) Notified SH.
B62: 45517 | C62: Charles Zachemsky | D62: Broomfield HS | E62: Utility Easement - Water | F62: Utility Easement - Water, City of Broomfield | G62: 8/13 Approved. Copy to Kris, Charles, GDrive Project, and GDrive OPS Easements
B63: 45517 | C63: Charles Zachemsky | D63: Modular Factory | E63: Utility Easement - Electric | F63: Utility Easement - Electric, Public Service Co of Colorado | G63: 8/13 Approved. Copy to Kris, Charles, GDrive Project, eB, and GDrive OPS Easements
B64: 45454 | C64: Rob Price | D64: Peak to Peak Charter School Funding Agreement | E64: ~ | G64: 5/29/24 in BoardDocs
B65: 45454 | C65: Tom Blahak | D65: Culinary Center - Teaching Kitchen | E65: JHL Constructors | F65: Change Order 1 for Great Lakes Equipment | G65: 6/11 Approved. Copy to TB, CK GDrive, eB
B66: 45454 | C66: Kris Stoppenhagen/Rob Price | D66: CBOC / Bond Update | E66: ~ | F66: CBOC / Bond Update ~ Informational | G66: 5/29/24 in BoardDocs - Kris Presenting.
B67: 45454 | C67: Tom Blahak | D67: Centaurus HS | E67: A&P | F67: Change Order | G67: 6/11 Approved. Copy to TB, CK GDrive, eB
B68: 45454 | C68: Stephanie Glockzin/Tony Skala | D68: Petroleum Purchase and Delivery | E68: Senergy | F68: 2022 Colorado MAPO cooperative contract | G68: 5/29/24 in BoardDocs
B69: 45440 | C69: Rob Price | D69: LRAC/Heatherwood Community Processs Update | E69: ~ | F69: LRAC Update to Board
B70: 45426 | C70: Rob Price / Legal | D70: Summer Resolution 24-11 | E70: ~ | F70: Accept Bids and Authorize Construction & Maint Projects | G70: 5/14 Approved. Copy in BoE GDrive. | H70: Jean typed up resolution. Laura assigned Doc #.
B71: 45426 | C71: Stephen Henry | D71: Fairview HS Tennis Courts | E71: FieldTurf USA / Renner | F71: PO462831 CO1 | G71: 5/7 Approved. Copy to SH, MJ, Kris, Derrell, GDive, eB.
B72: 45405 | C72: Tom Blahak | D72: Peak 2 Peak | E72: Fransen Pittman | F72: Change Order & Amendment | G72: 4/23 Approved. Copy to Tom, Christoph, Kris, Derrell, GDrive, eB.
B73: 45405 | C73: Tom Blahak | D73: Culinary Center - Teaching Kitchen | E73: JHL Contract | F73: Amendment 1 | G73: 4/23 Approved. 4/25 Waiting for Kathleen and Rob A Signatures. 5/2 Copy Tom, Christoph, Kris, Derrell, GDrive, and eB.
B74: 45405 | C74: Ali Christopher/Maintenance | D74: Maintenance Contract Renewal | E74: Elite Industries Inc | F74: Elite Industries Contract Renewal | G74: 4/23 Approved. Copy to Carey Jensen & Ali Christopher
B75: 45391 | C75: Stephen Henry | D75: UA Playgrounds Amendment 2 | E75: WE O'Neil | F75: Amendment 2 | G75: 4/9 Approved. Copy in GDrive, e-B, Stephen, Derrell, Kara
B76: 45391 | C76: Charles Z / Derrell Walton | D76: Broomfield High School Abatement | E76: JKS Industries | F76: Amendment to Master Agreement | G76: 4/9 Approved. Copy in GDrive, e-B, Charles, Derrell, Kara
B77: 45391 | C77: Gene Temanson | D77: Summit Middle School | E77: Cuningham Group | F77: Architect Agreement | G77: 4/9 Approved. Copy in GDrive, e-B, Gene, Derrell, Kara
B78: 45391 | C78: Ghita Carroll | D78: Sustainability Presentation | E78: ~ | F78: ~ | G78: 4/2 In BoardDocs
B79: 45363 | C79: Tony Skalla/Sierra/Jean | D79: Bus Purchase | E79: ColoradoWest Equipment | F79: Bus Purchase | G79: 3/12 Approved. Nothing to Sign. Notified Tony, Caity, Stephanie Glockin with copy of approval on Consent Agenda.
B80: 45363 | C80: Rob Price/Glen Segrue | D80: Resolution 24-09 for Campus Drive Easement | E80: ~ | G80: 3/12 Approved. Emailed copy and hard copy to Glen Segrue
B81: 45363 | C81: Brendan/Sierra | D81: Security Cameras for MS & Preschool | E81: HSS | F81: Security Cameras | G81: Per Laura, item is in the system. Nothing to sign per Brendan. 3/12 Approved.
B82: 45363 | C82: Derrell W / Gene Temanson | D82: New Vista HS - FF&E | E82: BCI | F82: FFE Goods & Service Contract | G82: 3/12 Approved. Copy in GDrive, e-B, Gene, Derrell, Kara
B83: 45363 | C83: Derrell W / Gene Temanson | D83: New Vista HS - Asbestos | E83: Earth Services & Abatement | F83: Master Agreement Amendment/Asbestos Contract | G83: 3/12 Approved. Copy in GDrive, e-B, Gene, Derrell, Kara
B84: 45349 | C84: Rob Price/Jean | D84: LRAC Enrollment | E84: ~ | F84: Informational Item | G84: 2/15/24 in BoardDocs
B85: 45335 | C85: Derrell/Charles Z | D85: Monarch HS | E85: RTA | F85: Architect Contract (MoK8 contract $150K - Board not needed) | G85: 2/13 Approved. Copy in GDrive, e-B, Charles, Derrell, Kara
B86: 45314 | C86: Derrell/Tom | D86: Boulder High School | E86: Larson Incitti | F86: Architect Contract | G86: 1/26 Approved. Copy in GDrive, e-B, Tom, Derrell, Kara
B87: 45314 | C87: Stephen Henry | D87: Justice HS Amendment 1 | E87: Alliance | F87: Contract/Pricing | G87: 1/26 Approved. Copy in GDrive, e-B, Stephen, Derrell, Kara
B88: 45314 | C88: Derrell/Stephen | D88: Fairview HS and Centennial MS - Tennis Courts | E88: Field TurfUSA, Renner | F88: Contract | G88: 1/26 Approved. Copy in GDrive, e-B, Stephen, Derrell, Kara
B89: 45314 | C89: Stephen Henry | D89: Lafayette ES Amendment 1 | E89: Alliance | F89: Contract/Pricing | G89: 1/26 Approved. Copy in GDrive, e-B, Stephen, Derrell, Kara
B90: 45314 | C90: Stephen Henry | D90: Sanchez ES Amendment 1 | E90: Alliance | F90: Contract/Pricing | G90: 1/26 Approved. Copy in GDrive, e-B, Stephen, Derrell, Kara
B91: 45314 | C91: Derrell Walton | D91: ARHS Campus | E91: Cunningham Group | F91: Architect Contract | G91: 1/26 Approved. Copy in GDrive, e-B, Charles, Derrell, Kara
B92: 45314 | C92: Charles Zachemsky | D92: Broomfield Heights MS Amendment 1 | E92: JHL | F92: Contract/Pricing | G92: 1/26 Approved. Copy in GDrive, e-B, Charles, Derrell, Kara
... B109: 45258 | C109: Tony Skala / Paul Squillace | D109: Increase in purchase price of buses (May / November 2022 order) | E109: McCandless | F109: Consent agenda item | G109: In Board Docs
B110: 45258 | C110: Rob Price | D110: Lunch Times | G110: In Board Docs
B111: 45223 | C111: Tony Skala | D111: Purchase 5 Diesel Buses | F111: Contract for Bus Purchase | G111: 10/2 Sierra put in BoardDocs
B112: 10/24/2023 SpecMtg | C112: Rob Price | D112: Open Enrollment JECC & JECC-R | E112: ~ | F112: ~ | G112: In BoardDocs
B113: 45223 | C113: Gene Temanson | D113: Lafayette Bus Terminal Easement | E113: ~ | F113: Easement for Right of Way | G113: 10/13 In BoardDocs
B114: 45223 | C114: Kris Stoppenhagen | D114: CBOC/Bond/CTE Update | E114: ~ | F114: Bond Update / Informational | G114: In BoardDocs
B115: 45223 | C115: Stephen Henry | D115: Aspen Creek Roofing Closeout | E115: Superior Roofing | F115: Closeout Documents | G115: 10/13 In BoardDocs
B116: 45216 | C116: Rob Price | D116: School Attendance Area Policy
B117: 45209 | C117: Rob Price | D117: Enrollment Survey Presentation | E117: Magellan Strategies | F117: Survey Results - Work session
B118: 45195 | C118: Derrell Walton | D118: Iconergy Service Agreement 37 Bond Projects | E118: Iconergy | F118: Consultant Agreement | G118: Approved. 9/28 Copy to Gene and Derrell
B119: 45195 | C119: Tom Blahak | D119: Meadowlark Site Work | E119: CPC Constructors | F119: Contractor Change Order 2 | G119: Approved. 9/28 Copy to Tom and Derrell
B120: 45181 | C120: Derrell Walton/Stephen Henry | D120: Universal Accessible Playgrounds 16 Schools | E120: Design Concepts | F120: Architect Agreement - Landscape | G120: 9/12 Approved. Copy in BoE folder, e-B, Stephen, Derrell, Kris
B121: 45181 | C121: Paul Squillace/Kris Stoppenhagen | D121: District Wide HSS Master Goods & Services Agreement | E121: HSS | F121: Master Agreement | G121: 9/12 Approved. Copy in BoE folder, e-B, Paul, Derrell and PMs
B122: 45181 | C122: Gene Temanson | D122: New Vista HS | E122: Easements | F122: 6 Easements for NVHS | G122: 9/12 Approved. Copy in BoE folder, Gene, Justin Pohl for Rec Docs, GT to upload e-B
B123: 45181 | C123: Tony Skala/Rob Price | D123: D&D Transportation Services Agreement | E123: D&D Transportation | F123: Master Transportation Services Agreement | G123: 9/12 Approved. Copy in BoE folder, Tony Skala & Rob Price
B124: 45160 | C124: Charles Zachemsky | D124: Modular Factory | E124: City of Boulder | F124: Utility Easement | G124: Approved. 8/23 Copy in BoE folder. Copy & originals to Charles.
B125: 45160 | C125: Gene Temanson | D125: New Vista | E125: A&P | F125: Construction Contract GMP 2nd Amendment/Full GMP | G125: Approved. 8/24 Sent copy to PM and Derrell W.
B126: 45160 | C126: Rob Price | D126: Security Update - Informational Presentation | E126: ~ | F126: Security Update - Informational Presentation
B127: TBD | C127: Gene Temanson | D127: HSS Change Order | E127: HSS | F127: Change Order | G127: Procurement is including the New Vista CO with the contract for BoE Approval.
B128: 45146 | C128: Susan / Gene | D128: Ground Breaking Information | E128: Information | F128: New Vista HS Ground Breaking (August 24th) | G128: 7/31 Per Susan, Laura has information. If 3 or more members attend, generates BoE item.
B129: 45090 | C129: Charles Zachemsky | D129: Monarch Campus Hydraullic Piping | E129: Design Mechanical | F129: HVAC Hydronic Piping between MK8 & MoHS | G129: Approved. 6/14 sent copy to PM and Derrell W.
B130: 45090 | C130: Gene Temanson | D130: New Vista | E130: MOA | F130: Change Order $555K | G130: Approved. 6/14 sent copy to PM and Derrell W.
B131: 45090 | C131: Rob Price | D131: LRAC Update | E131: ~ | F131: Information Item
...
